Workbook
Name _Ref138826553: Aus!#REF!
Name _Toc403998483: 'Explanatory notes'!$B$22
Name _Toc403998484: 'Explanatory notes'!$B$18
Name _Toc403998485: 'Explanatory notes'!$B$8
Name _Toc403998486: 'Explanatory notes'!$B$15
Name _Toc403998487: 'Explanatory notes'!$B$11
Name _Toc403998488: 'Explanatory notes'!$B$26
Name Index: #REF!
Name Index: #REF!
Name Start10: #REF!
Name Start10: #REF!
Name Start11: #REF!
Name Start11: #REF!
Name Start12: #REF!
Name Start12: #REF!
Name Start13: #REF!
Name Start13: #REF!
Name Start14: #REF!
Name Start14: #REF!
Name Start15: #REF!
Name Start15: #REF!
Name Start16: #REF!
Name Start16: #REF!
Name Start17: #REF!
Name Start17: #REF!
Name Start18: #REF!
Name Start18: #REF!
Name Start19: #REF!
Name Start19: #REF!
Name Start2: #REF!
Name Start2: #REF!
Name Start20: #REF!
Name Start20: #REF!
Name Start4: #REF!
Name Start4: #REF!
Name Start7: #REF!
Name Start7: #REF!
Name Start8: #REF!
Name Start8: #REF!
Name Start9: #REF!
Name Start9: #REF!

Sheet Index
B1: Completion and attrition rates for apprentices and trainees 2023: data tables - to date
B2: Index
B5: Overview
C7: AUS | D7: NSW | E7: Vic | F7: Qld | G7: SA | H7: WA | I7: Tas | J7: NT | K7: ACT
B8: Individual completion rates to date, based on a recommencement adjustment factor, and contract completion rates to date for trade and non-trade occupations commencing in 2017 to 2019 | C8: Table 1 | D8: Table 1 | E8: Table 1 | F8: Table 1 | G8: Table 1 | H8: Table 1 | I8: Table 1 | J8: Table 1 | K8: Table 1
B9: Contract completion and attrition rates to date in trade occupations, for contracts commencing in 2016 to 2022 | C9: Table 2 | D9: Table 2 | E9: Table 2 | F9: Table 2 | G9: Table 2 | H9: Table 2 | I9: Table 2 | J9: Table 2 | K9: Table 2
B10: Contract completion and attrition rates to date in non-trade occupations, for contracts commencing in 2016 to 2022 | C10: Table 3 | D10: Table 3 | E10: Table 3 | F10: Table 3 | G10: Table 3 | H10: Table 3 | I10: Table 3 | J10: Table 3 | K10: Table 3
B11: Projected contract completion and attrition rates by selected occupation, for contracts commencing in December quarter 2021 to 2023 | C11: Table 4 | D11: na | E11: na | F11: na | G11: na | H11: na | I11: na | J11: na | K11: na
B12: Contract attrition rates by occupation and time of cancellation/withdrawal, for contracts commencing in 2018 | C12: Table 5 | D12: Table 5 | E12: Table 5 | F12: Table 5 | G12: Table 5 | H12: Table 5 | I12: Table 5 | J12: Table 5 | K12: Table 5
B13: Projected contract attrition rates by selected occupation and time of cancellation/withdrawal, for contracts commencing in December quarter 2023 | C13: Table 6 | D13: na | E13: na | F13: na | G13: na | H13: na | I13: na | J13: na | K13: na
B14: Contract attrition rates by occupation, within 12 months of commencement, for contracts commencing in 2016 to 2020 | C14: Table 7 | D14: Table 7 | E14: Table 7 | F14: Table 7 | G14: Table 7 | H14: Table 7 | I14: Table 7 | J14: Table 7 | K14: Table 7
B15: Projected contract attrition rates by selected occupation, within 12 months of commencement, for contracts commencing in December quarter 2021 to 2023 | C15: Table 8 | D15: na | E15: na | F15: na | G15: na | H15: na | I15: na | J15: na | K15: na
B17: Explanatory notes
B19: Copyright

Sheet Overview
B1: Completion and attrition rates for apprentices and trainees 2023: data tables - to date
B2: Overview
C3: Back to index
B4: INTRODUCTION
B5: ATTRIBUTING THE SOURCE OF DATA
B6: FOR MORE INFORMATION
B7: CONTACT DETAILS
B9: INTRODUCTION
B10: These data tables present contract and individual completion rates for apprentices and trainees, to date, or based on the latest available data, up to 2023.
B11: Apprentice and trainee completion and attrition rates are calculated by tracking the outcomes of individuals and contracts of training over time. Although most apprentices and trainees in trade occupations complete within 4 years and those in non-trade occupations within 3 years, completion rates are continuously updated as new data becomes available each year. To reflect this, NCVER publishes both completion rates four years after commencement and up-to-date completion rates. - Completion rates 4 years after commencement: The most recent cohort with four years of available data is the 2019 commencing cohort. To allow for consistent comparisons with earlier cohorts, completion rates are measured at the same point in time, i.e. four years after commencement. - Completion rates to date: To provide the most current completion rates, rates incorporate the latest available data, up to 2023.
B12: Caution should be taken when comparing cohorts using to-date rates, as earlier cohorts will have had more time to complete than those that commenced more recently.
B13: In this product, we report both individual and contract completion rates. - Contract completion rates are calculated by tracking the outcomes of contracts of training over time - Individual completion rates are are derived from contract completion rates, adjusted by the average number of recommencements by occupation. This adjustment accounts for individuals who may not complete their apprenticeship with one employer but go on to complete it with another.
B14: For contracts commencing more recently, we estimate the proportion of contracts commenced in a given year that will eventually be completed by applying a ‘life tables’ methodology. Projected rates assume that the patterns of contract completion and attrition observed in the data for past quarters approximate the patterns that will occur for the most recent quarters. If the patterns of completion and attrition change slowly over time, then this approximation will be valid. Conversely, if the patterns of completion and attrition for the most recent quarters turn out to be noticeably different from those seen in the past, then the reliability of the projected rates will decrease as the discrepancy between the patterns of completions and attritions increases. For example, projected rates will likely be impacted by the effects of the COVID-19 pandemic and governments’ economic responses. Further details on this methodology may be found at <https://www.ncver.edu.au/publications/publications/all-publications/estimating-apprentice-and-trainee-completion-and-attrition-rates-using-a-life-tables-approach>.
C15: << BACK TO TOP OF PAGE>>
B16: ATTRIBUTING THE SOURCE OF DATA
B17: Any person or organisation with an interest in vocational education and training may request information from NCVER and use this information publicly, provided that the source is properly acknowledged. The source should be acknowledged as NCVER 2024, Australian vocational education and training statistics: completion and attrition rates for apprentices and trainees 2023, NCVER, Adelaide.
C18: << BACK TO TOP OF PAGE>>
B19: MORE INFORMATION
B20: About NCVER | C20: https://www.ncver.edu.au/
B22: NCVER's statistics | C22: https://www.ncver.edu.au/support/support/all-support/vet-statistics-explained
B24: Apprentice and Trainee Collection | C24: https://www.ncver.edu.au/research-and-statistics/collections/apprentices-and-trainees-collection
B26: Classifications | C26: https://www.ncver.edu.au/rto-hub/avetmiss-systems-files
C27: << BACK TO TOP OF PAGE>>
B28: CONTACT DETAILS
B29: Requests for more detailed statistical information or futher information about the National Apprentice and Trainee Collection can be made to:
C30: vet_req@ncver.edu.au
B32: Tailor made tables are available on requests, although a charge will be generally made by the NCVER for more complex requests for information. See the fees and charges policy:
C33: https://www.ncver.edu.au/support/topics/using-ncver-data/accessing-vet-data
C34: << BACK TO TOP OF PAGE>>

Sheet Aus
B1: Completion and attrition rates for apprentices and trainees 2023: data tables - to date
B2: Australia
N3: Back to Index
B4: =Index!$C8 & " Aus : " & Index!B8 -> Table 1 Aus : Individual completion rates to date, based on a recommencement adjustment factor, and contract completion rates to date for trade and non-trade occupations commencing in 2017 to 2019
B6: Occupation (ANZSCO) group | C6: 2017 | F6: 2018 | I6: 2019
C7: Average annual adjustment factor | D7: Contract completion rate | E7: Individual completion rate | F7: Average annual adjustment factor | G7: Contract completion rate | H7: Individual completion rate | I7: Average annual adjustment factor | J7: Contract completion rate | K7: Individual completion rate
C8: Ratio | D8: % | E8: % | F8: Ratio | G8: % | H8: % | I8: Ratio | J8: % | K8: %
B9: Managers | C9: 1.02 | D9: 49.2 | E9: 50.3 | F9: 1.02 | G9: 54 | H9: 55 | I9: 1.02 | J9: 63.7 | K9: 64.9
B10: 11 Chief executives, general managers and legislators | C10: 1.01 | D10: 43 | E10: 43.5 | F10: 1.01 | G10: 47.6 | H10: 48.2 | I10: 1.01 | J10: 49.7 | K10: 50.3
B11: 12 Farmers and farm managers | C11: 1.13 | D11: 46.5 | E11: 52.4 | F11: 1.13 | G11: 53.5 | H11: 60.5 | I11: 1.11 | J11: 60.6 | K11: 67.1
B12: 13 Specialist managers | C12: 1.03 | D12: 56.6 | E12: 58.1 | F12: 1.02 | G12: 54.5 | H12: 55.5 | I12: 1.02 | J12: 59.1 | K12: 60.1
B13: 14 Hospitality, retail and service managers | C13: 1.02 | D13: 53.9 | E13: 54.7 | F13: 1.01 | G13: 63.7 | H13: 64.4 | I13: 1.01 | J13: 76.1 | K13: 76.9
B14: Professionals | C14: 1.06 | D14: 57.2 | E14: 60.3 | F14: 1.04 | G14: 58.3 | H14: 60.4 | I14: 1.03 | J14: 48.3 | K14: 50
B15: 21 Arts and media professionals | C15: 1.04 | D15: 0 | E15: 0 | F15: 1.03 | G15: 33.3 | H15: 34.3 | I15: 1.03 | J15: 25 | K15: 25.7
B16: 22 Business, human resource and marketing professionals | C16: 1.02 | D16: 67.1 | E16: 68.2 | F16: 1.01 | G16: 40.5 | H16: 41.1 | I16: 1.02 | J16: 34.1 | K16: 34.8
B17: 23 Design, engineering, science and transport professionals | C17: 1.02 | D17: 64.9 | E17: 66.2 | F17: 1.02 | G17: 69.2 | H17: 70.7 | I17: 1.02 | J17: 57.8 | K17: 59
B18: 24 Education professionals | C18: 1 | D18: 58.3 | E18: 58.6 | F18: 1 | G18: 69.2 | H18: 69.5 | I18: 1 | J18: 62.5 | K18: 62.8
B19: 25 Health professionals | C19: - | D19: - | E19: - | F19: - | G19: - | H19: - | I19: - | J19: - | K19: -
B20: 26 ICT professionals | C20: 1.4 | D20: 64.7 | E20: 90.7 | F20: 1.41 | G20: 59.6 | H20: 84.1 | I20: 1.38 | J20: 62.7 | K20: 86.2
B21: 27 Legal, social and welfare professionals | C21: 1.03 | D21: 34.9 | E21: 35.7 | F21: 1.02 | G21: 49.4 | H21: 50.6 | I21: 1.03 | J21: 32.8 | K21: 33.7
B22: Technicians and trades workers | C22: 1.29 | D22: 43.7 | E22: 56.2 | F22: 1.27 | G22: 43.4 | H22: 55 | I22: 1.26 | J22: 42.9 | K22: 54.1
B23: 31 Engineering, ICT and science technicians | C23: 1.03 | D23: 60.1 | E23: 62 | F23: 1.03 | G23: 58.4 | H23: 60.2 | I23: 1.04 | J23: 53.4 | K23: 55.3
B24: 32 Automotive and engineering trades workers | C24: 1.2 | D24: 51.1 | E24: 61.5 | F24: 1.2 | G24: 49.9 | H24: 59.8 | I24: 1.2 | J24: 48 | K24: 57.6
B25: 33 Construction trades workers | C25: 1.4 | D25: 38.6 | E25: 54.1 | F25: 1.37 | G25: 38.9 | H25: 53.5 | I25: 1.36 | J25: 39.7 | K25: 53.9
B26: 34 Electrotechnology and telecommunications trades workers | C26: 1.32 | D26: 49.6 | E26: 65.3 | F26: 1.3 | G26: 48 | H26: 62.3 | I26: 1.29 | J26: 47.7 | K26: 61.8
B27: 35 Food trades workers | C27: 1.32 | D27: 33.6 | E27: 44.4 | F27: 1.28 | G27: 33.9 | H27: 43.4 | I27: 1.26 | J27: 33.1 | K27: 41.5
B28: 36 Skilled animal and horticultural workers | C28: 1.13 | D28: 44.2 | E28: 49.7 | F28: 1.13 | G28: 43.1 | H28: 48.6 | I28: 1.13 | J28: 42.2 | K28: 47.5
B29: 39 Other technicians and trades workers | C29: 1.28 | D29: 39.6 | E29: 50.9 | F29: 1.28 | G29: 38.7 | H29: 49.5 | I29: 1.28 | J29: 36.5 | K29: 46.5
B30: 391 Hairdressers | C30: 1.45 | D30: 32.9 | E30: 47.7 | F30: 1.46 | G30: 31.1 | H30: 45.3 | I30: 1.45 | J30: 31.2 | K30: 45.2
B31: 392 Printing trades workers | C31: 1.05 | D31: 63.2 | E31: 66.2 | F31: 1.04 | G31: 49.2 | H31: 51.4 | I31: 1.05 | J31: 51.4 | K31: 54
... B46: 55 Numerical clerks | C46: 1.02 | D46: 59.6 | E46: 60.8 | F46: 1.02 | G46: 61.2 | H46: 62.4 | I46: 1.02 | J46: 57 | K46: 58.3
B47: 56 Clerical and office support workers | C47: - | D47: - | E47: - | F47: - | G47: - | H47: - | I47: - | J47: - | K47: -
B48: 59 Other clerical and administrative workers | C48: 1.03 | D48: 47.8 | E48: 49.4 | F48: 1.03 | G48: 42.6 | H48: 43.8 | I48: 1.03 | J48: 47.3 | K48: 48.7
B49: Sales workers | C49: 1.04 | D49: 56.2 | E49: 58.4 | F49: 1.04 | G49: 59.7 | H49: 62.1 | I49: 1.04 | J49: 54.9 | K49: 57.2
B50: 61 Sales representatives and agents | C50: 1.07 | D50: 48 | E50: 51.2 | F50: 1.07 | G50: 50.5 | H50: 54.1 | I50: 1.09 | J50: 49.8 | K50: 54
B51: 62 Sales assistants and salespersons | C51: 1.03 | D51: 56.9 | E51: 58.8 | F51: 1.03 | G51: 61 | H51: 62.8 | I51: 1.03 | J51: 55.5 | K51: 57.1
B52: 63 Sales support workers | C52: 1 | D52: 66.7 | E52: 66.7 | F52: 1 | G52: 91.7 | H52: 91.7 | I52: 1 | J52: 68.8 | K52: 68.8
B53: Machinery operators and drivers | C53: 1.06 | D53: 51.8 | E53: 54.7 | F53: 1.06 | G53: 52.7 | H53: 55.7 | I53: 1.05 | J53: 49.7 | K53: 52
B54: 71 Machine and stationary plant operators | C54: 1.04 | D54: 58.6 | E54: 60.7 | F54: 1.04 | G54: 58.8 | H54: 60.9 | I54: 1.03 | J54: 59 | K54: 60.8
B55: 72 Mobile plant operators | C55: 1.04 | D55: 56.7 | E55: 59 | F55: 1.04 | G55: 55.7 | H55: 57.9 | I55: 1.04 | J55: 54.4 | K55: 56.7
B56: 73 Road and rail drivers | C56: 1.09 | D56: 47.4 | E56: 51.5 | F56: 1.1 | G56: 55.5 | H56: 60.8 | I56: 1.07 | J56: 55.8 | K56: 59.9
B57: 74 Storepersons | C57: 1.07 | D57: 44.3 | E57: 47.6 | F57: 1.07 | G57: 42.9 | H57: 46 | I57: 1.06 | J57: 30.5 | K57: 32.3
B58: Labourers | C58: 1.04 | D58: 50.6 | E58: 52.4 | F58: 1.03 | G58: 51.2 | H58: 52.7 | I58: 1.03 | J58: 52 | K58: 53.5
B59: 81 Cleaners and laundry workers | C59: 1.01 | D59: 55.6 | E59: 56.3 | F59: 1.01 | G59: 50.8 | H59: 51.4 | I59: 1.01 | J59: 65.8 | K59: 66.5
... B67: All occupations | C67: 1.16 | D67: 49.1 | E67: 56.8 | F67: 1.15 | G67: 49.3 | H67: 56.6 | I67: 1.15 | J67: 47.7 | K67: 54.8
B68: Explanatory notes
B69: Note: A dash (-) indicates a true zero figure, with no contracts reported in these categories.
B71: =Index!$C9 & " Aus : " & Index!B9 -> Table 2 Aus : Contract completion and attrition rates to date in trade occupations, for contracts commencing in 2016 to 2022
B73: Occupation (ANZSCO) group | C73: 2016 | G73: 2017 | K73: 2018 | O73: 2019 | S73: 2020 | W73: 2021 | AA73: 2022
C74: Completion rates to date | D74: Attrition rates to date | E74: Continuing or outcome not known | F74: Number of contracts | G74: Completion rates to date | H74: Attrition rates to date | I74: Continuing or outcome not known | J74: Number of contracts | K74: Completion rates to date | L74: Attrition rates to date | M74: Continuing or outcome not known | N74: Number of contracts | O74: Completion rates to date | P74: Attrition rates to date | Q74: Continuing or outcome not known | R74: Number of contracts | S74: Completion rates to date | T74: Attrition rates to date | U74: Continuing or outcome not known | V74: Number of contracts | W74: Completion rates to date | X74: Attrition rates to date | Y74: Continuing or outcome not known | Z74: Number of contracts | AA74: Completion rates to date | AB74: Attrition rates to date | AC74: Continuing or outcome not known | AD74: Number of contracts
C75: % | D75: % | E75: % | F75: ('000) | G75: % | H75: % | I75: % | J75: ('000) | K75: % | L75: % | M75: % | N75: ('000) | O75: % | P75: % | Q75: % | R75: ('000) | S75: % | T75: % | U75: % | V75: ('000) | W75: % | X75: % | Y75: % | Z75: ('000) | AA75: % | AB75: % | AC75: % | AD75: ('000)
B76: Technicians and trades workers
B77: 31 Engineering, ICT and science technicians | C77: 62.2 | D77: 32.4 | E77: 5.5 | F77: 2.402 | G77: 60.1 | H77: 34.5 | I77: 5.4 | J77: 2.443 | K77: 58.4 | L77: 34.4 | M77: 7.2 | N77: 2.359 | O77: 53.4 | P77: 37.4 | Q77: 9.2 | R77: 2.639 | S77: 48 | T77: 40.5 | U77: 11.6 | V77: 3.595 | W77: 32.1 | X77: 48.2 | Y77: 19.7 | Z77: 7.787 | AA77: 23.6 | AB77: 34.8 | AC77: 41.7 | AD77: 7.717
B78: 32 Automotive and engineering trades workers | C78: 52.9 | D78: 44.8 | E78: 2.3 | F78: 19.123 | G78: 51.1 | H78: 46.3 | I78: 2.6 | J78: 20.596 | K78: 49.9 | L78: 46.8 | M78: 3.3 | N78: 21.741 | O78: 48 | P78: 46.9 | Q78: 5 | R78: 21.992 | S78: 29.1 | T78: 45.2 | U78: 25.6 | V78: 22.135 | W78: 13 | X78: 43.2 | Y78: 43.8 | Z78: 27.558 | AA78: 6.3 | AB78: 32.6 | AC78: 61.1 | AD78: 30.057
B79: 33 Construction trades workers | C79: 39.9 | D79: 56.5 | E79: 3.6 | F79: 29.793 | G79: 38.6 | H79: 57.5 | I79: 4 | J79: 31.573 | K79: 38.9 | L79: 56.5 | M79: 4.5 | N79: 31.229 | O79: 39.7 | P79: 54.2 | Q79: 6.1 | R79: 28.724 | S79: 23.6 | T79: 52.6 | U79: 23.8 | V79: 30.274 | W79: 11.5 | X79: 50.9 | Y79: 37.7 | Z79: 38.209 | AA79: 6.4 | AB79: 39.5 | AC79: 54.1 | AD79: 36.95
B80: 34 Electrotechnology and telecommunications trades workers | C80: 48.9 | D80: 47 | E80: 4 | F80: 16.122 | G80: 49.6 | H80: 46.6 | I80: 3.8 | J80: 16.686 | K80: 48 | L80: 47.7 | M80: 4.3 | N80: 18.325 | O80: 47.7 | P80: 45.5 | Q80: 6.8 | R80: 18.477 | S80: 24.6 | T80: 44.7 | U80: 30.7 | V80: 18.258 | W80: 12.8 | X80: 41.5 | Y80: 45.7 | Z80: 23.684 | AA80: 7.4 | AB80: 31.3 | AC80: 61.3 | AD80: 25.736
B81: 35 Food trades workers | C81: 32.4 | D81: 62.9 | E81: 4.7 | F81: 10.388 | G81: 33.6 | H81: 61.9 | I81: 4.5 | J81: 8.787 | K81: 33.9 | L81: 60.7 | M81: 5.4 | N81: 8.151 | O81: 33.1 | P81: 60.1 | Q81: 6.9 | R81: 7.874 | S81: 29.9 | T81: 57.9 | U81: 12.1 | V81: 7.383 | W81: 20.3 | X81: 56.9 | Y81: 22.8 | Z81: 8.904 | AA81: 10.5 | AB81: 41.9 | AC81: 47.5 | AD81: 9.45
B82: 36 Skilled animal and horticultural workers | C82: 43.1 | D82: 52.3 | E82: 4.6 | F82: 4.095 | G82: 44.2 | H82: 50.7 | I82: 5.1 | J82: 3.986 | K82: 43.1 | L82: 51.2 | M82: 5.7 | N82: 4.175 | O82: 42.2 | P82: 51.3 | Q82: 6.6 | R82: 4.297 | S82: 34.1 | T82: 50.6 | U82: 15.3 | V82: 5.037 | W82: 22.1 | X82: 49.5 | Y82: 28.5 | Z82: 6.853 | AA82: 10.8 | AB82: 40 | AC82: 49.2 | AD82: 6.208
B83: 39 Other technicians and trades workers | C83: 41.2 | D83: 55.4 | E83: 3.4 | F83: 10.801 | G83: 39.6 | H83: 56.6 | I83: 3.8 | J83: 10.439 | K83: 38.7 | L83: 57 | M83: 4.3 | N83: 9.77 | O83: 36.5 | P83: 57.6 | Q83: 6 | R83: 9.108 | S83: 30.9 | T83: 54.2 | U83: 14.9 | V83: 10.739 | W83: 16.5 | X83: 53.8 | Y83: 29.8 | Z83: 12.317 | AA83: 11.1 | AB83: 42.9 | AC83: 46 | AD83: 12.554
B84: 391 Hairdressers | C84: 35.2 | D84: 62.1 | E84: 2.7 | F84: 5.461 | G84: 32.9 | H84: 63.7 | I84: 3.4 | J84: 5.621 | K84: 31.1 | L84: 65.2 | M84: 3.6 | N84: 5.309 | O84: 31.2 | P84: 63.4 | Q84: 5.4 | R84: 5.443 | S84: 28.8 | T84: 61.9 | U84: 9.3 | V84: 5.757 | W84: 15.4 | X84: 60.1 | Y84: 24.5 | Z84: 6.716 | AA84: 9.1 | AB84: 47.6 | AC84: 43.3 | AD84: 6.316
B85: 392 Printing trades workers | C85: 60 | D85: 33.3 | E85: 6.7 | F85: 0.45 | G85: 63.2 | H85: 32.5 | I85: 4.3 | J85: 0.234 | K85: 49.2 | L85: 45 | M85: 5.8 | N85: 0.238 | O85: 51.4 | P85: 38.8 | Q85: 9.8 | R85: 0.203 | S85: 24.5 | T85: 41.4 | U85: 34.1 | V85: 0.24 | W85: 3.6 | X85: 53.2 | Y85: 43.2 | Z85: 0.257 | AA85: 1.9 | AB85: 36.2 | AC85: 61.9 | AD85: 0.27
B86: 393 Textile, clothing and footwear trades workers | C86: 29.3 | D86: 66.7 | E86: 4.1 | F86: 0.072 | G86: 32.8 | H86: 53.7 | I86: 13.4 | J86: 0.067 | K86: 33.6 | L86: 62.1 | M86: 4.3 | N86: 0.066 | O86: 34.6 | P86: 45.9 | Q86: 19.5 | R86: 0.061 | S86: 17.8 | T86: 50.2 | U86: 32.1 | V86: 0.085 | W86: 10.8 | X86: 45.3 | Y86: 43.9 | Z86: 0.114 | AA86: 2.3 | AB86: 47.5 | AC86: 50.2 | AD86: 0.088
B87: 394 Wood trades workers | C87: 41 | D87: 56.3 | E87: 2.8 | F87: 2.319 | G87: 40.9 | H87: 56.2 | I87: 2.9 | J87: 2.324 | K87: 41.4 | L87: 53.9 | M87: 4.7 | N87: 2.379 | O87: 41.2 | P87: 53 | Q87: 5.7 | R87: 2.07 | S87: 24.6 | T87: 51.9 | U87: 23.5 | V87: 2.182 | W87: 9.2 | X87: 47.7 | Y87: 43.1 | Z87: 2.74 | AA87: 5 | AB87: 39.2 | AC87: 55.7 | AD87: 2.574
B88: 399 Miscellaneous technicians and trades workers | C88: 51.6 | D88: 43.6 | E88: 4.8 | F88: 2.499 | G88: 53.1 | H88: 41.5 | I88: 5.4 | J88: 2.193 | K88: 56.8 | L88: 37.7 | M88: 5.5 | N88: 1.778 | O88: 48.6 | P88: 44.1 | Q88: 7.3 | R88: 1.331 | S88: 42.4 | T88: 39.6 | U88: 18 | V88: 2.475 | W88: 29.1 | X88: 43.6 | Y88: 27.3 | Z88: 2.49 | AA88: 20.6 | AB88: 37.3 | AC88: 42.1 | AD88: 3.306
... B91: All occupations | C91: 49.2 | D91: 47 | E91: 3.8 | F91: 191.638 | G91: 49.1 | H91: 47 | I91: 3.9 | J91: 189.236 | K91: 49.3 | L91: 46.4 | M91: 4.2 | N91: 184.285 | O91: 47.7 | P91: 46.6 | Q91: 5.7 | R91: 178.674 | S91: 37.3 | T91: 47.1 | U91: 15.6 | V91: 194.634 | W91: 26.9 | X91: 48.5 | Y91: 24.6 | Z91: 249.039 | AA91: 18.4 | AB91: 40.5 | AC91: 41.1 | AD91: 271.248
B92: Explanatory notes
B93: Note: A dash (-) indicates a true zero figure, with no contracts reported in these categories.
B95: =Index!$C10 & " Aus : " & Index!B10 -> Table 3 Aus : Contract completion and attrition rates to date in non-trade occupations, for contracts commencing in 2016 to 2022
B97: Occupation (ANZSCO) group | C97: 2016 | G97: 2017 | K97: 2018 | O97: 2019 | S97: 2020 | W97: 2021 | AA97: 2022
C98: Completion rates to date | D98: Attrition rates to date | E98: Continuing or outcome not known | F98: Number of contracts | G98: Completion rates to date | H98: Attrition rates to date | I98: Continuing or outcome not known | J98: Number of contracts | K98: Completion rates to date | L98: Attrition rates to date | M98: Continuing or outcome not known | N98: Number of contracts | O98: Completion rates to date | P98: Attrition rates to date | Q98: Continuing or outcome not known | R98: Number of contracts | S98: Completion rates to date | T98: Attrition rates to date | U98: Continuing or outcome not known | V98: Number of contracts | W98: Completion rates to date | X98: Attrition rates to date | Y98: Continuing or outcome not known | Z98: Number of contracts | AA98: Completion rates to date | AB98: Attrition rates to date | AC98: Continuing or outcome not known | AD98: Number of contracts
C99: % | D99: % | E99: % | F99: ('000) | G99: % | H99: % | I99: % | J99: ('000) | K99: % | L99: % | M99: % | N99: ('000) | O99: % | P99: % | Q99: % | R99: ('000) | S99: % | T99: % | U99: % | V99: ('000) | W99: % | X99: % | Y99: % | Z99: ('000) | AA99: % | AB99: % | AC99: % | AD99: ('000)
B100: Managers | C100: 44.9 | D100: 45.6 | E100: 9.6 | F100: 4.058 | G100: 49.2 | H100: 41.8 | I100: 9 | J100: 2.21 | K100: 54 | L100: 33.9 | M100: 12.1 | N100: 1.741 | O100: 63.7 | P100: 26.8 | Q100: 9.5 | R100: 2.206 | S100: 39.3 | T100: 49.3 | U100: 11.4 | V100: 4.378 | W100: 29.3 | X100: 50.3 | Y100: 20.4 | Z100: 3.596 | AA100: 17.4 | AB100: 42.9 | AC100: 39.7 | AD100: 2.988
B101: 11 Chief executives, general managers and legislators | C101: 37.5 | D101: 47.1 | E101: 15.4 | F101: 1.532 | G101: 43 | H101: 45.7 | I101: 11.4 | J101: 0.854 | K101: 47.6 | L101: 30.6 | M101: 21.8 | N101: 0.683 | O101: 49.7 | P101: 33 | Q101: 17.3 | R101: 0.709 | S101: 33.9 | T101: 52.1 | U101: 14 | V101: 2.174 | W101: 19.8 | X101: 55.3 | Y101: 24.9 | Z101: 1.975 | AA101: 17 | AB101: 39.7 | AC101: 43.4 | AD101: 1.941
B102: 12 Farmers and farm managers | C102: 54.6 | D102: 40.8 | E102: 4.6 | F102: 0.866 | G102: 46.5 | H102: 44.7 | I102: 8.8 | J102: 0.284 | K102: 53.5 | L102: 40.6 | M102: 5.9 | N102: 0.17 | O102: 60.6 | P102: 31.9 | Q102: 7.5 | R102: 0.16 | S102: 44.4 | T102: 42.8 | U102: 12.8 | V102: 0.207 | W102: 43.4 | X102: 44.7 | Y102: 11.9 | Z102: 0.203 | AA102: 41 | AB102: 34.3 | AC102: 24.8 | AD102: 0.193
B103: 13 Specialist managers | C103: 50.6 | D103: 42.4 | E103: 7 | F103: 0.63 | G103: 56.6 | H103: 34.5 | I103: 8.8 | J103: 0.385 | K103: 54.5 | L103: 38.4 | M103: 7.1 | N103: 0.453 | O103: 59.1 | P103: 31.8 | Q103: 9.1 | R103: 0.359 | S103: 41.8 | T103: 47.7 | U103: 10.5 | V103: 0.613 | W103: 35.3 | X103: 47.8 | Y103: 16.9 | Z103: 0.45 | AA103: 5.9 | AB103: 50.6 | AC103: 43.5 | AD103: 0.309
B104: 14 Hospitality, retail and service managers | C104: 44.1 | D104: 49.3 | E104: 6.6 | F104: 1.03 | G104: 53.9 | H104: 39.7 | I104: 6.4 | J104: 0.687 | K104: 63.7 | L104: 32 | M104: 4.4 | N104: 0.435 | O104: 76.1 | P104: 19.6 | Q104: 4.3 | R104: 0.978 | S104: 46 | T104: 46.5 | U104: 7.6 | V104: 1.384 | W104: 42.8 | X104: 42.5 | Y104: 14.7 | Z104: 0.968 | AA104: 17 | AB104: 53.1 | AC104: 29.9 | AD104: 0.545
B105: Professionals | C105: 55.7 | D105: 39.1 | E105: 5.2 | F105: 0.562 | G105: 57.2 | H105: 32.5 | I105: 10.4 | J105: 0.453 | K105: 58.3 | L105: 35.9 | M105: 5.9 | N105: 0.527 | O105: 48.3 | P105: 41.5 | Q105: 10.2 | R105: 0.54 | S105: 38.6 | T105: 49.9 | U105: 11.5 | V105: 1.256 | W105: 30 | X105: 52.8 | Y105: 17.2 | Z105: 2.318 | AA105: 17.4 | AB105: 42.4 | AC105: 40.3 | AD105: 3.377
B106: 21 Arts and media professionals | C106: 0 | D106: 100 | E106: 0 | F106: 0.001 | G106: 0 | H106: 100 | I106: 0 | J106: 0.002 | K106: 33.3 | L106: 66.7 | M106: 0 | N106: 0.003 | O106: 25 | P106: 62.5 | Q106: 12.5 | R106: 0.008 | S106: 14.3 | T106: 57.6 | U106: 28.1 | V106: 0.014 | W106: 33.9 | X106: 29.6 | Y106: 36.5 | Z106: 0.021 | AA106: 8.8 | AB106: 45.7 | AC106: 45.5 | AD106: 0.023
B107: 22 Business, human resource and marketing professionals | C107: 50.6 | D107: 42.2 | E107: 7.1 | F107: 0.154 | G107: 67.1 | H107: 26 | I107: 6.8 | J107: 0.073 | K107: 40.5 | L107: 48.6 | M107: 10.8 | N107: 0.037 | O107: 34.1 | P107: 31.7 | Q107: 34.1 | R107: 0.041 | S107: 34.9 | T107: 46.2 | U107: 18.9 | V107: 0.273 | W107: 28.8 | X107: 52 | Y107: 19.2 | Z107: 0.772 | AA107: 15 | AB107: 42.2 | AC107: 42.8 | AD107: 1.517
B108: 23 Design, engineering, science and transport professionals | C108: 50.6 | D108: 45.6 | E108: 3.8 | F108: 0.16 | G108: 64.9 | H108: 23.7 | I108: 11.3 | J108: 0.097 | K108: 69.2 | L108: 24 | M108: 6.7 | N108: 0.104 | O108: 57.8 | P108: 38.9 | Q108: 3.3 | R108: 0.09 | S108: 53.2 | T108: 27.6 | U108: 19.2 | V108: 0.207 | W108: 41.5 | X108: 38.5 | Y108: 19.9 | Z108: 0.265 | AA108: 28.1 | AB108: 25.6 | AC108: 46.3 | AD108: 0.411
B109: 24 Education professionals | C109: 36.8 | D109: 57.9 | E109: 5.3 | F109: 0.019 | G109: 58.3 | H109: 27.8 | I109: 13.9 | J109: 0.036 | K109: 69.2 | L109: 21.8 | M109: 9 | N109: 0.078 | O109: 62.5 | P109: 20 | Q109: 17.5 | R109: 0.08 | S109: 56.3 | T109: 32.4 | U109: 11.4 | V109: 0.199 | W109: 48.3 | X109: 28.5 | Y109: 23.2 | Z109: 0.304 | AA109: 36.4 | AB109: 32.9 | AC109: 30.8 | AD109: 0.275
B110: 25 Health professionals | C110: - | D110: - | E110: - | F110: - | G110: - | H110: - | I110: - | J110: - | K110: - | L110: - | M110: - | N110: - | O110: - | P110: - | Q110: - | R110: - | S110: - | T110: - | U110: - | V110: - | W110: - | X110: - | Y110: - | Z110: - | AA110: - | AB110: - | AC110: - | AD110: -
B111: 26 ICT professionals | C111: 74.1 | D111: 23.1 | E111: 2.7 | F111: 0.147 | G111: 64.7 | H111: 27.9 | I111: 7.4 | J111: 0.136 | K111: 59.6 | L111: 37.6 | M111: 2.8 | N111: 0.141 | O111: 62.7 | P111: 29.4 | Q111: 7.9 | R111: 0.126 | S111: 52.5 | T111: 45.2 | U111: 2.3 | V111: 0.124 | W111: 59.8 | X111: 35.9 | Y111: 4.3 | Z111: 0.119 | AA111: 3.4 | AB111: 33.8 | AC111: 62.7 | AD111: 0.032
B112: 27 Legal, social and welfare professionals | C112: 46.9 | D112: 44.4 | E112: 8.6 | F112: 0.081 | G112: 34.9 | H112: 50.5 | I112: 14.7 | J112: 0.109 | K112: 49.4 | L112: 45.1 | M112: 5.5 | N112: 0.164 | O112: 32.8 | P112: 60.5 | Q112: 6.7 | R112: 0.195 | S112: 22.8 | T112: 71.7 | U112: 5.4 | V112: 0.439 | W112: 16.6 | X112: 69.8 | Y112: 13.6 | Z112: 0.837 | AA112: 12.6 | AB112: 51.3 | AC112: 36.1 | AD112: 1.119
B113: Community and personal service workers | C113: 55.1 | D113: 42.2 | E113: 2.7 | F113: 31.973 | G113: 55.7 | H113: 41.2 | I113: 3.1 | J113: 29.486 | K113: 57 | L113: 39.7 | M113: 3.3 | N113: 29.521 | O113: 52 | P113: 43.4 | Q113: 4.6 | R113: 28.712 | S113: 47.9 | T113: 45.3 | U113: 6.7 | V113: 29.771 | W113: 42.2 | X113: 48 | Y113: 9.8 | Z113: 38.623 | AA113: 28.2 | AB113: 45.2 | AC113: 26.6 | AD113: 46.101
B114: 41 Health and welfare support workers | C114: 67.4 | D114: 28.2 | E114: 4.4 | F114: 2.18 | G114: 56.5 | H114: 36.5 | I114: 7.1 | J114: 1.163 | K114: 49.7 | L114: 41.8 | M114: 8.4 | N114: 1.136 | O114: 47.6 | P114: 45.5 | Q114: 7 | R114: 1.253 | S114: 42.8 | T114: 48.2 | U114: 9 | V114: 1.713 | W114: 37.2 | X114: 43.1 | Y114: 19.7 | Z114: 2.337 | AA114: 28.4 | AB114: 37.2 | AC114: 34.5 | AD114: 2.662
B115: 42 Carers and aides | C115: 60.1 | D115: 37.2 | E115: 2.7 | F115: 12.723 | G115: 60.6 | H115: 36.4 | I115: 2.9 | J115: 11.773 | K115: 60.2 | L115: 36.4 | M115: 3.4 | N115: 12.242 | O115: 57.6 | P115: 37.8 | Q115: 4.6 | R115: 13.336 | S115: 54.7 | T115: 39.6 | U115: 5.7 | V115: 15.099 | W115: 47.8 | X115: 43 | Y115: 9.2 | Z115: 19.902 | AA115: 26.5 | AB115: 42.9 | AC115: 30.6 | AD115: 24.901
B116: 43 Hospitality workers | C116: 41.9 | D116: 55.4 | E116: 2.7 | F116: 10.815 | G116: 46.5 | H116: 50.3 | I116: 3.2 | J116: 9.633 | K116: 48.6 | L116: 48 | M116: 3.4 | N116: 9.481 | O116: 46.8 | P116: 48.2 | Q116: 4.9 | R116: 8.006 | S116: 35.6 | T116: 56.7 | U116: 7.7 | V116: 8.959 | W116: 30.7 | X116: 60.5 | Y116: 8.8 | Z116: 12.719 | AA116: 26.1 | AB116: 54.2 | AC116: 19.7 | AD116: 13.582
B117: 44 Protective service workers | C117: 67.5 | D117: 25 | E117: 7.6 | F117: 0.621 | G117: 67.3 | H117: 20.8 | I117: 11.9 | J117: 0.747 | K117: 67.8 | L117: 19.9 | M117: 12.3 | N117: 0.634 | O117: 61.8 | P117: 25.9 | Q117: 12.3 | R117: 0.757 | S117: 60.1 | T117: 26.3 | U117: 13.6 | V117: 1.075 | W117: 45.4 | X117: 35 | Y117: 19.5 | Z117: 0.631 | AA117: 47 | AB117: 34.1 | AC117: 18.9 | AD117: 0.731
B118: 45 Sports and personal service workers | C118: 62.9 | D118: 35.4 | E118: 1.7 | F118: 5.634 | G118: 59.4 | H118: 39.4 | I118: 1.3 | J118: 6.17 | K118: 64.1 | L118: 35 | M118: 0.9 | N118: 6.028 | O118: 45.5 | P118: 51.9 | Q118: 2.5 | R118: 5.36 | S118: 49.2 | T118: 45.2 | U118: 5.6 | V118: 2.925 | W118: 56.8 | X118: 34.9 | Y118: 8.3 | Z118: 3.034 | AA118: 41.7 | AB118: 36.4 | AC118: 21.9 | AD118: 4.225
B119: Clerical and administrative workers | C119: 52.6 | D119: 41.8 | E119: 5.6 | F119: 18.755 | G119: 56.4 | H119: 38.7 | I119: 4.9 | J119: 17.995 | K119: 56.9 | L119: 39.1 | M119: 4 | N119: 17.617 | O119: 55.5 | P119: 39.3 | Q119: 5.2 | R119: 18.307 | S119: 47.9 | T119: 43.1 | U119: 9 | V119: 24.639 | W119: 36.4 | X119: 51.1 | Y119: 12.5 | Z119: 36.009 | AA119: 25.3 | AB119: 47.1 | AC119: 27.5 | AD119: 41.496
B120: 51 Office managers and program administrators | C120: 39.8 | D120: 49.1 | E120: 11.2 | F120: 3.667 | G120: 48.6 | H120: 39.6 | I120: 11.8 | J120: 2.987 | K120: 53.8 | L120: 36.9 | M120: 9.3 | N120: 2.624 | O120: 53 | P120: 34.8 | Q120: 12.1 | R120: 2.72 | S120: 37.6 | T120: 47.8 | U120: 14.6 | V120: 7.825 | W120: 26.8 | X120: 53.6 | Y120: 19.5 | Z120: 10.395 | AA120: 16.8 | AB120: 46.5 | AC120: 36.7 | AD120: 13.684
B121: 52 Personal assistants and secretaries | C121: 65.6 | D121: 33.6 | E121: 0.8 | F121: 0.131 | G121: 67.5 | H121: 30.2 | I121: 2.4 | J121: 0.126 | K121: 70 | L121: 30 | M121: 0 | N121: 0.13 | O121: 54.4 | P121: 40.4 | Q121: 5.3 | R121: 0.114 | S121: 62.1 | T121: 35 | U121: 2.9 | V121: 0.103 | W121: 63.2 | X121: 31.2 | Y121: 5.6 | Z121: 0.119 | AA121: 43.8 | AB121: 35.3 | AC121: 20.9 | AD121: 0.123
B122: 53 General clerical workers | C122: 63.6 | D122: 32.6 | E122: 3.8 | F122: 8.076 | G122: 63.3 | H122: 33.5 | I122: 3.2 | J122: 8.445 | K122: 63 | L122: 34.3 | M122: 2.8 | N122: 8.409 | O122: 62.1 | P122: 34.8 | Q122: 3.1 | R122: 8.848 | S122: 57.2 | T122: 37.5 | U122: 5.3 | V122: 10.373 | W122: 43.8 | X122: 47.5 | Y122: 8.7 | Z122: 17.03 | AA122: 34.6 | AB122: 46.9 | AC122: 18.5 | AD122: 19.23
... B124: 55 Numerical clerks | C124: 55.3 | D124: 41.2 | E124: 3.5 | F124: 2.592 | G124: 59.6 | H124: 38.5 | I124: 2 | J124: 2.109 | K124: 61.2 | L124: 36.8 | M124: 2 | N124: 1.694 | O124: 57 | P124: 40.5 | Q124: 2.5 | R124: 1.548 | S124: 50.7 | T124: 41.2 | U124: 8.1 | V124: 1.279 | W124: 34.3 | X124: 49.8 | Y124: 15.9 | Z124: 1.695 | AA124: 17.1 | AB124: 43 | AC124: 39.9 | AD124: 1.979
B125: 56 Clerical and office support workers | C125: - | D125: - | E125: - | F125: - | G125: - | H125: - | I125: - | J125: - | K125: - | L125: - | M125: - | N125: - | O125: - | P125: - | Q125: - | R125: - | S125: - | T125: - | U125: - | V125: - | W125: - | X125: - | Y125: - | Z125: - | AA125: - | AB125: - | AC125: - | AD125: -
B126: 59 Other clerical and administrative workers | C126: 44.6 | D126: 49.2 | E126: 6.3 | F126: 1.306 | G126: 47.8 | H126: 45.6 | I126: 6.6 | J126: 0.845 | K126: 42.6 | L126: 50.4 | M126: 7 | N126: 0.996 | O126: 47.3 | P126: 38.8 | Q126: 13.9 | R126: 1.411 | S126: 42 | T126: 48 | U126: 10 | V126: 2.552 | W126: 31.9 | X126: 56.8 | Y126: 11.3 | Z126: 5.756 | AA126: 17.8 | AB126: 50.9 | AC126: 31.2 | AD126: 6.367
B127: Sales workers | C127: 59.5 | D127: 38.4 | E127: 2.2 | F127: 18.214 | G127: 56.2 | H127: 40.3 | I127: 3.5 | J127: 15.557 | K127: 59.7 | L127: 37.1 | M127: 3.2 | N127: 11.202 | O127: 54.9 | P127: 41.2 | Q127: 3.9 | R127: 11.246 | S127: 46.8 | T127: 44.3 | U127: 8.9 | V127: 13.786 | W127: 36 | X127: 50.1 | Y127: 13.9 | Z127: 17.693 | AA127: 24 | AB127: 43.9 | AC127: 32.1 | AD127: 19.986
B128: 61 Sales representatives and agents | C128: 48.3 | D128: 47.3 | E128: 4.4 | F128: 1.266 | G128: 48 | H128: 45 | I128: 6.9 | J128: 1.197 | K128: 50.5 | L128: 43.3 | M128: 6.2 | N128: 1.35 | O128: 49.8 | P128: 43.6 | Q128: 6.6 | R128: 1.234 | S128: 37.1 | T128: 47.6 | U128: 15.3 | V128: 3.162 | W128: 32.7 | X128: 52.6 | Y128: 14.7 | Z128: 4.908 | AA128: 17.1 | AB128: 45.5 | AC128: 37.4 | AD128: 6.152
B129: 62 Sales assistants and salespersons | C129: 60.3 | D129: 37.8 | E129: 2 | F129: 16.911 | G129: 56.9 | H129: 39.9 | I129: 3.2 | J129: 14.351 | K129: 61 | L129: 36.3 | M129: 2.7 | N129: 9.84 | O129: 55.5 | P129: 40.9 | Q129: 3.5 | R129: 9.996 | S129: 49.6 | T129: 43.3 | U129: 7.1 | V129: 10.604 | W129: 37.2 | X129: 49.2 | Y129: 13.6 | Z129: 12.761 | AA129: 26.9 | AB129: 43.2 | AC129: 29.8 | AD129: 13.796
...

Sheet NSW
B1: Completion and attrition rates for apprentices and trainees 2023: data tables - to date
B2: New South Wales
N3: Back to Index
B4: =Index!$C8 & " NSW : " & Index!B8 -> Table 1 NSW : Individual completion rates to date, based on a recommencement adjustment factor, and contract completion rates to date for trade and non-trade occupations commencing in 2017 to 2019
B6: Occupation (ANZSCO) group | C6: 2017 | F6: 2018 | I6: 2019
C7: Average annual adjustment factor | D7: Contract completion rate | E7: Individual completion rate | F7: Average annual adjustment factor | G7: Contract completion rate | H7: Individual completion rate | I7: Average annual adjustment factor | J7: Contract completion rate | K7: Individual completion rate
C8: Ratio | D8: % | E8: % | F8: Ratio | G8: % | H8: % | I8: Ratio | J8: % | K8: %
B9: Managers | C9: 1.07 | D9: 58 | E9: 62 | F9: 1.06 | G9: 64 | H9: 67.8 | I9: 1.06 | J9: 55.4 | K9: 58.6
B10: 11 Chief executives, general managers and legislators | C10: 1.03 | D10: 43.4 | E10: 44.9 | F10: 1.03 | G10: 63.2 | H10: 64.9 | I10: 1.03 | J10: 30.5 | K10: 31.4
B11: 12 Farmers and farm managers | C11: 1.44 | D11: 59.7 | E11: 86.3 | F11: 1.48 | G11: 66.2 | H11: 98 | I11: 1.38 | J11: 76.6 | K11: 105.9
B12: 13 Specialist managers | C12: 1.04 | D12: 64.3 | E12: 67.1 | F12: 1.04 | G12: 65.3 | H12: 67.6 | I12: 1.04 | J12: 64.2 | K12: 66.7
B13: 14 Hospitality, retail and service managers | C13: 1.05 | D13: 60.6 | E13: 63.9 | F13: 1.04 | G13: 53.7 | H13: 55.7 | I13: 1.04 | J13: 56.4 | K13: 58.6
B14: Professionals | C14: 1.18 | D14: 60.9 | E14: 72 | F14: 1.11 | G14: 66.4 | H14: 73.8 | I14: 1.09 | J14: 59.6 | K14: 65.2
B15: 21 Arts and media professionals | C15: 1.07 | D15: 0 | E15: 0 | F15: 1.05 | G15: 33.3 | H15: 34.9 | I15: 1.04 | J15: 50 | K15: 52.2
B16: 22 Business, human resource and marketing professionals | C16: 1.03 | D16: 62.5 | E16: 64.6 | F16: 1.03 | G16: 37.5 | H16: 38.7 | I16: 1.04 | J16: 66.7 | K16: 69.5
B17: 23 Design, engineering, science and transport professionals | C17: 1.04 | D17: 74.4 | E17: 77.3 | F17: 1.04 | G17: 79.2 | H17: 82.4 | I17: 1.04 | J17: 72.7 | K17: 75.8
B18: 24 Education professionals | C18: - | D18: - | E18: - | F18: - | G18: - | H18: - | I18: - | J18: - | K18: -
B19: 25 Health professionals | C19: - | D19: - | E19: - | F19: - | G19: - | H19: - | I19: - | J19: - | K19: -
B20: 26 ICT professionals | C20: 2.63 | D20: 68.4 | E20: 180.2 | F20: 2.58 | G20: 85.5 | H20: 220.2 | I20: 2.16 | J20: 74.6 | K20: 161.4
B21: 27 Legal, social and welfare professionals | C21: 1.05 | D21: 33.3 | E21: 34.9 | F21: 1.04 | G21: 41.3 | H21: 43 | I21: 1.04 | J21: 31.4 | K21: 32.6
B22: Technicians and trades workers | C22: 1.39 | D22: 39.3 | E22: 54.7 | F22: 1.39 | G22: 39.1 | H22: 54.2 | I22: 1.38 | J22: 40.7 | K22: 56.3
B23: 31 Engineering, ICT and science technicians | C23: 1.08 | D23: 55.3 | E23: 59.8 | F23: 1.09 | G23: 54 | H23: 58.6 | I23: 1.09 | J23: 54.7 | K23: 59.8
B24: 32 Automotive and engineering trades workers | C24: 1.33 | D24: 47.7 | E24: 63.4 | F24: 1.33 | G24: 46.2 | H24: 61.4 | I24: 1.33 | J24: 46.6 | K24: 62.1
B25: 33 Construction trades workers | C25: 1.48 | D25: 35.9 | E25: 53.2 | F25: 1.48 | G25: 36.4 | H25: 54 | I25: 1.48 | J25: 39.1 | K25: 58.1
B26: 34 Electrotechnology and telecommunications trades workers | C26: 1.41 | D26: 39.1 | E26: 55.2 | F26: 1.42 | G26: 38.6 | H26: 54.8 | I26: 1.43 | J26: 41.6 | K26: 59.3
B27: 35 Food trades workers | C27: 1.43 | D27: 33.6 | E27: 48.1 | F27: 1.4 | G27: 34.7 | H27: 48.5 | I27: 1.38 | J27: 32.1 | K27: 44.3
B28: 36 Skilled animal and horticultural workers | C28: 1.21 | D28: 37.2 | E28: 44.9 | F28: 1.2 | G28: 36.7 | H28: 44.2 | I28: 1.21 | J28: 33.3 | K28: 40.1
B29: 39 Other technicians and trades workers | C29: 1.4 | D29: 35.5 | E29: 49.7 | F29: 1.38 | G29: 35.5 | H29: 49.1 | I29: 1.36 | J29: 36.4 | K29: 49.6
B30: 391 Hairdressers | C30: 1.55 | D30: 32.9 | E30: 50.9 | F30: 1.56 | G30: 32.3 | H30: 50.3 | I30: 1.53 | J30: 35.4 | K30: 54.2
B31: 392 Printing trades workers | C31: 1.11 | D31: 50 | E31: 55.4 | F31: 1.07 | G31: 53.6 | H31: 57.6 | I31: 1.08 | J31: 48.3 | K31: 52.1
... B46: 55 Numerical clerks | C46: 1.04 | D46: 58.5 | E46: 61 | F46: 1.04 | G46: 60.4 | H46: 63 | I46: 1.05 | J46: 51.1 | K46: 53.4
B47: 56 Clerical and office support workers | C47: - | D47: - | E47: - | F47: - | G47: - | H47: - | I47: - | J47: - | K47: -
B48: 59 Other clerical and administrative workers | C48: 1.08 | D48: 45.9 | E48: 49.5 | F48: 1.06 | G48: 34.6 | H48: 36.5 | I48: 1.05 | J48: 40.3 | K48: 42.4
B49: Sales workers | C49: 1.09 | D49: 48.9 | E49: 53.3 | F49: 1.09 | G49: 52.9 | H49: 57.4 | I49: 1.09 | J49: 51.2 | K49: 55.9
B50: 61 Sales representatives and agents | C50: 1.11 | D50: 45.2 | E50: 50 | F50: 1.12 | G50: 46.1 | H50: 51.5 | I50: 1.13 | J50: 48.4 | K50: 55
B51: 62 Sales assistants and salespersons | C51: 1.08 | D51: 49.4 | E51: 53.6 | F51: 1.07 | G51: 54.8 | H51: 58.5 | I51: 1.06 | J51: 51.9 | K51: 55.2
B52: 63 Sales support workers | C52: - | D52: - | E52: - | F52: - | G52: - | H52: - | I52: - | J52: - | K52: -
B53: Machinery operators and drivers | C53: 1.13 | D53: 44.9 | E53: 50.8 | F53: 1.14 | G53: 50.7 | H53: 57.7 | I53: 1.11 | J53: 42.1 | K53: 46.5
B54: 71 Machine and stationary plant operators | C54: 1.09 | D54: 55.4 | E54: 60.4 | F54: 1.09 | G54: 65 | H54: 70.9 | I54: 1.05 | J54: 63.1 | K54: 66.4
B55: 72 Mobile plant operators | C55: 1.07 | D55: 63.4 | E55: 67.8 | F55: 1.07 | G55: 62.2 | H55: 66.7 | I55: 1.08 | J55: 59.4 | K55: 64.2
B56: 73 Road and rail drivers | C56: 1.18 | D56: 40 | E56: 47.3 | F56: 1.21 | G56: 58.2 | H56: 70.3 | I56: 1.18 | J56: 52.3 | K56: 61.4
B57: 74 Storepersons | C57: 1.14 | D57: 37.3 | E57: 42.6 | F57: 1.15 | G57: 34.4 | H57: 39.4 | I57: 1.12 | J57: 21.3 | K57: 23.8
B58: Labourers | C58: 1.07 | D58: 46.1 | E58: 49.1 | F58: 1.06 | G58: 48.8 | H58: 51.5 | I58: 1.05 | J58: 53.7 | K58: 56.5
B59: 81 Cleaners and laundry workers | C59: 1.01 | D59: 59.6 | E59: 60.1 | F59: 1.01 | G59: 55.2 | H59: 55.8 | I59: 1.01 | J59: 77.8 | K59: 78.7
B60: 82 Construction and mining labourers | C60: 1.06 | D60: 31.3 | E60: 33.3 | F60: 1.06 | G60: 32 | H60: 33.7 | I60: 1.06 | J60: 42.6 | K60: 45.2
B61: 83 Factory process workers | C61: 1.1 | D61: 45.6 | E61: 49.9 | F61: 1.08 | G61: 50.2 | H61: 54.1 | I61: 1.07 | J61: 51.8 | K61: 55.5
B62: 84 Farm, forestry and garden workers | C62: 1.04 | D62: 54.8 | E62: 56.9 | F62: 1.05 | G62: 54.4 | H62: 56.9 | I62: 1.05 | J62: 51.7 | K62: 54.2
B63: 85 Food preparation assistants | C63: 1.12 | D63: 48.6 | E63: 54.3 | F63: 1.1 | G63: 40 | H63: 43.8 | I63: 1.06 | J63: 36.6 | K63: 38.8
B64: 89 Other labourers | C64: 1.04 | D64: 43.1 | E64: 44.8 | F64: 1.04 | G64: 53.1 | H64: 55 | I64: 1.04 | J64: 47.2 | K64: 49.1
... B67: All occupations | C67: 1.25 | D67: 44.7 | E67: 55.8 | F67: 1.24 | G67: 46.1 | H67: 57 | I67: 1.24 | J67: 45.4 | K67: 56.4
B68: Explanatory notes
B69: Note: A dash (-) indicates a true zero figure, with no contracts reported in these categories.
B71: =Index!$C9 & " NSW : " & Index!B9 -> Table 2 NSW : Contract completion and attrition rates to date in trade occupations, for contracts commencing in 2016 to 2022
B73: Occupation (ANZSCO) group | C73: 2016 | G73: 2017 | K73: 2018 | O73: 2019 | S73: 2020 | W73: 2021 | AA73: 2022
C74: Completion rates to date | D74: Attrition rates to date | E74: Continuing or outcome not known | F74: Number of contracts | G74: Completion rates to date | H74: Attrition rates to date | I74: Continuing or outcome not known | J74: Number of contracts | K74: Completion rates to date | L74: Attrition rates to date | M74: Continuing or outcome not known | N74: Number of contracts | O74: Completion rates to date | P74: Attrition rates to date | Q74: Continuing or outcome not known | R74: Number of contracts | S74: Completion rates to date | T74: Attrition rates to date | U74: Continuing or outcome not known | V74: Number of contracts | W74: Completion rates to date | X74: Attrition rates to date | Y74: Continuing or outcome not known | Z74: Number of contracts | AA74: Completion rates to date | AB74: Attrition rates to date | AC74: Continuing or outcome not known | AD74: Number of contracts
C75: % | D75: % | E75: % | F75: ('000) | G75: % | H75: % | I75: % | J75: ('000) | K75: % | L75: % | M75: % | N75: ('000) | O75: % | P75: % | Q75: % | R75: ('000) | S75: % | T75: % | U75: % | V75: ('000) | W75: % | X75: % | Y75: % | Z75: ('000) | AA75: % | AB75: % | AC75: % | AD75: ('000)
B76: Technicians and trades workers
B77: 31 Engineering, ICT and science technicians | C77: 67.3 | D77: 27.4 | E77: 5.3 | F77: 0.526 | G77: 55.3 | H77: 38.4 | I77: 6.3 | J77: 0.745 | K77: 54 | L77: 36.5 | M77: 9.5 | N77: 0.576 | O77: 54.7 | P77: 33.4 | Q77: 11.9 | R77: 0.611 | S77: 53 | T77: 34.9 | U77: 12.1 | V77: 0.824 | W77: 33.6 | X77: 41.8 | Y77: 24.7 | Z77: 1.559 | AA77: 20.5 | AB77: 32.2 | AC77: 47.3 | AD77: 2.216
B78: 32 Automotive and engineering trades workers | C78: 48.8 | D78: 48.5 | E78: 2.7 | F78: 6.256 | G78: 47.7 | H78: 49.3 | I78: 3 | J78: 6.687 | K78: 46.2 | L78: 50.5 | M78: 3.3 | N78: 6.777 | O78: 46.6 | P78: 49.2 | Q78: 4.2 | R78: 7.159 | S78: 31.5 | T78: 47.1 | U78: 21.3 | V78: 6.916 | W78: 14.1 | X78: 45.8 | Y78: 40 | Z78: 7.767 | AA78: 7.5 | AB78: 33.6 | AC78: 58.9 | AD78: 8.567
B79: 33 Construction trades workers | C79: 36.7 | D79: 58.1 | E79: 5.1 | F79: 10.477 | G79: 35.9 | H79: 58.8 | I79: 5.3 | J79: 11.434 | K79: 36.4 | L79: 58.1 | M79: 5.5 | N79: 10.941 | O79: 39.1 | P79: 54.3 | Q79: 6.5 | R79: 9.983 | S79: 26.4 | T79: 52.8 | U79: 20.7 | V79: 10.058 | W79: 12.8 | X79: 49.7 | Y79: 37.4 | Z79: 12.125 | AA79: 6.7 | AB79: 38.2 | AC79: 55.1 | AD79: 11.504
B80: 34 Electrotechnology and telecommunications trades workers | C80: 36.2 | D80: 57.6 | E80: 6.2 | F80: 5.854 | G80: 39.1 | H80: 54.7 | I80: 6.2 | J80: 6.095 | K80: 38.6 | L80: 54.8 | M80: 6.6 | N80: 6.78 | O80: 41.6 | P80: 51 | Q80: 7.4 | R80: 6.986 | S80: 25.5 | T80: 49.2 | U80: 25.3 | V80: 6.565 | W80: 13.1 | X80: 46.7 | Y80: 40.2 | Z80: 7.143 | AA80: 7.4 | AB80: 34.1 | AC80: 58.5 | AD80: 7.604
B81: 35 Food trades workers | C81: 32.9 | D81: 63.6 | E81: 3.5 | F81: 3.091 | G81: 33.6 | H81: 62.3 | I81: 4.1 | J81: 2.567 | K81: 34.7 | L81: 60.1 | M81: 5.2 | N81: 2.362 | O81: 32.1 | P81: 62.1 | Q81: 5.8 | R81: 2.272 | S81: 30.4 | T81: 59.7 | U81: 9.8 | V81: 2.135 | W81: 17.9 | X81: 59.7 | Y81: 22.4 | Z81: 2.164 | AA81: 9.7 | AB81: 41.8 | AC81: 48.5 | AD81: 2.164
B82: 36 Skilled animal and horticultural workers | C82: 39.9 | D82: 54.3 | E82: 5.8 | F82: 1.416 | G82: 37.2 | H82: 57.4 | I82: 5.4 | J82: 1.319 | K82: 36.7 | L82: 57.1 | M82: 6.2 | N82: 1.384 | O82: 33.3 | P82: 58 | Q82: 8.7 | R82: 1.375 | S82: 27 | T82: 56.6 | U82: 16.4 | V82: 1.723 | W82: 16 | X82: 49.8 | Y82: 34.2 | Z82: 2.132 | AA82: 7.6 | AB82: 39.7 | AC82: 52.7 | AD82: 1.958
B83: 39 Other technicians and trades workers | C83: 38.8 | D83: 58.3 | E83: 3 | F83: 2.76 | G83: 35.5 | H83: 60.6 | I83: 3.9 | J83: 2.814 | K83: 35.5 | L83: 59.4 | M83: 5.1 | N83: 2.716 | O83: 36.4 | P83: 57.6 | Q83: 6 | R83: 2.723 | S83: 31.4 | T83: 54.6 | U83: 14 | V83: 3.098 | W83: 17.2 | X83: 52.7 | Y83: 30.1 | Z83: 3.11 | AA83: 9.1 | AB83: 40.5 | AC83: 50.5 | AD83: 3.247
B84: 391 Hairdressers | C84: 37.7 | D84: 59.3 | E84: 3 | F84: 1.661 | G84: 32.9 | H84: 62.7 | I84: 4.3 | J84: 1.685 | K84: 32.3 | L84: 62.6 | M84: 5 | N84: 1.592 | O84: 35.4 | P84: 58.7 | Q84: 5.9 | R84: 1.693 | S84: 32.7 | T84: 59.9 | U84: 7.4 | V84: 1.705 | W84: 20 | X84: 57.5 | Y84: 22.5 | Z84: 1.738 | AA84: 12.2 | AB84: 44 | AC84: 43.9 | AD84: 1.74
B85: 392 Printing trades workers | C85: 61.9 | D85: 33.3 | E85: 4.8 | F85: 0.084 | G85: 50 | H85: 39.5 | I85: 10.5 | J85: 0.038 | K85: 53.6 | L85: 42.9 | M85: 3.5 | N85: 0.028 | O85: 48.3 | P85: 48.3 | Q85: 3.4 | R85: 0.044 | S85: 36.3 | T85: 42.2 | U85: 21.5 | V85: 0.086 | W85: 5.2 | X85: 45.4 | Y85: 49.4 | Z85: 0.04 | AA85: 2.7 | AB85: 38.7 | AC85: 58.6 | AD85: 0.037
B86: 393 Textile, clothing and footwear trades workers | C86: 17.6 | D86: 76.5 | E86: 5.9 | F86: 0.017 | G86: 38.5 | H86: 53.8 | I86: 7.7 | J86: 0.013 | K86: 34 | L86: 66.7 | M86: 0 | N86: 0.015 | O86: 13 | P86: 56.3 | Q86: 30.7 | R86: 0.016 | S86: 12.5 | T86: 67.8 | U86: 19.7 | V86: 0.008 | W86: 9.1 | X86: 60.9 | Y86: 30 | Z86: 0.022 | AA86: 4.5 | AB86: 55.6 | AC86: 39.9 | AD86: 0.023
B87: 394 Wood trades workers | C87: 35.9 | D87: 61.7 | E87: 2.4 | F87: 0.797 | G87: 35.8 | H87: 61.6 | I87: 2.6 | J87: 0.878 | K87: 36.7 | L87: 58.1 | M87: 5.2 | N87: 0.894 | O87: 36.8 | P87: 57.1 | Q87: 6.1 | R87: 0.772 | S87: 23.3 | T87: 54.6 | U87: 22 | V87: 0.785 | W87: 8.4 | X87: 49.6 | Y87: 42.1 | Z87: 0.825 | AA87: 5.6 | AB87: 40.7 | AC87: 53.6 | AD87: 0.791
B88: 399 Miscellaneous technicians and trades workers | C88: 51.2 | D88: 44.8 | E88: 4 | F88: 0.201 | G88: 53.5 | H88: 42.5 | I88: 4 | J88: 0.2 | K88: 54 | L88: 39.6 | M88: 6.4 | N88: 0.187 | O88: 42.5 | P88: 52.1 | Q88: 5.4 | R88: 0.198 | S88: 38.9 | T88: 39 | U88: 22.2 | V88: 0.514 | W88: 23.5 | X88: 41.1 | Y88: 35.4 | Z88: 0.485 | AA88: 5.5 | AB88: 30.4 | AC88: 64.1 | AD88: 0.656
... B91: All occupations | C91: 46 | D91: 50.1 | E91: 4 | F91: 57.745 | G91: 44.7 | H91: 51 | I91: 4.3 | J91: 59.147 | K91: 46.1 | L91: 49.3 | M91: 4.7 | N91: 58.448 | O91: 45.4 | P91: 49 | Q91: 5.6 | R91: 56.241 | S91: 36.5 | T91: 49.3 | U91: 14.2 | V91: 62.971 | W91: 26.6 | X91: 49.5 | Y91: 23.9 | Z91: 71.819 | AA91: 16.6 | AB91: 40.8 | AC91: 42.6 | AD91: 79.361
B92: Explanatory notes
B93: Note: A dash (-) indicates a true zero figure, with no contracts reported in these categories.
B95: =Index!$C10 & " NSW : " & Index!B10 -> Table 3 NSW : Contract completion and attrition rates to date in non-trade occupations, for contracts commencing in 2016 to 2022
B97: Occupation (ANZSCO) group | C97: 2016 | G97: 2017 | K97: 2018 | O97: 2019 | S97: 2020 | W97: 2021 | AA97: 2022
C98: Completion rates to date | D98: Attrition rates to date | E98: Continuing or outcome not known | F98: Number of contracts | G98: Completion rates to date | H98: Attrition rates to date | I98: Continuing or outcome not known | J98: Number of contracts | K98: Completion rates to date | L98: Attrition rates to date | M98: Continuing or outcome not known | N98: Number of contracts | O98: Completion rates to date | P98: Attrition rates to date | Q98: Continuing or outcome not known | R98: Number of contracts | S98: Completion rates to date | T98: Attrition rates to date | U98: Continuing or outcome not known | V98: Number of contracts | W98: Completion rates to date | X98: Attrition rates to date | Y98: Continuing or outcome not known | Z98: Number of contracts | AA98: Completion rates to date | AB98: Attrition rates to date | AC98: Continuing or outcome not known | AD98: Number of contracts
C99: % | D99: % | E99: % | F99: ('000) | G99: % | H99: % | I99: % | J99: ('000) | K99: % | L99: % | M99: % | N99: ('000) | O99: % | P99: % | Q99: % | R99: ('000) | S99: % | T99: % | U99: % | V99: ('000) | W99: % | X99: % | Y99: % | Z99: ('000) | AA99: % | AB99: % | AC99: % | AD99: ('000)
B100: Managers | C100: 58.9 | D100: 34.3 | E100: 6.7 | F100: 0.565 | G100: 58 | H100: 34.2 | I100: 7.9 | J100: 0.433 | K100: 64 | L100: 31.5 | M100: 4.5 | N100: 0.445 | O100: 55.4 | P100: 34.7 | Q100: 9.9 | R100: 0.392 | S100: 31.4 | T100: 59.3 | U100: 9.4 | V100: 1.191 | W100: 25.8 | X100: 57.1 | Y100: 17 | Z100: 0.821 | AA100: 11.8 | AB100: 41.2 | AC100: 47 | AD100: 0.563
B101: 11 Chief executives, general managers and legislators | C101: 37.9 | D101: 52.4 | E101: 9.7 | F101: 0.103 | G101: 43.4 | H101: 40.4 | I101: 16.2 | J101: 0.099 | K101: 63.2 | L101: 32.4 | M101: 4.3 | N101: 0.068 | O101: 30.5 | P101: 46.1 | Q101: 23.4 | R101: 0.102 | S101: 22.6 | T101: 62.3 | U101: 15.1 | V101: 0.461 | W101: 13.3 | X101: 62.6 | Y101: 24.1 | Z101: 0.396 | AA101: 11 | AB101: 40.7 | AC101: 48.4 | AD101: 0.446
B102: 12 Farmers and farm managers | C102: 69.5 | D102: 27.2 | E102: 3.3 | F102: 0.151 | G102: 59.7 | H102: 38.8 | I102: 1.5 | J102: 0.067 | K102: 66.2 | L102: 27.7 | M102: 6.2 | N102: 0.065 | O102: 76.6 | P102: 14.9 | Q102: 8.5 | R102: 0.047 | S102: 37.9 | T102: 48.4 | U102: 13.7 | V102: 0.058 | W102: 41.8 | X102: 39.1 | Y102: 19.2 | Z102: 0.065 | AA102: 24.4 | AB102: 34.1 | AC102: 41.5 | AD102: 0.051
B103: 13 Specialist managers | C103: 63.7 | D103: 28.8 | E103: 7.5 | F103: 0.226 | G103: 64.3 | H103: 30.4 | I103: 5.4 | J103: 0.168 | K103: 65.3 | L103: 30.3 | M103: 4.4 | N103: 0.271 | O103: 64.2 | P103: 29.1 | Q103: 6.7 | R103: 0.165 | S103: 48.4 | T103: 45.3 | U103: 6.4 | V103: 0.238 | W103: 48.6 | X103: 44.9 | Y103: 6.6 | Z103: 0.132 | AA103: 6.5 | AB103: 46.2 | AC103: 47.3 | AD103: 0.047
B104: 14 Hospitality, retail and service managers | C104: 52.9 | D104: 40 | E104: 7.1 | F104: 0.085 | G104: 60.6 | H104: 31.3 | I104: 8.1 | J104: 0.099 | K104: 53.7 | L104: 43.9 | M104: 2.4 | N104: 0.041 | O104: 56.4 | P104: 43.6 | Q104: 0 | R104: 0.078 | S104: 30.4 | T104: 65.1 | U104: 4.4 | V104: 0.434 | W104: 29.9 | X104: 60 | Y104: 10.2 | Z104: 0.228 | AA104: 10.7 | AB104: 60.9 | AC104: 28.3 | AD104: 0.019
B105: Professionals | C105: 61.6 | D105: 33.9 | E105: 4.5 | F105: 0.177 | G105: 60.9 | H105: 36.2 | I105: 2.9 | J105: 0.138 | K105: 66.4 | L105: 32.9 | M105: 0.7 | N105: 0.143 | O105: 59.6 | P105: 35.4 | Q105: 5 | R105: 0.161 | S105: 29.8 | T105: 62.9 | U105: 7.3 | V105: 0.343 | W105: 28.9 | X105: 58.8 | Y105: 12.3 | Z105: 0.709 | AA105: 14.6 | AB105: 40.1 | AC105: 45.3 | AD105: 0.926
B106: 21 Arts and media professionals | C106: - | D106: - | E106: - | F106: - | G106: 0 | H106: 100 | I106: 0 | J106: 0.001 | K106: 33.3 | L106: 66.7 | M106: 0 | N106: 0.003 | O106: 50 | P106: 50 | Q106: 0 | R106: 0.004 | S106: 9.1 | T106: 63.9 | U106: 27 | V106: 0.011 | W106: 25.7 | X106: 26.8 | Y106: 47.6 | Z106: 0.012 | AA106: 14.4 | AB106: 22.9 | AC106: 62.7 | AD106: 0.014
B107: 22 Business, human resource and marketing professionals | C107: 73.1 | D107: 23.1 | E107: 3.8 | F107: 0.026 | G107: 62.5 | H107: 37.5 | I107: 0 | J107: 0.008 | K107: 37.5 | L107: 62.5 | M107: 0 | N107: 0.008 | O107: 66.7 | P107: 33.3 | Q107: 0 | R107: 0.006 | S107: 33.8 | T107: 54 | U107: 12.2 | V107: 0.089 | W107: 28.7 | X107: 57.9 | Y107: 13.4 | Z107: 0.319 | AA107: 14.6 | AB107: 42.3 | AC107: 43.1 | AD107: 0.585
B108: 23 Design, engineering, science and transport professionals | C108: 53.7 | D108: 42.6 | E108: 3.7 | F108: 0.054 | G108: 74.4 | H108: 25.6 | I108: 0 | J108: 0.039 | K108: 79.2 | L108: 20.8 | M108: 0 | N108: 0.024 | O108: 72.7 | P108: 24.2 | Q108: 3 | R108: 0.033 | S108: 60.3 | T108: 20.3 | U108: 19.4 | V108: 0.025 | W108: 43.6 | X108: 31.9 | Y108: 24.5 | Z108: 0.062 | AA108: 22.1 | AB108: 20.2 | AC108: 57.7 | AD108: 0.109
B109: 24 Education professionals | C109: - | D109: - | E109: - | F109: - | G109: - | H109: - | I109: - | J109: - | K109: - | L109: - | M109: - | N109: - | O109: - | P109: - | Q109: - | R109: - | S109: - | T109: - | U109: - | V109: - | W109: - | X109: - | Y109: - | Z109: - | AA109: - | AB109: - | AC109: - | AD109: -
B110: 25 Health professionals | C110: - | D110: - | E110: - | F110: - | G110: - | H110: - | I110: - | J110: - | K110: - | L110: - | M110: - | N110: - | O110: - | P110: - | Q110: - | R110: - | S110: - | T110: - | U110: - | V110: - | W110: - | X110: - | Y110: - | Z110: - | AA110: - | AB110: - | AC110: - | AD110: -
B111: 26 ICT professionals | C111: 83.9 | D111: 16.1 | E111: 0 | F111: 0.062 | G111: 68.4 | H111: 26.3 | I111: 5.3 | J111: 0.057 | K111: 85.5 | L111: 14.5 | M111: 0 | N111: 0.062 | O111: 74.6 | P111: 17.9 | Q111: 7.5 | R111: 0.067 | S111: 61.5 | T111: 38.6 | U111: 0 | V111: 0.052 | W111: 75.5 | X111: 19.7 | Y111: 4.8 | Z111: 0.057 | AA111: 0 | AB111: 18.3 | AC111: 81.7 | AD111: 0.017
B112: 27 Legal, social and welfare professionals | C112: 25.7 | D112: 60 | E112: 14.3 | F112: 0.035 | G112: 33.3 | H112: 63.6 | I112: 3 | J112: 0.033 | K112: 41.3 | L112: 56.5 | M112: 2.2 | N112: 0.046 | O112: 31.4 | P112: 64.7 | Q112: 3.9 | R112: 0.051 | S112: 14.5 | T112: 81.6 | U112: 3.9 | V112: 0.166 | W112: 15.5 | X112: 76.4 | Y112: 8.1 | Z112: 0.259 | AA112: 11.8 | AB112: 47.3 | AC112: 40.9 | AD112: 0.201
B113: Community and personal service workers | C113: 56.2 | D113: 40.6 | E113: 3.2 | F113: 10.097 | G113: 54.5 | H113: 41.3 | I113: 4.3 | J113: 8.84 | K113: 57 | L113: 38.7 | M113: 4.3 | N113: 9.084 | O113: 54.1 | P113: 41.3 | Q113: 4.6 | R113: 8.88 | S113: 49.5 | T113: 44.1 | U113: 6.3 | V113: 10.972 | W113: 44.2 | X113: 46.3 | Y113: 9.4 | Z113: 11.695 | AA113: 24.5 | AB113: 44.9 | AC113: 30.6 | AD113: 14.453
B114: 41 Health and welfare support workers | C114: 73.3 | D114: 22.7 | E114: 4 | F114: 0.445 | G114: 55.7 | H114: 38.6 | I114: 5.7 | J114: 0.228 | K114: 40.9 | L114: 46.4 | M114: 12.7 | N114: 0.237 | O114: 34.6 | P114: 59.4 | Q114: 6 | R114: 0.162 | S114: 36.6 | T114: 53.1 | U114: 10.4 | V114: 0.412 | W114: 29.9 | X114: 47.3 | Y114: 22.8 | Z114: 0.539 | AA114: 11.3 | AB114: 42.8 | AC114: 45.9 | AD114: 0.701
B115: 42 Carers and aides | C115: 63.6 | D115: 33.7 | E115: 2.7 | F115: 5.776 | G115: 62.3 | H115: 34.1 | I115: 3.6 | J115: 5.424 | K115: 63.3 | L115: 32.7 | M115: 4.1 | N115: 5.695 | O115: 60.2 | P115: 35.4 | Q115: 4.4 | R115: 6.004 | S115: 57.3 | T115: 37.7 | U115: 5.1 | V115: 7.257 | W115: 50.5 | X115: 41.8 | Y115: 7.7 | Z115: 8.231 | AA115: 26 | AB115: 43.4 | AC115: 30.6 | AD115: 9.992
B116: 43 Hospitality workers | C116: 37.2 | D116: 57.8 | E116: 5 | F116: 2.484 | G116: 33.8 | H116: 58.1 | I116: 8.1 | J116: 1.75 | K116: 38.9 | L116: 54.2 | M116: 6.9 | N116: 1.743 | O116: 42.7 | P116: 48.7 | Q116: 8.6 | R116: 1.334 | S116: 27.6 | T116: 62.4 | U116: 10 | V116: 2.251 | W116: 24.7 | X116: 63.7 | Y116: 11.6 | Z116: 2.215 | AA116: 20.2 | AB116: 52.6 | AC116: 27.2 | AD116: 2.574
B117: 44 Protective service workers | C117: 56.5 | D117: 43.5 | E117: 0 | F117: 0.069 | G117: 64.2 | H117: 35 | I117: 0.8 | J117: 0.123 | K117: 68.8 | L117: 31.2 | M117: 0 | N117: 0.077 | O117: 61.2 | P117: 37.6 | Q117: 1.2 | R117: 0.245 | S117: 64.2 | T117: 29.5 | U117: 6.4 | V117: 0.455 | W117: 42.2 | X117: 47 | Y117: 10.7 | Z117: 0.116 | AA117: 52.4 | AB117: 43.7 | AC117: 3.8 | AD117: 0.206
B118: 45 Sports and personal service workers | C118: 53.9 | D118: 44.3 | E118: 1.8 | F118: 1.323 | G118: 48.7 | H118: 49.4 | I118: 2 | J118: 1.315 | K118: 55.9 | L118: 43.4 | M118: 0.8 | N118: 1.332 | O118: 36.2 | P118: 62.1 | Q118: 1.7 | R118: 1.135 | S118: 36.3 | T118: 58.6 | U118: 5.1 | V118: 0.597 | W118: 43.3 | X118: 43.8 | Y118: 12.9 | Z118: 0.594 | AA118: 24.2 | AB118: 41.8 | AC118: 34.1 | AD118: 0.98
B119: Clerical and administrative workers | C119: 53.4 | D119: 42.3 | E119: 4.4 | F119: 5.43 | G119: 55.3 | H119: 40.6 | I119: 4.1 | J119: 5.19 | K119: 55.7 | L119: 40 | M119: 4.3 | N119: 5.181 | O119: 52.9 | P119: 41.7 | Q119: 5.4 | R119: 4.776 | S119: 44.5 | T119: 45.8 | U119: 9.7 | V119: 7.812 | W119: 38 | X119: 50.2 | Y119: 11.8 | Z119: 9.672 | AA119: 24.2 | AB119: 46.6 | AC119: 29.2 | AD119: 12.334
B120: 51 Office managers and program administrators | C120: 44.7 | D120: 44.2 | E120: 11.1 | F120: 0.838 | G120: 46.5 | H120: 43.6 | I120: 9.9 | J120: 0.785 | K120: 48.9 | L120: 41.7 | M120: 9.5 | N120: 0.984 | O120: 51.9 | P120: 39.7 | Q120: 8.5 | R120: 0.814 | S120: 32.8 | T120: 51.8 | U120: 15.4 | V120: 2.923 | W120: 28.9 | X120: 55 | Y120: 16.1 | Z120: 3.761 | AA120: 17.1 | AB120: 49.8 | AC120: 33.2 | AD120: 5.4
B121: 52 Personal assistants and secretaries | C121: 60.6 | D121: 39.4 | E121: 0 | F121: 0.071 | G121: 73.7 | H121: 26.3 | I121: 0 | J121: 0.057 | K121: 71.4 | L121: 28.6 | M121: 0 | N121: 0.07 | O121: 60.9 | P121: 37 | Q121: 2.2 | R121: 0.046 | S121: 72.9 | T121: 22.9 | U121: 4.2 | V121: 0.048 | W121: 66 | X121: 34.2 | Y121: 0 | Z121: 0.05 | AA121: 50.8 | AB121: 47.6 | AC121: 1.6 | AD121: 0.046
B122: 53 General clerical workers | C122: 65.5 | D122: 31.8 | E122: 2.7 | F122: 1.783 | G122: 62.3 | H122: 34.6 | I122: 3.1 | J122: 1.836 | K122: 65.1 | L122: 31.5 | M122: 3.4 | N122: 1.786 | O122: 63.5 | P122: 31.6 | Q122: 4.8 | R122: 1.613 | S122: 58.3 | T122: 35.3 | U122: 6.4 | V122: 2.133 | W122: 51.1 | X122: 40.4 | Y122: 8.5 | Z122: 3.112 | AA122: 38.8 | AB122: 42.3 | AC122: 19 | AD122: 3.897
... B124: 55 Numerical clerks | C124: 58 | D124: 40.8 | E124: 1.2 | F124: 1.074 | G124: 58.5 | H124: 39.9 | I124: 1.6 | J124: 0.802 | K124: 60.4 | L124: 38.2 | M124: 1.4 | N124: 0.631 | O124: 51.1 | P124: 44.7 | Q124: 4.2 | R124: 0.497 | S124: 50.4 | T124: 42.7 | U124: 6.9 | V124: 0.467 | W124: 39.5 | X124: 49.4 | Y124: 11.1 | Z124: 0.68 | AA124: 17.4 | AB124: 40.8 | AC124: 41.8 | AD124: 0.783
...

Sheet Vic
B1: Completion and attrition rates for apprentices and trainees 2023: data tables - to date
B2: Victoria
N3: Back to Index
B4: =Index!$C8 & " Vic : " & Index!B8 -> Table 1 Vic : Individual completion rates to date, based on a recommencement adjustment factor, and contract completion rates to date for trade and non-trade occupations commencing in 2017 to 2019
B6: Occupation (ANZSCO) group | C6: 2017 | F6: 2018 | I6: 2019
C7: Average annual adjustment factor | D7: Contract completion rate | E7: Individual completion rate | F7: Average annual adjustment factor | G7: Contract completion rate | H7: Individual completion rate | I7: Average annual adjustment factor | J7: Contract completion rate | K7: Individual completion rate
C8: Ratio | D8: % | E8: % | F8: Ratio | G8: % | H8: % | I8: Ratio | J8: % | K8: %
B9: Managers | C9: 1.01 | D9: 39.1 | E9: 39.4 | F9: 1 | G9: 43.1 | H9: 43.3 | I9: 1 | J9: 61 | K9: 61.3
B10: 11 Chief executives, general managers and legislators | C10: 1 | D10: 68.4 | E10: 68.5 | F10: 1 | G10: 42.5 | H10: 42.6 | I10: 1 | J10: 63.8 | K10: 63.9
B11: 12 Farmers and farm managers | C11: 1.02 | D11: 31.7 | E11: 32.5 | F11: 1.02 | G11: 51 | H11: 52.2 | I11: 1.03 | J11: 66.2 | K11: 68.2
B12: 13 Specialist managers | C12: 1.01 | D12: 58.7 | E12: 59.3 | F12: 1 | G12: 27.1 | H12: 27.1 | I12: 1 | J12: 57.9 | K12: 58
B13: 14 Hospitality, retail and service managers | C13: 1.01 | D13: 13.3 | E13: 13.4 | F13: 1.01 | G13: 57.9 | H13: 58.2 | I13: 1 | J13: 52.1 | K13: 52.2
B14: Professionals | C14: 1 | D14: 56.9 | E14: 57.1 | F14: 1.01 | G14: 25.8 | H14: 26 | I14: 1.01 | J14: 27.5 | K14: 27.7
B15: 21 Arts and media professionals | C15: 1 | D15: 0 | E15: 0 | F15: - | G15: - | H15: - | I15: 1 | J15: 0 | K15: 0
B16: 22 Business, human resource and marketing professionals | C16: 1 | D16: 35.7 | E16: 35.8 | F16: 1 | G16: 40 | H16: 40 | I16: 1 | J16: 42.9 | K16: 43
B17: 23 Design, engineering, science and transport professionals | C17: 1 | D17: 100 | E17: 100 | F17: 1.02 | G17: 45.5 | H17: 46.2 | I17: 1.02 | J17: 20 | K17: 20.5
B18: 24 Education professionals | C18: - | D18: - | E18: - | F18: - | G18: - | H18: - | I18: - | J18: - | K18: -
B19: 25 Health professionals | C19: - | D19: - | E19: - | F19: - | G19: - | H19: - | I19: - | J19: - | K19: -
B20: 26 ICT professionals | C20: 1.01 | D20: 62.5 | E20: 63 | F20: 1.01 | G20: 15.6 | H20: 15.8 | I20: 1 | J20: 30 | K20: 30
B21: 27 Legal, social and welfare professionals | C21: 1 | D21: 40 | E21: 40.2 | F21: 1.01 | G21: 0 | H21: 0 | I21: 1.01 | J21: 26.7 | K21: 27
B22: Technicians and trades workers | C22: 1.33 | D22: 39.5 | E22: 52.7 | F22: 1.3 | G22: 38.8 | H22: 50.6 | I22: 1.28 | J22: 38.5 | K22: 49.5
B23: 31 Engineering, ICT and science technicians | C23: 1.01 | D23: 57.1 | E23: 57.9 | F23: 1.01 | G23: 57.6 | H23: 58.3 | I23: 1.01 | J23: 50.2 | K23: 50.6
B24: 32 Automotive and engineering trades workers | C24: 1.19 | D24: 42.9 | E24: 51 | F24: 1.18 | G24: 42.8 | H24: 50.4 | I24: 1.17 | J24: 41 | K24: 48.1
B25: 33 Construction trades workers | C25: 1.51 | D25: 35.3 | E25: 53.3 | F25: 1.45 | G25: 34.8 | H25: 50.2 | I25: 1.4 | J25: 35.6 | K25: 50
B26: 34 Electrotechnology and telecommunications trades workers | C26: 1.42 | D26: 47.4 | E26: 67.1 | F26: 1.36 | G26: 44.8 | H26: 61.2 | I26: 1.34 | J26: 45.1 | K26: 60.4
B27: 35 Food trades workers | C27: 1.21 | D27: 36.5 | E27: 44.2 | F27: 1.2 | G27: 36.1 | H27: 43.4 | I27: 1.17 | J27: 35 | K27: 41.1
B28: 36 Skilled animal and horticultural workers | C28: 1.13 | D28: 43.1 | E28: 48.8 | F28: 1.14 | G28: 41.4 | H28: 47.3 | I28: 1.14 | J28: 42.3 | K28: 48.3
B29: 39 Other technicians and trades workers | C29: 1.22 | D29: 36.7 | E29: 44.6 | F29: 1.23 | G29: 35.8 | H29: 43.9 | I29: 1.24 | J29: 31.7 | K29: 39.2
B30: 391 Hairdressers | C30: 1.39 | D30: 28.5 | E30: 39.7 | F30: 1.44 | G30: 28.4 | H30: 40.9 | I30: 1.44 | J30: 25.3 | K30: 36.4
B31: 392 Printing trades workers | C31: 1.02 | D31: 73.6 | E31: 74.9 | F31: 1.03 | G31: 45.4 | H31: 46.6 | I31: 1.04 | J31: 52.4 | K31: 54.3
... B46: 55 Numerical clerks | C46: 1 | D46: 63.3 | E46: 63.5 | F46: 1 | G46: 70 | H46: 70.2 | I46: 1 | J46: 73.9 | K46: 74.1
B47: 56 Clerical and office support workers | C47: - | D47: - | E47: - | F47: - | G47: - | H47: - | I47: - | J47: - | K47: -
B48: 59 Other clerical and administrative workers | C48: 1.01 | D48: 42.8 | E48: 43 | F48: 1.02 | G48: 40.2 | H48: 40.8 | I48: 1.02 | J48: 35.2 | K48: 35.8
B49: Sales workers | C49: 1.01 | D49: 59.4 | E49: 60.1 | F49: 1.01 | G49: 65.4 | H49: 66.1 | I49: 1.01 | J49: 52.1 | K49: 52.7
B50: 61 Sales representatives and agents | C50: 1.02 | D50: 46.7 | E50: 47.6 | F50: 1.02 | G50: 50.9 | H50: 51.9 | I50: 1.02 | J50: 39.3 | K50: 40.1
B51: 62 Sales assistants and salespersons | C51: 1.01 | D51: 59.9 | E51: 60.6 | F51: 1.01 | G51: 66.3 | H51: 67 | I51: 1.01 | J51: 52.5 | K51: 53
B52: 63 Sales support workers | C52: 1 | D52: 66.7 | E52: 66.7 | F52: 1 | G52: 91.7 | H52: 91.7 | I52: 1 | J52: 68.8 | K52: 68.8
B53: Machinery operators and drivers | C53: 1.02 | D53: 49.8 | E53: 50.6 | F53: 1.02 | G53: 54.1 | H53: 55.4 | I53: 1.03 | J53: 53.2 | K53: 54.7
B54: 71 Machine and stationary plant operators | C54: 1.05 | D54: 29.1 | E54: 30.5 | F54: 1.05 | G54: 13.1 | H54: 13.7 | I54: 1.03 | J54: 19.5 | K54: 20.2
B55: 72 Mobile plant operators | C55: 1.02 | D55: 54.7 | E55: 56 | F55: 1.03 | G55: 48.9 | H55: 50.3 | I55: 1.03 | J55: 42.6 | K55: 44
B56: 73 Road and rail drivers | C56: 1.01 | D56: 44.2 | E56: 44.4 | F56: 1.04 | G56: 51.6 | H56: 53.5 | I56: 1.04 | J56: 69.6 | K56: 72.1
B57: 74 Storepersons | C57: 1.01 | D57: 51 | E57: 51.6 | F57: 1.01 | G57: 61.6 | H57: 62 | I57: 1.01 | J57: 51.3 | K57: 51.6
B58: Labourers | C58: 1.03 | D58: 47.9 | E58: 49.1 | F58: 1.02 | G58: 53.1 | H58: 54.3 | I58: 1.02 | J58: 48.5 | K58: 49.6
B59: 81 Cleaners and laundry workers | C59: 1 | D59: 57.3 | E59: 57.5 | F59: 1.01 | G59: 54.7 | H59: 55.1 | I59: 1.01 | J59: 62.5 | K59: 63
... B67: All occupations | C67: 1.19 | D67: 45.9 | E67: 54.6 | F67: 1.17 | G67: 45.7 | H67: 53.6 | I67: 1.16 | J67: 44.5 | K67: 51.7
B68: Explanatory notes
B69: Note: A dash (-) indicates a true zero figure, with no contracts reported in these categories.
B71: =Index!$C9 & " Vic : " & Index!B9 -> Table 2 Vic : Contract completion and attrition rates to date in trade occupations, for contracts commencing in 2016 to 2022
B73: Occupation (ANZSCO) group | C73: 2016 | G73: 2017 | K73: 2018 | O73: 2019 | S73: 2020 | W73: 2021 | AA73: 2022
C74: Completion rates to date | D74: Attrition rates to date | E74: Continuing or outcome not known | F74: Number of contracts | G74: Completion rates to date | H74: Attrition rates to date | I74: Continuing or outcome not known | J74: Number of contracts | K74: Completion rates to date | L74: Attrition rates to date | M74: Continuing or outcome not known | N74: Number of contracts | O74: Completion rates to date | P74: Attrition rates to date | Q74: Continuing or outcome not known | R74: Number of contracts | S74: Completion rates to date | T74: Attrition rates to date | U74: Continuing or outcome not known | V74: Number of contracts | W74: Completion rates to date | X74: Attrition rates to date | Y74: Continuing or outcome not known | Z74: Number of contracts | AA74: Completion rates to date | AB74: Attrition rates to date | AC74: Continuing or outcome not known | AD74: Number of contracts
C75: % | D75: % | E75: % | F75: ('000) | G75: % | H75: % | I75: % | J75: ('000) | K75: % | L75: % | M75: % | N75: ('000) | O75: % | P75: % | Q75: % | R75: ('000) | S75: % | T75: % | U75: % | V75: ('000) | W75: % | X75: % | Y75: % | Z75: ('000) | AA75: % | AB75: % | AC75: % | AD75: ('000)
B76: Technicians and trades workers
B77: 31 Engineering, ICT and science technicians | C77: 54.2 | D77: 38 | E77: 7.8 | F77: 0.605 | G77: 57.1 | H77: 37.1 | I77: 5.8 | J77: 0.464 | K77: 57.6 | L77: 34.6 | M77: 7.8 | N77: 0.587 | O77: 50.2 | P77: 35.5 | Q77: 14.4 | R77: 0.649 | S77: 40.3 | T77: 44.9 | U77: 14.8 | V77: 0.712 | W77: 29.7 | X77: 54.9 | Y77: 15.4 | Z77: 1.642 | AA77: 23.5 | AB77: 37.2 | AC77: 39.4 | AD77: 1.183
B78: 32 Automotive and engineering trades workers | C78: 49.6 | D78: 46.9 | E78: 3.5 | F78: 4.432 | G78: 42.9 | H78: 52.5 | I78: 4.6 | J78: 4.049 | K78: 42.8 | L78: 51.1 | M78: 6.1 | N78: 4.193 | O78: 41 | P78: 50.8 | Q78: 8.2 | R78: 3.977 | S78: 25.1 | T78: 51 | U78: 24 | V78: 3.428 | W78: 13.5 | X78: 47.5 | Y78: 39.1 | Z78: 4.663 | AA78: 5.8 | AB78: 36.7 | AC78: 57.4 | AD78: 5.159
B79: 33 Construction trades workers | C79: 37.6 | D79: 58.3 | E79: 4.1 | F79: 9.618 | G79: 35.3 | H79: 60 | I79: 4.6 | J79: 10.246 | K79: 34.8 | L79: 59.7 | M79: 5.6 | N79: 11.205 | O79: 35.6 | P79: 57.3 | Q79: 7.1 | R79: 10.427 | S79: 22.1 | T79: 56 | U79: 21.9 | V79: 10.034 | W79: 12.5 | X79: 54.6 | Y79: 32.9 | Z79: 11.776 | AA79: 8.9 | AB79: 43.1 | AC79: 48 | AD79: 11.615
B80: 34 Electrotechnology and telecommunications trades workers | C80: 49.9 | D80: 46.4 | E80: 3.7 | F80: 3.589 | G80: 47.4 | H80: 48.6 | I80: 4 | J80: 3.827 | K80: 44.8 | L80: 51.3 | M80: 3.9 | N80: 4.731 | O80: 45.1 | P80: 49.3 | Q80: 5.6 | R80: 4.688 | S80: 21.8 | T80: 51.6 | U80: 26.6 | V80: 4.137 | W80: 13.8 | X80: 46.9 | Y80: 39.3 | Z80: 6.077 | AA80: 9.1 | AB80: 37.1 | AC80: 53.8 | AD80: 6.742
B81: 35 Food trades workers | C81: 34.4 | D81: 58.8 | E81: 6.9 | F81: 3.049 | G81: 36.5 | H81: 56.7 | I81: 6.8 | J81: 2.287 | K81: 36.1 | L81: 55.7 | M81: 8.3 | N81: 2.236 | O81: 35 | P81: 54.1 | Q81: 11 | R81: 2.225 | S81: 31.2 | T81: 52.3 | U81: 16.5 | V81: 1.842 | W81: 25 | X81: 50.3 | Y81: 24.7 | Z81: 2.449 | AA81: 14.7 | AB81: 39.7 | AC81: 45.6 | AD81: 2.459
B82: 36 Skilled animal and horticultural workers | C82: 41.7 | D82: 53.8 | E82: 4.4 | F82: 1.404 | G82: 43.1 | H82: 51.6 | I82: 5.2 | J82: 1.379 | K82: 41.4 | L82: 52.3 | M82: 6.3 | N82: 1.43 | O82: 42.3 | P82: 51 | Q82: 6.7 | R82: 1.432 | S82: 31.7 | T82: 49.3 | U82: 18.9 | V82: 1.551 | W82: 20.2 | X82: 51.4 | Y82: 28.4 | Z82: 2.132 | AA82: 11.9 | AB82: 41.1 | AC82: 47 | AD82: 1.828
B83: 39 Other technicians and trades workers | C83: 42.3 | D83: 52.9 | E83: 4.7 | F83: 3.079 | G83: 36.7 | H83: 58.3 | I83: 5 | J83: 2.663 | K83: 35.8 | L83: 57.6 | M83: 6.7 | N83: 2.594 | O83: 31.7 | P83: 57.8 | Q83: 10.5 | R83: 2.141 | S83: 30.5 | T83: 54.3 | U83: 15.2 | V83: 2.431 | W83: 17.9 | X83: 55.1 | Y83: 26.9 | Z83: 2.801 | AA83: 15.3 | AB83: 43.9 | AC83: 40.8 | AD83: 3.087
B84: 391 Hairdressers | C84: 31.4 | D84: 63.8 | E84: 4.8 | F84: 1.105 | G84: 28.5 | H84: 65.7 | I84: 5.8 | J84: 1.206 | K84: 28.4 | L84: 65.8 | M84: 5.8 | N84: 1.037 | O84: 25.3 | P84: 64.7 | Q84: 10 | R84: 1.068 | S84: 26.2 | T84: 60.1 | U84: 13.7 | V84: 1.007 | W84: 17.4 | X84: 57.5 | Y84: 25 | Z84: 1.246 | AA84: 10.5 | AB84: 47.9 | AC84: 41.6 | AD84: 1.227
B85: 392 Printing trades workers | C85: 61.8 | D85: 28.7 | E85: 9.5 | F85: 0.275 | G85: 73.6 | H85: 23.2 | I85: 3.2 | J85: 0.125 | K85: 45.4 | L85: 46.2 | M85: 8.3 | N85: 0.132 | O85: 52.4 | P85: 35.2 | Q85: 12.3 | R85: 0.095 | S85: 23.6 | T85: 43 | U85: 33.4 | V85: 0.048 | W85: 3.9 | X85: 48.5 | Y85: 47.6 | Z85: 0.079 | AA85: 2.2 | AB85: 35.9 | AC85: 61.8 | AD85: 0.094
B86: 393 Textile, clothing and footwear trades workers | C86: 41.7 | D86: 50 | E86: 8.3 | F86: 0.012 | G86: 39.1 | H86: 39.1 | I86: 21.7 | J86: 0.023 | K86: 21.4 | L86: 57.1 | M86: 21.4 | N86: 0.014 | O86: 25 | P86: 50 | Q86: 25 | R86: 0.008 | S86: 50 | T86: 20.9 | U86: 29.1 | V86: 0.02 | W86: 6.4 | X86: 64.7 | Y86: 28.9 | Z86: 0.017 | AA86: 0 | AB86: 69.5 | AC86: 30.5 | AD86: 0.011
B87: 394 Wood trades workers | C87: 43.1 | D87: 51.6 | E87: 5.3 | F87: 0.701 | G87: 35.7 | H87: 59.1 | I87: 5.2 | J87: 0.614 | K87: 39 | L87: 54.2 | M87: 6.8 | N87: 0.661 | O87: 39.8 | P87: 52.1 | Q87: 8.1 | R87: 0.569 | S87: 28 | T87: 51.7 | U87: 20.3 | V87: 0.529 | W87: 11.9 | X87: 48.1 | Y87: 40 | Z87: 0.658 | AA87: 7 | AB87: 38.4 | AC87: 54.6 | AD87: 0.665
B88: 399 Miscellaneous technicians and trades workers | C88: 48.6 | D88: 48.5 | E88: 2.9 | F88: 0.986 | G88: 45 | H88: 51.8 | I88: 3.2 | J88: 0.695 | K88: 41.7 | L88: 51.1 | M88: 7.2 | N88: 0.75 | O88: 32.7 | P88: 53.1 | Q88: 14.2 | R88: 0.401 | S88: 37.3 | T88: 50.3 | U88: 12.3 | V88: 0.827 | W88: 25.2 | X88: 57.6 | Y88: 17.1 | Z88: 0.801 | AA88: 27.1 | AB88: 43 | AC88: 29.8 | AD88: 1.09
... B91: All occupations | C91: 45.8 | D91: 50.3 | E91: 3.8 | F91: 49.258 | G91: 45.9 | H91: 50.1 | I91: 4 | J91: 42.91 | K91: 45.7 | L91: 49 | M91: 5.3 | N91: 44.273 | O91: 44.5 | P91: 48.1 | Q91: 7.4 | R91: 41.046 | S91: 34.2 | T91: 48.7 | U91: 17.1 | V91: 40.22 | W91: 24.5 | X91: 50.1 | Y91: 25.4 | Z91: 52.168 | AA91: 18.7 | AB91: 41.6 | AC91: 39.8 | AD91: 57.52
B92: Explanatory notes
B93: Note: A dash (-) indicates a true zero figure, with no contracts reported in these categories.
B95: =Index!$C10 & " Vic : " & Index!B10 -> Table 3 Vic : Contract completion and attrition rates to date in non-trade occupations, for contracts commencing in 2016 to 2022
B97: Occupation (ANZSCO) group | C97: 2016 | G97: 2017 | K97: 2018 | O97: 2019 | S97: 2020 | W97: 2021 | AA97: 2022
C98: Completion rates to date | D98: Attrition rates to date | E98: Continuing or outcome not known | F98: Number of contracts | G98: Completion rates to date | H98: Attrition rates to date | I98: Continuing or outcome not known | J98: Number of contracts | K98: Completion rates to date | L98: Attrition rates to date | M98: Continuing or outcome not known | N98: Number of contracts | O98: Completion rates to date | P98: Attrition rates to date | Q98: Continuing or outcome not known | R98: Number of contracts | S98: Completion rates to date | T98: Attrition rates to date | U98: Continuing or outcome not known | V98: Number of contracts | W98: Completion rates to date | X98: Attrition rates to date | Y98: Continuing or outcome not known | Z98: Number of contracts | AA98: Completion rates to date | AB98: Attrition rates to date | AC98: Continuing or outcome not known | AD98: Number of contracts
C99: % | D99: % | E99: % | F99: ('000) | G99: % | H99: % | I99: % | J99: ('000) | K99: % | L99: % | M99: % | N99: ('000) | O99: % | P99: % | Q99: % | R99: ('000) | S99: % | T99: % | U99: % | V99: ('000) | W99: % | X99: % | Y99: % | Z99: ('000) | AA99: % | AB99: % | AC99: % | AD99: ('000)
B100: Managers | C100: 35 | D100: 62.3 | E100: 2.6 | F100: 0.993 | G100: 39.1 | H100: 53 | I100: 7.9 | J100: 0.302 | K100: 43.1 | L100: 29 | M100: 27.9 | N100: 0.376 | O100: 61 | P100: 23.9 | Q100: 15.1 | R100: 0.264 | S100: 45.8 | T100: 45.4 | U100: 8.8 | V100: 1.087 | W100: 25.3 | X100: 50.9 | Y100: 23.8 | Z100: 0.596 | AA100: 23.9 | AB100: 40.1 | AC100: 35.9 | AD100: 0.586
B101: 11 Chief executives, general managers and legislators | C101: 20.7 | D101: 77.2 | E101: 2.2 | F101: 0.092 | G101: 68.4 | H101: 31.6 | I101: 0 | J101: 0.038 | K101: 42.5 | L101: 11 | M101: 46.5 | N101: 0.2 | O101: 63.8 | P101: 11.7 | Q101: 24.4 | R101: 0.094 | S101: 45.5 | T101: 43.4 | U101: 11.2 | V101: 0.48 | W101: 17.6 | X101: 62.4 | Y101: 20 | Z101: 0.286 | AA101: 17.5 | AB101: 44.7 | AC101: 37.8 | AD101: 0.4
B102: 12 Farmers and farm managers | C102: 52.3 | D102: 45.3 | E102: 2.4 | F102: 0.287 | G102: 31.7 | H102: 59.8 | I102: 8.5 | J102: 0.082 | K102: 51 | L102: 42.9 | M102: 6.1 | N102: 0.049 | O102: 66.2 | P102: 32.3 | Q102: 1.5 | R102: 0.065 | S102: 52.2 | T102: 37 | U102: 10.9 | V102: 0.046 | W102: 41.7 | X102: 49.5 | Y102: 8.8 | Z102: 0.06 | AA102: 52.9 | AB102: 28.4 | AC102: 18.8 | AD102: 0.048
B103: 13 Specialist managers | C103: 34.6 | D103: 60.5 | E103: 4.9 | F103: 0.243 | G103: 58.7 | H103: 32.6 | I103: 8.7 | J103: 0.092 | K103: 27.1 | L103: 65.7 | M103: 7.1 | N103: 0.07 | O103: 57.9 | P103: 31.6 | Q103: 10.5 | R103: 0.057 | S103: 35.3 | T103: 51.7 | U103: 13 | V103: 0.136 | W103: 34.7 | X103: 41.9 | Y103: 23.4 | Z103: 0.137 | AA103: 7.9 | AB103: 45.9 | AC103: 46.1 | AD103: 0.04
B104: 14 Hospitality, retail and service managers | C104: 25.6 | D104: 73 | E104: 1.3 | F104: 0.371 | G104: 13.3 | H104: 76.7 | I104: 10 | J104: 0.09 | K104: 57.9 | L104: 35.1 | M104: 7 | N104: 0.057 | O104: 52.1 | P104: 27.1 | Q104: 20.8 | R104: 0.048 | S104: 48.9 | T104: 46.6 | U104: 4.5 | V104: 0.425 | W104: 24.9 | X104: 33.4 | Y104: 41.7 | Z104: 0.113 | AA104: 42.5 | AB104: 24.9 | AC104: 32.6 | AD104: 0.098
B105: Professionals | C105: 46.8 | D105: 47.6 | E105: 5.6 | F105: 0.126 | G105: 56.9 | H105: 37.3 | I105: 5.9 | J105: 0.051 | K105: 25.8 | L105: 61.3 | M105: 12.9 | N105: 0.062 | O105: 27.5 | P105: 60.8 | Q105: 11.8 | R105: 0.051 | S105: 26.7 | T105: 55.4 | U105: 17.9 | V105: 0.203 | W105: 24.8 | X105: 54 | Y105: 21.2 | Z105: 0.334 | AA105: 11 | AB105: 44.2 | AC105: 44.8 | AD105: 0.576
B106: 21 Arts and media professionals | C106: - | D106: - | E106: - | F106: - | G106: 0 | H106: 100 | I106: 0 | J106: 0.001 | K106: - | L106: - | M106: - | N106: - | O106: 0 | P106: 75 | Q106: 25 | R106: 0.004 | S106: 50 | T106: 52 | U106: 0 | V106: 0.002 | W106: 20.8 | X106: 40 | Y106: 39.2 | Z106: 0.005 | AA106: 0 | AB106: 105.9 | AC106: 0 | AD106: 0.004
B107: 22 Business, human resource and marketing professionals | C107: 43.8 | D107: 51.3 | E107: 5 | F107: 0.08 | G107: 35.7 | H107: 50 | I107: 14.3 | J107: 0.014 | K107: 40 | L107: 53.3 | M107: 6.7 | N107: 0.015 | O107: 42.9 | P107: 57.1 | Q107: 0 | R107: 0.007 | S107: 29.2 | T107: 51 | U107: 19.8 | V107: 0.12 | W107: 35.6 | X107: 46.4 | Y107: 18 | Z107: 0.122 | AA107: 15.8 | AB107: 39.4 | AC107: 44.8 | AD107: 0.305
B108: 23 Design, engineering, science and transport professionals | C108: 28.6 | D108: 71.4 | E108: 0 | F108: 0.014 | G108: 100 | H108: 0 | I108: 0 | J108: 0.007 | K108: 45.5 | L108: 27.3 | M108: 27.3 | N108: 0.011 | O108: 20 | P108: 60 | Q108: 20 | R108: 0.005 | S108: 25 | T108: 58.8 | U108: 16.2 | V108: 0.012 | W108: 26.5 | X108: 62.1 | Y108: 11.4 | Z108: 0.012 | AA108: 34.1 | AB108: 29.6 | AC108: 36.3 | AD108: 0.019
B109: 24 Education professionals | C109: - | D109: - | E109: - | F109: - | G109: - | H109: - | I109: - | J109: - | K109: - | L109: - | M109: - | N109: - | O109: - | P109: - | Q109: - | R109: - | S109: - | T109: - | U109: - | V109: - | W109: - | X109: - | Y109: - | Z109: - | AA109: - | AB109: - | AC109: - | AD109: -
B110: 25 Health professionals | C110: - | D110: - | E110: - | F110: - | G110: - | H110: - | I110: - | J110: - | K110: - | L110: - | M110: - | N110: - | O110: - | P110: - | Q110: - | R110: - | S110: - | T110: - | U110: - | V110: - | W110: - | X110: - | Y110: - | Z110: - | AA110: - | AB110: - | AC110: - | AD110: -
B111: 26 ICT professionals | C111: 62.5 | D111: 28.1 | E111: 9.4 | F111: 0.032 | G111: 62.5 | H111: 33.3 | I111: 4.2 | J111: 0.024 | K111: 15.6 | L111: 78.1 | M111: 6.3 | N111: 0.032 | O111: 30 | P111: 60 | Q111: 10 | R111: 0.02 | S111: 52.6 | T111: 42.1 | U111: 5.3 | V111: 0.019 | W111: 61.5 | X111: 31.2 | Y111: 7.3 | Z111: 0.026 | AA111: 9.9 | AB111: 39.3 | AC111: 50.8 | AD111: 0.011
B112: 27 Legal, social and welfare professionals | C112: - | D112: - | E112: - | F112: - | G112: 40 | H112: 60 | I112: 0 | J112: 0.005 | K112: 0 | L112: 50 | M112: 50 | N112: 0.004 | O112: 26.7 | P112: 60 | Q112: 13.3 | R112: 0.015 | S112: 10.1 | T112: 70.5 | U112: 19.4 | V112: 0.05 | W112: 11.4 | X112: 62.8 | Y112: 25.7 | Z112: 0.169 | AA112: 3.2 | AB112: 50.7 | AC112: 46.2 | AD112: 0.237
B113: Community and personal service workers | C113: 53.3 | D113: 44.4 | E113: 2.3 | F113: 8.004 | G113: 56.7 | H113: 40.8 | I113: 2.5 | J113: 6.971 | K113: 57.6 | L113: 38.7 | M113: 3.7 | N113: 6.932 | O113: 55.7 | P113: 37.9 | Q113: 6.4 | R113: 6.405 | S113: 49.1 | T113: 39.2 | U113: 11.6 | V113: 5.404 | W113: 43.7 | X113: 44.7 | Y113: 11.6 | Z113: 8.235 | AA113: 35.2 | AB113: 42.7 | AC113: 22.1 | AD113: 10.412
B114: 41 Health and welfare support workers | C114: 74.6 | D114: 23.5 | E114: 1.9 | F114: 1.077 | G114: 61.3 | H114: 34.5 | I114: 4.2 | J114: 0.287 | K114: 50.6 | L114: 39.8 | M114: 9.6 | N114: 0.312 | O114: 59.1 | P114: 35.6 | Q114: 5.4 | R114: 0.403 | S114: 41.9 | T114: 48 | U114: 10.1 | V114: 0.395 | W114: 44.6 | X114: 40.6 | Y114: 14.8 | Z114: 0.638 | AA114: 37.2 | AB114: 35.1 | AC114: 27.7 | AD114: 0.796
B115: 42 Carers and aides | C115: 59.1 | D115: 38.5 | E115: 2.4 | F115: 2.596 | G115: 60.7 | H115: 36.8 | I115: 2.5 | J115: 2.173 | K115: 59.9 | L115: 36.3 | M115: 3.7 | N115: 2.229 | O115: 58.1 | P115: 35.9 | Q115: 6 | R115: 2.349 | S115: 56.8 | T115: 34.2 | U115: 9 | V115: 2.141 | W115: 52 | X115: 37.9 | Y115: 10.1 | Z115: 3.249 | AA115: 34 | AB115: 39.5 | AC115: 26.6 | AD115: 4.566
B116: 43 Hospitality workers | C116: 29.6 | D116: 66.8 | E116: 3.6 | F116: 2.486 | G116: 45 | H116: 52.1 | I116: 2.9 | J116: 2.45 | K116: 47 | L116: 49 | M116: 4 | N116: 2.394 | O116: 48.1 | P116: 43.9 | Q116: 8.1 | R116: 1.856 | S116: 35.7 | T116: 50.5 | U116: 13.7 | V116: 1.859 | W116: 29.4 | X116: 57.4 | Y116: 13.1 | Z116: 3.314 | AA116: 27.6 | AB116: 53.1 | AC116: 19.3 | AD116: 3.665
B117: 44 Protective service workers | C117: 44.1 | D117: 54.3 | E117: 1.6 | F117: 0.127 | G117: 56.7 | H117: 28.8 | I117: 14.4 | J117: 0.208 | K117: 63.4 | L117: 20.4 | M117: 16.2 | N117: 0.216 | O117: 66.5 | P117: 21.8 | Q117: 11.7 | R117: 0.188 | S117: 25.7 | T117: 29.4 | U117: 44.9 | V117: 0.109 | W117: 6.3 | X117: 57.1 | Y117: 36.6 | Z117: 0.132 | AA117: 39.7 | AB117: 37.3 | AC117: 23 | AD117: 0.134
B118: 45 Sports and personal service workers | C118: 66.2 | D118: 33.1 | E118: 0.8 | F118: 1.718 | G118: 66.7 | H118: 32.8 | I118: 0.5 | J118: 1.853 | K118: 69.5 | L118: 29.8 | M118: 0.7 | N118: 1.781 | O118: 59 | P118: 36.2 | Q118: 4.8 | R118: 1.609 | S118: 64.7 | T118: 25.1 | U118: 10.2 | V118: 0.9 | W118: 71.2 | X118: 23.5 | Y118: 5.3 | Z118: 0.902 | AA118: 60.3 | AB118: 29.7 | AC118: 9.9 | AD118: 1.251
B119: Clerical and administrative workers | C119: 42.8 | D119: 51.3 | E119: 5.9 | F119: 4.545 | G119: 55.7 | H119: 40.5 | I119: 3.8 | J119: 3.15 | K119: 53.9 | L119: 41.4 | M119: 4.7 | N119: 3.341 | O119: 56.8 | P119: 34.9 | Q119: 8.3 | R119: 2.983 | S119: 45.3 | T119: 43.5 | U119: 11.2 | V119: 3.482 | W119: 30.5 | X119: 52.2 | Y119: 17.3 | Z119: 5.828 | AA119: 21 | AB119: 45.7 | AC119: 33.4 | AD119: 7.116
B120: 51 Office managers and program administrators | C120: 32 | D120: 60.6 | E120: 7.5 | F120: 1.511 | G120: 55.4 | H120: 36.3 | I120: 8.3 | J120: 0.615 | K120: 51.5 | L120: 37.3 | M120: 11.1 | N120: 0.656 | O120: 52.1 | P120: 33.4 | Q120: 14.5 | R120: 0.566 | S120: 41.4 | T120: 46.3 | U120: 12.3 | V120: 1.318 | W120: 20.9 | X120: 54.8 | Y120: 24.2 | Z120: 1.919 | AA120: 14.1 | AB120: 43.4 | AC120: 42.5 | AD120: 2.84
B121: 52 Personal assistants and secretaries | C121: 71.4 | D121: 23.8 | E121: 4.8 | F121: 0.021 | G121: 46.2 | H121: 42.3 | I121: 11.5 | J121: 0.026 | K121: 77.8 | L121: 22.2 | M121: 0 | N121: 0.018 | O121: 36.7 | P121: 50 | Q121: 13.3 | R121: 0.03 | S121: 64.3 | T121: 28.6 | U121: 7.1 | V121: 0.014 | W121: 70 | X121: 10 | Y121: 20 | Z121: 0.01 | AA121: 18.4 | AB121: 37.7 | AC121: 43.8 | AD121: 0.011
B122: 53 General clerical workers | C122: 57.3 | D122: 39 | E122: 3.6 | F122: 1.568 | G122: 62.1 | H122: 36.1 | I122: 1.8 | J122: 1.302 | K122: 62.7 | L122: 35.1 | M122: 2.1 | N122: 1.323 | O122: 63.8 | P122: 31.6 | Q122: 4.6 | R122: 1.272 | S122: 54.8 | T122: 36.7 | U122: 8.5 | V122: 1.145 | W122: 40.9 | X122: 47.3 | Y122: 11.8 | Z122: 2.259 | AA122: 31.3 | AB122: 48.2 | AC122: 20.5 | AD122: 2.49
B123: 54 Inquiry clerks and receptionists | C123: 32.2 | D123: 62.2 | E123: 5.6 | F123: 0.767 | G123: 41.9 | H123: 54.4 | I123: 3.7 | J123: 0.601 | K123: 39.4 | L123: 57.2 | M123: 3.3 | N123: 0.718 | O123: 49 | P123: 44.3 | Q123: 6.7 | R123: 0.571 | S123: 32.7 | T123: 54.2 | U123: 13 | V123: 0.498 | W123: 33.1 | X123: 54.2 | Y123: 12.8 | Z123: 0.121 | AA123: 0 | AB123: 66.8 | AC123: 33.2 | AD123: 0.007
B124: 55 Numerical clerks | C124: 46.5 | D124: 44.9 | E124: 8.6 | F124: 0.454 | G124: 63.3 | H124: 34.2 | I124: 2.5 | J124: 0.398 | K124: 70 | L124: 26.8 | M124: 3.2 | N124: 0.28 | O124: 73.9 | P124: 24.4 | Q124: 1.8 | R124: 0.271 | S124: 54.4 | T124: 36.4 | U124: 9.2 | V124: 0.184 | W124: 29.9 | X124: 42.8 | Y124: 27.3 | Z124: 0.237 | AA124: 13.7 | AB124: 38.5 | AC124: 47.8 | AD124: 0.336
B125: 56 Clerical and office support workers | C125: - | D125: - | E125: - | F125: - | G125: - | H125: - | I125: - | J125: - | K125: - | L125: - | M125: - | N125: - | O125: - | P125: - | Q125: - | R125: - | S125: - | T125: - | U125: - | V125: - | W125: - | X125: - | Y125: - | Z125: - | AA125: - | AB125: - | AC125: - | AD125: -
B126: 59 Other clerical and administrative workers | C126: 40.6 | D126: 53.1 | E126: 6.3 | F126: 0.224 | G126: 42.8 | H126: 52.4 | I126: 4.8 | J126: 0.208 | K126: 40.2 | L126: 52.9 | M126: 6.9 | N126: 0.346 | O126: 35.2 | P126: 42.8 | Q126: 22 | R126: 0.273 | S126: 41.6 | T126: 43.7 | U126: 14.7 | V126: 0.323 | W126: 25.9 | X126: 58.9 | Y126: 15.2 | Z126: 1.282 | AA126: 18.4 | AB126: 47.5 | AC126: 34.1 | AD126: 1.432
B127: Sales workers | C127: 58.8 | D127: 39.5 | E127: 1.7 | F127: 4.785 | G127: 59.4 | H127: 39.4 | I127: 1.1 | J127: 3.186 | K127: 65.4 | L127: 32.6 | M127: 2.1 | N127: 2.292 | O127: 52.1 | P127: 44.6 | Q127: 3.3 | R127: 2.124 | S127: 45.3 | T127: 44 | U127: 10.7 | V127: 2.622 | W127: 35.3 | X127: 50.8 | Y127: 13.8 | Z127: 2.285 | AA127: 29.8 | AB127: 47 | AC127: 23.2 | AD127: 2.735
B128: 61 Sales representatives and agents | C128: 22 | D128: 74.2 | E128: 3.8 | F128: 0.209 | G128: 46.7 | H128: 45.9 | I128: 7.4 | J128: 0.122 | K128: 50.9 | L128: 44.2 | M128: 4.9 | N128: 0.163 | O128: 39.3 | P128: 47.6 | Q128: 13.1 | R128: 0.084 | S128: 31.4 | T128: 38.5 | U128: 30 | V128: 0.49 | W128: 27.2 | X128: 49.9 | Y128: 22.9 | Z128: 0.518 | AA128: 21.4 | AB128: 48.9 | AC128: 29.8 | AD128: 0.496
...

Sheet Qld
B1: Completion and attrition rates for apprentices and trainees 2023: data tables - to date
B2: Queensland
N3: Back to Index
B4: =Index!$C8 & " Qld : " & Index!B8 -> Table 1 Qld : Individual completion rates to date, based on a recommencement adjustment factor, and contract completion rates to date for trade and non-trade occupations commencing in 2017 to 2019
B6: Occupation (ANZSCO) group | C6: 2017 | F6: 2018 | I6: 2019
C7: Average annual adjustment factor | D7: Contract completion rate | E7: Individual completion rate | F7: Average annual adjustment factor | G7: Contract completion rate | H7: Individual completion rate | I7: Average annual adjustment factor | J7: Contract completion rate | K7: Individual completion rate
C8: Ratio | D8: % | E8: % | F8: Ratio | G8: % | H8: % | I8: Ratio | J8: % | K8: %
B9: Managers | C9: 1.01 | D9: 38.5 | E9: 38.7 | F9: 1.01 | G9: 35.6 | H9: 35.9 | I9: 1.01 | J9: 28.9 | K9: 29.2
B10: 11 Chief executives, general managers and legislators | C10: 1 | D10: 43.1 | E10: 43.3 | F10: 1.01 | G10: 19.4 | H10: 19.5 | I10: 1.01 | J10: 28.6 | K10: 28.8
B11: 12 Farmers and farm managers | C11: 1.02 | D11: 45.5 | E11: 46.3 | F11: 1.02 | G11: 50 | H11: 50.8 | I11: 1.02 | J11: 9.1 | K11: 9.3
B12: 13 Specialist managers | C12: 1.01 | D12: 43.8 | E12: 44 | F12: 1 | G12: 58.3 | H12: 58.3 | I12: 1 | J12: 50 | K12: 50
B13: 14 Hospitality, retail and service managers | C13: 1.01 | D13: 17.1 | E13: 17.3 | F13: 1.01 | G13: 39.5 | H13: 39.9 | I13: 1.01 | J13: 25 | K13: 25.2
B14: Professionals | C14: 1 | D14: 43.8 | E14: 44 | F14: 1 | G14: 44.3 | H14: 44.4 | I14: 1 | J14: 37.7 | K14: 37.8
B15: 21 Arts and media professionals | C15: - | D15: - | E15: - | F15: - | G15: - | H15: - | I15: - | J15: - | K15: -
B16: 22 Business, human resource and marketing professionals | C16: 1 | D16: 60 | E16: 60 | F16: 1 | G16: 33.3 | H16: 33.3 | I16: 1 | J16: 0 | K16: 0
B17: 23 Design, engineering, science and transport professionals | C17: 1 | D17: 39.5 | E17: 39.6 | F17: 1 | G17: 58.3 | H17: 58.6 | I17: 1 | J17: 40.8 | K17: 41
B18: 24 Education professionals | C18: 1 | D18: 28.6 | E18: 28.6 | F18: 1 | G18: 0 | H18: 0 | I18: - | J18: - | K18: -
B19: 25 Health professionals | C19: - | D19: - | E19: - | F19: - | G19: - | H19: - | I19: - | J19: - | K19: -
B20: 26 ICT professionals | C20: 1 | D20: 60 | E20: 60 | F20: 1 | G20: 29.4 | H20: 29.4 | I20: 1 | J20: 45.5 | K20: 45.5
B21: 27 Legal, social and welfare professionals | C21: 1.01 | D21: 37.5 | E21: 37.8 | F21: 1.01 | G21: 30.8 | H21: 31 | I21: 1.01 | J21: 34.5 | K21: 34.7
B22: Technicians and trades workers | C22: 1.22 | D22: 47.7 | E22: 58 | F22: 1.19 | G22: 48.2 | H22: 57.4 | I22: 1.18 | J22: 46.1 | K22: 54.5
B23: 31 Engineering, ICT and science technicians | C23: 1.02 | D23: 71 | E23: 72.2 | F23: 1.02 | G23: 67 | H23: 68.1 | I23: 1.02 | J23: 54.6 | K23: 55.6
B24: 32 Automotive and engineering trades workers | C24: 1.16 | D24: 54.9 | E24: 63.7 | F24: 1.15 | G24: 53.7 | H24: 61.5 | I24: 1.14 | J24: 50.9 | K24: 58.2
B25: 33 Construction trades workers | C25: 1.27 | D25: 40.7 | E25: 51.5 | F25: 1.25 | G25: 43.7 | H25: 54.4 | I25: 1.24 | J25: 42.9 | K25: 53.1
B26: 34 Electrotechnology and telecommunications trades workers | C26: 1.23 | D26: 57.7 | E26: 70.8 | F26: 1.2 | G26: 58 | H26: 69.9 | I26: 1.2 | J26: 55.5 | K26: 66.5
B27: 35 Food trades workers | C27: 1.36 | D27: 32.3 | E27: 43.9 | F27: 1.27 | G27: 31.5 | H27: 40 | I27: 1.24 | J27: 31.4 | K27: 39.1
B28: 36 Skilled animal and horticultural workers | C28: 1.06 | D28: 53.4 | E28: 56.9 | F28: 1.06 | G28: 50.1 | H28: 53 | I28: 1.06 | J28: 49.4 | K28: 52.3
B29: 39 Other technicians and trades workers | C29: 1.3 | D29: 41 | E29: 53.2 | F29: 1.27 | G29: 38.9 | H29: 49.2 | I29: 1.25 | J29: 35.2 | K29: 44.2
B30: 391 Hairdressers | C30: 1.46 | D30: 32.9 | E30: 47.9 | F30: 1.43 | G30: 28.2 | H30: 40.3 | I30: 1.41 | J30: 28.7 | K30: 40.6
B31: 392 Printing trades workers | C31: 1.05 | D31: 48.6 | E31: 51.1 | F31: 1.04 | G31: 42 | H31: 43.6 | I31: 1.04 | J31: 52.7 | K31: 54.7
... B38: 43 Hospitality workers | C38: 1.03 | D38: 50.7 | E38: 52 | F38: 1.02 | G38: 56.7 | H38: 58.1 | I38: 1.02 | J38: 50.4 | K38: 51.5
B39: 44 Protective service workers | C39: - | D39: - | E39: - | F39: - | G39: - | H39: - | I39: - | J39: - | K39: -
B40: 45 Sports and personal service workers | C40: 1.02 | D40: 59.2 | E40: 60.4 | F40: 1.02 | G40: 63.7 | H40: 65.1 | I40: 1.03 | J40: 35.8 | K40: 36.8
B41: Clerical and administrative workers | C41: 1.02 | D41: 62 | E41: 62.9 | F41: 1.01 | G41: 61.1 | H41: 62 | I41: 1.02 | J41: 61.1 | K41: 62.1
B42: 51 Office managers and program administrators | C42: 1.01 | D42: 56.8 | E42: 57.1 | F42: 1.01 | G42: 34.7 | H42: 34.9 | I42: 1.01 | J42: 42.9 | K42: 43.1
B43: 52 Personal assistants and secretaries | C43: 1.01 | D43: 71.4 | E43: 72.3 | F43: 1.01 | G43: 64.7 | H43: 65.5 | I43: 1.01 | J43: 62.1 | K43: 62.9
B44: 53 General clerical workers | C44: 1.02 | D44: 65 | E44: 66.2 | F44: 1.02 | G44: 62.9 | H44: 63.9 | I44: 1.02 | J44: 62 | K44: 63.2
B45: 54 Inquiry clerks and receptionists | C45: 1 | D45: 52.5 | E45: 52.8 | F45: 1 | G45: 57.1 | H45: 57.2 | I45: 1 | J45: 65 | K45: 65.1
B46: 55 Numerical clerks | C46: 1.01 | D46: 56.2 | E46: 56.9 | F46: 1.01 | G46: 55.3 | H46: 55.9 | I46: 1.01 | J46: 53.1 | K46: 53.7
B47: 56 Clerical and office support workers | C47: - | D47: - | E47: - | F47: - | G47: - | H47: - | I47: - | J47: - | K47: -
B48: 59 Other clerical and administrative workers | C48: 1.01 | D48: 54.5 | E48: 55.2 | F48: 1.02 | G48: 71.3 | H48: 72.4 | I48: 1.02 | J48: 56.9 | K48: 58.2
B49: Sales workers | C49: 1.02 | D49: 57.8 | E49: 58.8 | F49: 1.02 | G49: 58.6 | H49: 59.5 | I49: 1.01 | J49: 57 | K49: 57.8
B50: 61 Sales representatives and agents | C50: 1.01 | D50: 46.6 | E50: 47.1 | F50: 1.01 | G50: 54.3 | H50: 55.1 | I50: 1.02 | J50: 53.2 | K50: 54
B51: 62 Sales assistants and salespersons | C51: 1.02 | D51: 58.6 | E51: 59.6 | F51: 1.02 | G51: 58.9 | H51: 59.8 | I51: 1.01 | J51: 57.3 | K51: 58.1
B52: 63 Sales support workers | C52: - | D52: - | E52: - | F52: - | G52: - | H52: - | I52: - | J52: - | K52: -
B53: Machinery operators and drivers | C53: 1.03 | D53: 58 | E53: 59.5 | F53: 1.03 | G53: 53.9 | H53: 55.2 | I53: 1.02 | J53: 53.9 | K53: 55.3
B54: 71 Machine and stationary plant operators | C54: 1.01 | D54: 66.3 | E54: 67.2 | F54: 1.01 | G54: 52 | H54: 52.7 | I54: 1.01 | J54: 60.8 | K54: 61.7
B55: 72 Mobile plant operators | C55: 1.03 | D55: 59.1 | E55: 61 | F55: 1.03 | G55: 60.6 | H55: 62.6 | I55: 1.03 | J55: 58 | K55: 59.9
B56: 73 Road and rail drivers | C56: 1.03 | D56: 59.6 | E56: 61.2 | F56: 1.02 | G56: 60.1 | H56: 61.4 | I56: 1.02 | J56: 62.4 | K56: 63.6
B57: 74 Storepersons | C57: 1.02 | D57: 44.5 | E57: 45.6 | F57: 1.02 | G57: 40.9 | H57: 41.8 | I57: 1.02 | J57: 27 | K57: 27.5
B58: Labourers | C58: 1.02 | D58: 58.2 | E58: 59.5 | F58: 1.02 | G58: 55.2 | H58: 56.2 | I58: 1.02 | J58: 56.4 | K58: 57.4
B59: 81 Cleaners and laundry workers | C59: 1.02 | D59: 57.6 | E59: 58.7 | F59: 1.01 | G59: 30.9 | H59: 31.3 | I59: 1.02 | J59: 44.4 | K59: 45.2
B60: 82 Construction and mining labourers | C60: 1.01 | D60: 67.5 | E60: 68.3 | F60: 1.01 | G60: 65.2 | H60: 65.9 | I60: 1.01 | J60: 70.6 | K60: 71.4
B61: 83 Factory process workers | C61: 1.03 | D61: 51.4 | E61: 52.9 | F61: 1.03 | G61: 51.6 | H61: 52.9 | I61: 1.03 | J61: 43.3 | K61: 44.4
B62: 84 Farm, forestry and garden workers | C62: 1.02 | D62: 65.6 | E62: 66.8 | F62: 1.01 | G62: 58.4 | H62: 59.1 | I62: 1.01 | J62: 63.9 | K62: 64.6
B63: 85 Food preparation assistants | C63: 1.07 | D63: 40.5 | E63: 43.5 | F63: 1.06 | G63: 31.2 | H63: 33 | I63: 1.05 | J63: 74.3 | K63: 77.9
B64: 89 Other labourers | C64: 1.02 | D64: 52.4 | E64: 53.6 | F64: 1.02 | G64: 42.4 | H64: 43.2 | I64: 1.02 | J64: 47 | K64: 48
... B67: All occupations | C67: 1.11 | D67: 53.1 | E67: 58.7 | F67: 1.09 | G67: 52.9 | H67: 57.9 | I67: 1.09 | J67: 50.6 | K67: 55.3
B68: Explanatory notes
B69: Note: A dash (-) indicates a true zero figure, with no contracts reported in these categories.
B71: =Index!$C9 & " Qld : " & Index!B9 -> Table 2 Qld : Contract completion and attrition rates to date in trade occupations, for contracts commencing in 2016 to 2022
B73: Occupation (ANZSCO) group | C73: 2016 | G73: 2017 | K73: 2018 | O73: 2019 | S73: 2020 | W73: 2021 | AA73: 2022
C74: Completion rates to date | D74: Attrition rates to date | E74: Continuing or outcome not known | F74: Number of contracts | G74: Completion rates to date | H74: Attrition rates to date | I74: Continuing or outcome not known | J74: Number of contracts | K74: Completion rates to date | L74: Attrition rates to date | M74: Continuing or outcome not known | N74: Number of contracts | O74: Completion rates to date | P74: Attrition rates to date | Q74: Continuing or outcome not known | R74: Number of contracts | S74: Completion rates to date | T74: Attrition rates to date | U74: Continuing or outcome not known | V74: Number of contracts | W74: Completion rates to date | X74: Attrition rates to date | Y74: Continuing or outcome not known | Z74: Number of contracts | AA74: Completion rates to date | AB74: Attrition rates to date | AC74: Continuing or outcome not known | AD74: Number of contracts
C75: % | D75: % | E75: % | F75: ('000) | G75: % | H75: % | I75: % | J75: ('000) | K75: % | L75: % | M75: % | N75: ('000) | O75: % | P75: % | Q75: % | R75: ('000) | S75: % | T75: % | U75: % | V75: ('000) | W75: % | X75: % | Y75: % | Z75: ('000) | AA75: % | AB75: % | AC75: % | AD75: ('000)
B76: Technicians and trades workers
B77: 31 Engineering, ICT and science technicians | C77: 70.8 | D77: 27.1 | E77: 2.1 | F77: 0.631 | G77: 71 | H77: 28.5 | I77: 0.5 | J77: 0.607 | K77: 67 | L77: 31.8 | M77: 1.2 | N77: 0.573 | O77: 54.6 | P77: 43.5 | Q77: 1.9 | R77: 0.685 | S77: 53.8 | T77: 39.3 | U77: 6.9 | V77: 0.932 | W77: 27.4 | X77: 51.8 | Y77: 20.8 | Z77: 2.855 | AA77: 27.3 | AB77: 37.9 | AC77: 34.9 | AD77: 1.995
B78: 32 Automotive and engineering trades workers | C78: 56.5 | D78: 42.9 | E78: 0.6 | F78: 4.484 | G78: 54.9 | H78: 44.7 | I78: 0.4 | J78: 5.066 | K78: 53.7 | L78: 45.2 | M78: 1.1 | N78: 5.455 | O78: 50.9 | P78: 45.1 | Q78: 4 | R78: 5.437 | S78: 29.4 | T78: 44.7 | U78: 25.9 | V78: 5.913 | W78: 12.6 | X78: 42.7 | Y78: 44.7 | Z78: 7.344 | AA78: 5.1 | AB78: 32.7 | AC78: 62.1 | AD78: 8.152
B79: 33 Construction trades workers | C79: 42 | D79: 57.6 | E79: 0.4 | F79: 5.694 | G79: 40.7 | H79: 58.5 | I79: 0.8 | J79: 5.903 | K79: 43.7 | L79: 55 | M79: 1.3 | N79: 5.131 | O79: 42.9 | P79: 52.9 | Q79: 4.2 | R79: 4.311 | S79: 23.2 | T79: 51 | U79: 25.8 | V79: 5.477 | W79: 9.2 | X79: 50.4 | Y79: 40.4 | Z79: 7.801 | AA79: 3.7 | AB79: 38.7 | AC79: 57.6 | AD79: 7.62
B80: 34 Electrotechnology and telecommunications trades workers | C80: 57.3 | D80: 41.5 | E80: 1.2 | F80: 3.626 | G80: 57.7 | H80: 41.8 | I80: 0.4 | J80: 3.54 | K80: 58 | L80: 40.4 | M80: 1.6 | N80: 3.573 | O80: 55.5 | P80: 38 | Q80: 6.4 | R80: 3.4 | S80: 24.9 | T80: 39.2 | U80: 35.8 | V80: 3.738 | W80: 11.8 | X80: 36.7 | Y80: 51.5 | Z80: 5.086 | AA80: 6 | AB80: 27.2 | AC80: 66.8 | AD80: 5.366
B81: 35 Food trades workers | C81: 31.6 | D81: 67.4 | E81: 1 | F81: 2.236 | G81: 32.3 | H81: 66.9 | I81: 0.9 | J81: 2.102 | K81: 31.5 | L81: 67.5 | M81: 1 | N81: 1.911 | O81: 31.4 | P81: 67.1 | Q81: 1.5 | R81: 1.917 | S81: 28.5 | T81: 64.9 | U81: 6.6 | V81: 1.73 | W81: 20.6 | X81: 61.2 | Y81: 18.2 | Z81: 2.355 | AA81: 8.8 | AB81: 43.1 | AC81: 48.1 | AD81: 2.964
B82: 36 Skilled animal and horticultural workers | C82: 42.7 | D82: 56.1 | E82: 1.2 | F82: 0.726 | G82: 53.4 | H82: 45.8 | I82: 0.8 | J82: 0.706 | K82: 50.1 | L82: 48.8 | M82: 1.2 | N82: 0.685 | O82: 49.4 | P82: 48.1 | Q82: 2.4 | R82: 0.887 | S82: 45.1 | T82: 49.8 | U82: 5.1 | V82: 0.903 | W82: 28.8 | X82: 51.6 | Y82: 19.6 | Z82: 1.405 | AA82: 12.5 | AB82: 42.1 | AC82: 45.4 | AD82: 1.347
B83: 39 Other technicians and trades workers | C83: 40.3 | D83: 59.1 | E83: 0.6 | F83: 2.565 | G83: 41 | H83: 58.5 | I83: 0.5 | J83: 2.45 | K83: 38.9 | L83: 60 | M83: 1.1 | N83: 2.428 | O83: 35.2 | P83: 62.4 | Q83: 2.3 | R83: 2.297 | S83: 29.5 | T83: 56 | U83: 14.5 | V83: 2.806 | W83: 13.8 | X83: 57.5 | Y83: 28.8 | Z83: 3.397 | AA83: 10.3 | AB83: 47.5 | AC83: 42.2 | AD83: 3.495
B84: 391 Hairdressers | C84: 32.3 | D84: 67.6 | E84: 0.1 | F84: 1.498 | G84: 32.9 | H84: 66.8 | I84: 0.3 | J84: 1.569 | K84: 28.2 | L84: 71.1 | M84: 0.7 | N84: 1.513 | O84: 28.7 | P84: 69.4 | Q84: 1.9 | R84: 1.565 | S84: 27.2 | T84: 65.2 | U84: 7.6 | V84: 1.707 | W84: 13.3 | X84: 64.5 | Y84: 22.2 | Z84: 2.03 | AA84: 7.2 | AB84: 52.8 | AC84: 40 | AD84: 1.798
B85: 392 Printing trades workers | C85: 50 | D85: 50 | E85: 0 | F85: 0.04 | G85: 48.6 | H85: 51.4 | I85: 0 | J85: 0.037 | K85: 42 | L85: 58.1 | M85: 0 | N85: 0.031 | O85: 52.7 | P85: 47.7 | Q85: 0 | R85: 0.021 | S85: 14.4 | T85: 56.4 | U85: 29.2 | V85: 0.036 | W85: 1.6 | X85: 68.7 | Y85: 29.7 | Z85: 0.062 | AA85: 1.6 | AB85: 39.1 | AC85: 59.3 | AD85: 0.065
B86: 393 Textile, clothing and footwear trades workers | C86: 28.3 | D86: 68.8 | E86: 2.9 | F86: 0.032 | G86: 24 | H86: 72 | I86: 4 | J86: 0.025 | K86: 33.6 | L86: 66.7 | M86: 0 | N86: 0.03 | O86: 41.7 | P86: 45.9 | Q86: 12.4 | R86: 0.024 | S86: 10.8 | T86: 50.1 | U86: 39.1 | V86: 0.038 | W86: 15 | X86: 40 | Y86: 44.9 | Z86: 0.048 | AA86: 0 | AB86: 35.9 | AC86: 64.1 | AD86: 0.034
B87: 394 Wood trades workers | C87: 42.5 | D87: 57.5 | E87: 0 | F87: 0.471 | G87: 47.6 | H87: 52 | I87: 0.4 | J87: 0.485 | K87: 47.3 | L87: 52 | M87: 0.6 | N87: 0.442 | O87: 41.7 | P87: 55.8 | Q87: 2.4 | R87: 0.398 | S87: 21.1 | T87: 52.4 | U87: 26.5 | V87: 0.441 | W87: 8.6 | X87: 49.4 | Y87: 42 | Z87: 0.684 | AA87: 3.6 | AB87: 43 | AC87: 53.5 | AD87: 0.611
B88: 399 Miscellaneous technicians and trades workers | C88: 61.3 | D88: 36.5 | E88: 2.3 | F88: 0.524 | G88: 69.8 | H88: 29 | I88: 1.2 | J88: 0.334 | K88: 69.2 | L88: 27.7 | M88: 3.1 | N88: 0.412 | O88: 59.7 | P88: 36.4 | Q88: 3.9 | R88: 0.289 | S88: 44.6 | T88: 32.3 | U88: 23.1 | V88: 0.584 | W88: 22.7 | X88: 42.6 | Y88: 34.7 | Z88: 0.573 | AA88: 21.1 | AB88: 41.7 | AC88: 37.2 | AD88: 0.987
... B91: All occupations | C91: 53.7 | D91: 44.9 | E91: 1.4 | F91: 41.446 | G91: 53.1 | H91: 45.4 | I91: 1.5 | J91: 44.504 | K91: 52.9 | L91: 45.4 | M91: 1.7 | N91: 41.993 | O91: 50.6 | P91: 46.4 | Q91: 3 | R91: 40.338 | S91: 39.5 | T91: 47 | U91: 13.5 | V91: 45.051 | W91: 27.6 | X91: 50.1 | Y91: 22.3 | Z91: 62.553 | AA91: 19.3 | AB91: 41.8 | AC91: 38.9 | AD91: 69.686
B92: Explanatory notes
B93: Note: A dash (-) indicates a true zero figure, with no contracts reported in these categories.
B95: =Index!$C10 & " Qld : " & Index!B10 -> Table 3 Qld : Contract completion and attrition rates to date in non-trade occupations, for contracts commencing in 2016 to 2022
B97: Occupation (ANZSCO) group | C97: 2016 | G97: 2017 | K97: 2018 | O97: 2019 | S97: 2020 | W97: 2021 | AA97: 2022
C98: Completion rates to date | D98: Attrition rates to date | E98: Continuing or outcome not known | F98: Number of contracts | G98: Completion rates to date | H98: Attrition rates to date | I98: Continuing or outcome not known | J98: Number of contracts | K98: Completion rates to date | L98: Attrition rates to date | M98: Continuing or outcome not known | N98: Number of contracts | O98: Completion rates to date | P98: Attrition rates to date | Q98: Continuing or outcome not known | R98: Number of contracts | S98: Completion rates to date | T98: Attrition rates to date | U98: Continuing or outcome not known | V98: Number of contracts | W98: Completion rates to date | X98: Attrition rates to date | Y98: Continuing or outcome not known | Z98: Number of contracts | AA98: Completion rates to date | AB98: Attrition rates to date | AC98: Continuing or outcome not known | AD98: Number of contracts
C99: % | D99: % | E99: % | F99: ('000) | G99: % | H99: % | I99: % | J99: ('000) | K99: % | L99: % | M99: % | N99: ('000) | O99: % | P99: % | Q99: % | R99: ('000) | S99: % | T99: % | U99: % | V99: ('000) | W99: % | X99: % | Y99: % | Z99: ('000) | AA99: % | AB99: % | AC99: % | AD99: ('000)
B100: Managers | C100: 45.9 | D100: 52.1 | E100: 2.1 | F100: 0.34 | G100: 38.5 | H100: 61 | I100: 0.5 | J100: 0.182 | K100: 35.6 | L100: 63.2 | M100: 1.1 | N100: 0.087 | O100: 28.9 | P100: 67.1 | Q100: 3.9 | R100: 0.076 | S100: 24 | T100: 59.2 | U100: 16.8 | V100: 0.626 | W100: 12.8 | X100: 68.7 | Y100: 18.4 | Z100: 0.932 | AA100: 7.8 | AB100: 55.3 | AC100: 36.8 | AD100: 1.008
B101: 11 Chief executives, general managers and legislators | C101: 12.4 | D101: 86.6 | E101: 1 | F101: 0.097 | G101: 43.1 | H101: 56.9 | I101: 0 | J101: 0.109 | K101: 19.4 | L101: 80.6 | M101: 0 | N101: 0.031 | O101: 28.6 | P101: 71.4 | Q101: 0 | R101: 0.007 | S101: 19.6 | T101: 67.4 | U101: 12.9 | V101: 0.383 | W101: 8.3 | X101: 70.3 | Y101: 21.4 | Z101: 0.542 | AA101: 4.4 | AB101: 53.1 | AC101: 42.4 | AD101: 0.482
B102: 12 Farmers and farm managers | C102: 59.8 | D102: 39.6 | E102: 0.6 | F102: 0.169 | G102: 45.5 | H102: 50 | I102: 4.5 | J102: 0.022 | K102: 50 | L102: 33.3 | M102: 16.7 | N102: 0.006 | O102: 9.1 | P102: 63.6 | Q102: 27.3 | R102: 0.011 | S102: 56.4 | T102: 35.9 | U102: 7.7 | V102: 0.039 | W102: 46.5 | X102: 39.9 | Y102: 13.6 | Z102: 0.028 | AA102: 53.1 | AB102: 26.9 | AC102: 19.9 | AD102: 0.038
B103: 13 Specialist managers | C103: 50 | D103: 50 | E103: 0 | F103: 0.016 | G103: 43.8 | H103: 56.3 | I103: 0 | J103: 0.016 | K103: 58.3 | L103: 41.7 | M103: 0 | N103: 0.012 | O103: 50 | P103: 50 | Q103: 0 | R103: 0.018 | S103: 38.6 | T103: 41.1 | U103: 20.3 | V103: 0.039 | W103: 17.8 | X103: 72.8 | Y103: 9.4 | Z103: 0.09 | AA103: 3.1 | AB103: 60.2 | AC103: 36.7 | AD103: 0.164
B104: 14 Hospitality, retail and service managers | C104: 60.3 | D104: 31 | E104: 8.6 | F104: 0.058 | G104: 17.1 | H104: 82.9 | I104: 0 | J104: 0.035 | K104: 39.5 | L104: 60.5 | M104: 0 | N104: 0.038 | O104: 25 | P104: 75 | Q104: 0 | R104: 0.04 | S104: 23 | T104: 50 | U104: 27 | V104: 0.165 | W104: 16.8 | X104: 67.2 | Y104: 16 | Z104: 0.272 | AA104: 10 | AB104: 59.5 | AC104: 30.5 | AD104: 0.324
B105: Professionals | C105: 52.6 | D105: 44.7 | E105: 2.6 | F105: 0.076 | G105: 43.8 | H105: 38.4 | I105: 17.8 | J105: 0.073 | K105: 44.3 | L105: 48.6 | M105: 7.1 | N105: 0.07 | O105: 37.7 | P105: 60.9 | Q105: 1.4 | R105: 0.069 | S105: 27.2 | T105: 59.3 | U105: 13.4 | V105: 0.272 | W105: 24.3 | X105: 59.4 | Y105: 16.3 | Z105: 0.594 | AA105: 13.5 | AB105: 51.1 | AC105: 35.4 | AD105: 0.831
B106: 21 Arts and media professionals | C106: 0 | D106: 100 | E106: 0 | F106: 0.001 | G106: - | H106: - | I106: - | J106: - | K106: - | L106: - | M106: - | N106: - | O106: - | P106: - | Q106: - | R106: - | S106: 0 | T106: 0 | U106: 100 | V106: 0.001 | W106: 100 | X106: 0 | Y106: 0 | Z106: 0.003 | AA106: 0 | AB106: 61.6 | AC106: 38.4 | AD106: 0.005
B107: 22 Business, human resource and marketing professionals | C107: 40 | D107: 60 | E107: 0 | F107: 0.005 | G107: 60 | H107: 40 | I107: 0 | J107: 0.005 | K107: 33.3 | L107: 66.7 | M107: 0 | N107: 0.003 | O107: 0 | P107: 50 | Q107: 50 | R107: 0.002 | S107: 42.9 | T107: 33.4 | U107: 23.7 | V107: 0.021 | W107: 23.6 | X107: 55.2 | Y107: 21.2 | Z107: 0.18 | AA107: 12.1 | AB107: 48.4 | AC107: 39.5 | AD107: 0.336
B108: 23 Design, engineering, science and transport professionals | C108: 50 | D108: 45 | E108: 5 | F108: 0.04 | G108: 39.5 | H108: 34.2 | I108: 26.3 | J108: 0.038 | K108: 58.3 | L108: 30.6 | M108: 11.1 | N108: 0.036 | O108: 40.8 | P108: 59.3 | Q108: 0 | R108: 0.027 | S108: 39 | T108: 39.1 | U108: 21.9 | V108: 0.105 | W108: 37.9 | X108: 43.1 | Y108: 18.9 | Z108: 0.147 | AA108: 28.5 | AB108: 32 | AC108: 39.4 | AD108: 0.188
B109: 24 Education professionals | C109: 57.1 | D109: 42.9 | E109: 0 | F109: 0.007 | G109: 28.6 | H109: 28.6 | I109: 42.9 | J109: 0.007 | K109: 0 | L109: 0 | M109: 100 | N109: 0.001 | O109: - | P109: - | Q109: - | R109: - | S109: 17.5 | T109: 63 | U109: 19.5 | V109: 0.04 | W109: 17.8 | X109: 55.2 | Y109: 27 | Z109: 0.073 | AA109: 12.9 | AB109: 53.6 | AC109: 33.5 | AD109: 0.088
B110: 25 Health professionals | C110: - | D110: - | E110: - | F110: - | G110: - | H110: - | I110: - | J110: - | K110: - | L110: - | M110: - | N110: - | O110: - | P110: - | Q110: - | R110: - | S110: - | T110: - | U110: - | V110: - | W110: - | X110: - | Y110: - | Z110: - | AA110: - | AB110: - | AC110: - | AD110: -
B111: 26 ICT professionals | C111: 61.5 | D111: 38.5 | E111: 0 | F111: 0.013 | G111: 60 | H111: 40 | I111: 0 | J111: 0.015 | K111: 29.4 | L111: 70.6 | M111: 0 | N111: 0.017 | O111: 45.5 | P111: 54.5 | Q111: 0 | R111: 0.011 | S111: 14.3 | T111: 85.7 | U111: 0 | V111: 0.014 | W111: 0 | X111: 100 | Y111: 0 | Z111: 0.003 | AA111: - | AB111: - | AC111: - | AD111: -
B112: 27 Legal, social and welfare professionals | C112: 60 | D112: 40 | E112: 0 | F112: 0.01 | G112: 37.5 | H112: 62.5 | I112: 0 | J112: 0.008 | K112: 30.8 | L112: 69.2 | M112: 0 | N112: 0.013 | O112: 34.5 | P112: 65.5 | Q112: 0 | R112: 0.029 | S112: 16.5 | T112: 83.7 | U112: 0 | V112: 0.091 | W112: 16 | X112: 78.1 | Y112: 5.9 | Z112: 0.188 | AA112: 2.9 | AB112: 70.9 | AC112: 26.2 | AD112: 0.214
B113: Community and personal service workers | C113: 56.3 | D113: 42.9 | E113: 0.8 | F113: 6.264 | G113: 54.7 | H113: 44.6 | I113: 0.7 | J113: 6.68 | K113: 57.5 | L113: 41.8 | M113: 0.7 | N113: 6.784 | O113: 48.9 | P113: 49.8 | Q113: 1.3 | R113: 6.707 | S113: 46 | T113: 51.4 | U113: 2.7 | V113: 6.321 | W113: 39.7 | X113: 54.4 | Y113: 5.9 | Z113: 8.577 | AA113: 26.5 | AB113: 48.9 | AC113: 24.6 | AD113: 10.118
B114: 41 Health and welfare support workers | C114: 31.7 | D114: 58.5 | E114: 9.8 | F114: 0.041 | G114: 53.7 | H114: 45.1 | I114: 1.2 | J114: 0.082 | K114: 49 | L114: 50 | M114: 1 | N114: 0.096 | O114: 60.8 | P114: 25.5 | Q114: 13.7 | R114: 0.051 | S114: 48 | T114: 48.5 | U114: 3.5 | V114: 0.13 | W114: 36.1 | X114: 50.1 | Y114: 13.8 | Z114: 0.153 | AA114: 22.7 | AB114: 49.6 | AC114: 27.7 | AD114: 0.194
B115: 42 Carers and aides | C115: 56.8 | D115: 42.2 | E115: 1 | F115: 1.987 | G115: 57.1 | H115: 41.8 | I115: 1.1 | J115: 2.112 | K115: 54.9 | L115: 44.1 | M115: 1 | N115: 2.099 | O115: 53.8 | P115: 45.3 | Q115: 0.9 | R115: 2.165 | S115: 54 | T115: 43.8 | U115: 2.2 | V115: 2.377 | W115: 45.8 | X115: 47.6 | Y115: 6.6 | Z115: 3.582 | AA115: 23.4 | AB115: 46.1 | AC115: 30.5 | AD115: 4.848
...

Sheet SA
B1: Completion and attrition rates for apprentices and trainees 2023: data tables - to date
B2: South Australia
N3: Back to Index
B4: =Index!$C8 & " SA : " & Index!B8 -> Table 1 SA : Individual completion rates to date, based on a recommencement adjustment factor, and contract completion rates to date for trade and non-trade occupations commencing in 2017 to 2019
B6: Occupation (ANZSCO) group | C6: 2017 | F6: 2018 | I6: 2019
C7: Average annual adjustment factor | D7: Contract completion rate | E7: Individual completion rate | F7: Average annual adjustment factor | G7: Contract completion rate | H7: Individual completion rate | I7: Average annual adjustment factor | J7: Contract completion rate | K7: Individual completion rate
C8: Ratio | D8: % | E8: % | F8: Ratio | G8: % | H8: % | I8: Ratio | J8: % | K8: %
B9: Managers | C9: 1.01 | D9: 36.4 | E9: 36.7 | F9: 1.01 | G9: 40 | H9: 40.3 | I9: 1.01 | J9: 52.4 | K9: 52.9
B10: 11 Chief executives, general managers and legislators | C10: 1.01 | D10: 50 | E10: 50.4 | F10: 1.01 | G10: 50 | H10: 50.4 | I10: 1.01 | J10: 46.4 | K10: 46.8
B11: 12 Farmers and farm managers | C11: 1.04 | D11: 31.8 | E11: 33.1 | F11: 1 | G11: 0 | H11: 0 | I11: 1 | J11: 60 | K11: 60
B12: 13 Specialist managers | C12: 1.02 | D12: 42.9 | E12: 43.8 | F12: 1.02 | G12: 41.7 | H12: 42.5 | I12: 1.02 | J12: 40.5 | K12: 41.3
B13: 14 Hospitality, retail and service managers | C13: - | D13: - | E13: - | F13: - | G13: - | H13: - | I13: 1 | J13: 71.4 | K13: 71.4
B14: Professionals | C14: 1.01 | D14: 80 | E14: 80.8 | F14: 1.01 | G14: 53.3 | H14: 53.7 | I14: 1.01 | J14: 49.3 | K14: 49.9
B15: 21 Arts and media professionals | C15: - | D15: - | E15: - | F15: - | G15: - | H15: - | I15: - | J15: - | K15: -
B16: 22 Business, human resource and marketing professionals | C16: - | D16: - | E16: - | F16: 1 | G16: 25 | H16: 25.1 | I16: 1.01 | J16: 19 | K16: 19.2
B17: 23 Design, engineering, science and transport professionals | C17: 1 | D17: 100 | E17: 100 | F17: 1 | G17: 50 | H17: 50 | I17: 1.01 | J17: 57.1 | K17: 57.7
B18: 24 Education professionals | C18: 1.02 | D18: 100 | E18: 101.9 | F18: - | G18: - | H18: - | I18: 1.01 | J18: 52.4 | K18: 53
B19: 25 Health professionals | C19: - | D19: - | E19: - | F19: - | G19: - | H19: - | I19: - | J19: - | K19: -
B20: 26 ICT professionals | C20: 1.02 | D20: 75 | E20: 76.5 | F20: 1.02 | G20: 80 | H20: 81.9 | I20: 1.03 | J20: 78.6 | K20: 80.7
B21: 27 Legal, social and welfare professionals | C21: - | D21: - | E21: - | F21: - | G21: - | H21: - | I21: 1.02 | J21: 66.7 | K21: 67.7
B22: Technicians and trades workers | C22: 1.19 | D22: 54 | E22: 64.3 | F22: 1.18 | G22: 52.3 | H22: 62 | I22: 1.19 | J22: 50.4 | K22: 59.8
B23: 31 Engineering, ICT and science technicians | C23: 1.01 | D23: 62.8 | E23: 63.4 | F23: 1.01 | G23: 54.5 | H23: 54.9 | I23: 1.01 | J23: 63 | K23: 63.6
B24: 32 Automotive and engineering trades workers | C24: 1.17 | D24: 55.2 | E24: 64.5 | F24: 1.17 | G24: 49.5 | H24: 58.1 | I24: 1.18 | J24: 48.2 | K24: 56.7
B25: 33 Construction trades workers | C25: 1.22 | D25: 56.9 | E25: 69.6 | F25: 1.22 | G25: 54.4 | H25: 66.4 | I25: 1.22 | J25: 51.9 | K25: 63.3
B26: 34 Electrotechnology and telecommunications trades workers | C26: 1.17 | D26: 69.8 | E26: 81.5 | F26: 1.17 | G26: 69.1 | H26: 81.1 | I26: 1.19 | J26: 62.8 | K26: 74.7
B27: 35 Food trades workers | C27: 1.3 | D27: 30 | E27: 39 | F27: 1.28 | G27: 31 | H27: 39.7 | I27: 1.25 | J27: 30.2 | K27: 37.8
B28: 36 Skilled animal and horticultural workers | C28: 1.05 | D28: 49.3 | E28: 51.6 | F28: 1.05 | G28: 51.4 | H28: 54.1 | I28: 1.06 | J28: 46.9 | K28: 49.9
B29: 39 Other technicians and trades workers | C29: 1.28 | D29: 43.7 | E29: 55.7 | F29: 1.27 | G29: 43.4 | H29: 55 | I29: 1.27 | J29: 45.7 | K29: 58
B30: 391 Hairdressers | C30: 1.45 | D30: 38.8 | E30: 56.2 | F30: 1.47 | G30: 36.8 | H30: 54.3 | I30: 1.48 | J30: 37.4 | K30: 55.5
B31: 392 Printing trades workers | C31: 1.08 | D31: 63.2 | E31: 68.2 | F31: 1.07 | G31: 66.7 | H31: 71.6 | I31: 1.06 | J31: 47.2 | K31: 49.9
B32: 393 Textile, clothing and footwear trades workers | C32: 1 | D32: 0 | E32: 0 | F32: 1.1 | G32: 50 | H32: 55 | I32: - | J32: - | K32: -
B33: 394 Wood trades workers | C33: 1.14 | D33: 52.7 | E33: 60.1 | F33: 1.15 | G33: 56 | H33: 64.1 | I33: 1.15 | J33: 53 | K33: 60.9
B34: 399 Miscellaneous technicians and trades workers | C34: 1.01 | D34: 64.3 | E34: 65 | F34: 1.01 | G34: 40 | H34: 40.5 | I34: 1.02 | J34: 73.4 | K34: 74.7
B35: Community and personal service workers | C35: 1.02 | D35: 62 | E35: 62.9 | F35: 1.02 | G35: 62.8 | H35: 63.7 | I35: 1.02 | J35: 43.2 | K35: 44.1
B36: 41 Health and welfare support workers | C36: 1.01 | D36: 55.1 | E36: 55.6 | F36: 1.01 | G36: 47.7 | H36: 48.2 | I36: 1.01 | J36: 23.1 | K36: 23.4
B37: 42 Carers and aides | C37: 1.02 | D37: 64.6 | E37: 65.8 | F37: 1.02 | G37: 63.2 | H37: 64.2 | I37: 1.02 | J37: 55.3 | K37: 56.4
B38: 43 Hospitality workers | C38: 1.02 | D38: 52.8 | E38: 53.6 | F38: 1.02 | G38: 49.3 | H38: 50.1 | I38: 1.02 | J38: 42.5 | K38: 43.2
B39: 44 Protective service workers | C39: 1 | D39: 95 | E39: 95 | F39: 1 | G39: 71.4 | H39: 71.4 | I39: 1 | J39: 23.7 | K39: 23.7
B40: 45 Sports and personal service workers | C40: 1.02 | D40: 59.7 | E40: 60.8 | F40: 1.02 | G40: 66.2 | H40: 67.6 | I40: 1.03 | J40: 33 | K40: 33.9
B41: Clerical and administrative workers | C41: 1.01 | D41: 59.4 | E41: 60 | F41: 1.01 | G41: 52.7 | H41: 53.2 | I41: 1.01 | J41: 46.7 | K41: 47.2
B42: 51 Office managers and program administrators | C42: 1 | D42: 57.7 | E42: 58 | F42: 1 | G42: 34.6 | H42: 34.8 | I42: 1 | J42: 32.3 | K42: 32.4
B43: 52 Personal assistants and secretaries | C43: - | D43: - | E43: - | F43: - | G43: - | H43: - | I43: - | J43: - | K43: -
B44: 53 General clerical workers | C44: 1.01 | D44: 69.7 | E44: 70.6 | F44: 1.01 | G44: 63 | H44: 63.7 | I44: 1.01 | J44: 56.4 | K44: 57.1
B45: 54 Inquiry clerks and receptionists | C45: 1 | D45: 29.3 | E45: 29.4 | F45: 1 | G45: 30.8 | H45: 31 | I45: 1.01 | J45: 28.7 | K45: 28.8
B46: 55 Numerical clerks | C46: 1.01 | D46: 64.2 | E46: 64.6 | F46: 1.01 | G46: 58.8 | H46: 59.1 | I46: 1.02 | J46: 75 | K46: 76.7
B47: 56 Clerical and office support workers | C47: - | D47: - | E47: - | F47: - | G47: - | H47: - | I47: - | J47: - | K47: -
B48: 59 Other clerical and administrative workers | C48: 1.02 | D48: 58.1 | E48: 59.2 | F48: 1.02 | G48: 71 | H48: 72.2 | I48: 1.02 | J48: 60.2 | K48: 61.2
B49: Sales workers | C49: 1.01 | D49: 61.1 | E49: 61.8 | F49: 1.01 | G49: 69.3 | H49: 70.1 | I49: 1.01 | J49: 67.4 | K49: 68.3
B50: 61 Sales representatives and agents | C50: 1.01 | D50: 57.9 | E50: 58.6 | F50: 1.01 | G50: 72.2 | H50: 73.2 | I50: 1.01 | J50: 62.5 | K50: 63.3
B51: 62 Sales assistants and salespersons | C51: 1.01 | D51: 61.3 | E51: 62 | F51: 1.01 | G51: 69 | H51: 69.9 | I51: 1.01 | J51: 67.7 | K51: 68.6
B52: 63 Sales support workers | C52: - | D52: - | E52: - | F52: - | G52: - | H52: - | I52: - | J52: - | K52: -
B53: Machinery operators and drivers | C53: 1.03 | D53: 60.7 | E53: 62.5 | F53: 1.03 | G53: 51.4 | H53: 52.9 | I53: 1.03 | J53: 45.4 | K53: 46.6
B54: 71 Machine and stationary plant operators | C54: 1.01 | D54: 65.9 | E54: 66.8 | F54: 1.02 | G54: 63.8 | H54: 65 | I54: 1.02 | J54: 51.4 | K54: 52.5
B55: 72 Mobile plant operators | C55: 1.03 | D55: 67.5 | E55: 69.7 | F55: 1.03 | G55: 50.4 | H55: 51.9 | I55: 1.04 | J55: 44.5 | K55: 46.1
B56: 73 Road and rail drivers | C56: 1.04 | D56: 56.7 | E56: 59 | F56: 1.04 | G56: 24.7 | H56: 25.7 | I56: 1.03 | J56: 39.3 | K56: 40.6
B57: 74 Storepersons | C57: 1.03 | D57: 52.4 | E57: 53.8 | F57: 1.03 | G57: 58.8 | H57: 60.7 | I57: 1.02 | J57: 52 | K57: 53.2
B58: Labourers | C58: 1.05 | D58: 37 | E58: 38.7 | F58: 1.03 | G58: 40.3 | H58: 41.5 | I58: 1.03 | J58: 39.7 | K58: 40.8
B59: 81 Cleaners and laundry workers | C59: - | D59: - | E59: - | F59: 1.01 | G59: 80 | H59: 80.6 | I59: 1.01 | J59: 0 | K59: 0
B60: 82 Construction and mining labourers | C60: 1.03 | D60: 55.6 | E60: 57.2 | F60: 1.05 | G60: 30.6 | H60: 32 | I60: 1.06 | J60: 47.6 | K60: 50.7
B61: 83 Factory process workers | C61: 1.07 | D61: 31.5 | E61: 33.6 | F61: 1.04 | G61: 39.3 | H61: 41 | I61: 1.03 | J61: 35.2 | K61: 36.2
B62: 84 Farm, forestry and garden workers | C62: 1.02 | D62: 46.6 | E62: 47.4 | F62: 1.01 | G62: 46.3 | H62: 46.9 | I62: 1.02 | J62: 50.5 | K62: 51.5
B63: 85 Food preparation assistants | C63: 1.08 | D63: 52.4 | E63: 56.8 | F63: 1.01 | G63: 18.8 | H63: 19 | I63: 1 | J63: 33.3 | K63: 33.3
B64: 89 Other labourers | C64: 1 | D64: 50 | E64: 50.2 | F64: 1.01 | G64: 52.2 | H64: 52.5 | I64: 1.01 | J64: 48.5 | K64: 48.8
B65: Total non-trade occupations | C65: 1.02 | D65: 57.8 | E65: 58.8 | F65: 1.02 | G65: 57.5 | H65: 58.4 | I65: 1.02 | J65: 50.2 | K65: 51.1
B66: Total trade occupations | C66: 1.19 | D66: 54 | E66: 64.3 | F66: 1.18 | G66: 52.3 | H66: 62 | I66: 1.19 | J66: 50.4 | K66: 59.8
B67: All occupations | C67: 1.09 | D67: 55.9 | E67: 61.1 | F67: 1.09 | G67: 54.8 | H67: 59.5 | I67: 1.09 | J67: 50.3 | K67: 54.8
B68: Explanatory notes
B69: Note: A dash (-) indicates a true zero figure, with no contracts reported in these categories.
B71: =Index!$C9 & " SA : " & Index!B9 -> Table 2 SA : Contract completion and attrition rates to date in trade occupations, for contracts commencing in 2016 to 2022
B73: Occupation (ANZSCO) group | C73: 2016 | G73: 2017 | K73: 2018 | O73: 2019 | S73: 2020 | W73: 2021 | AA73: 2022
C74: Completion rates to date | D74: Attrition rates to date | E74: Continuing or outcome not known | F74: Number of contracts | G74: Completion rates to date | H74: Attrition rates to date | I74: Continuing or outcome not known | J74: Number of contracts | K74: Completion rates to date | L74: Attrition rates to date | M74: Continuing or outcome not known | N74: Number of contracts | O74: Completion rates to date | P74: Attrition rates to date | Q74: Continuing or outcome not known | R74: Number of contracts | S74: Completion rates to date | T74: Attrition rates to date | U74: Continuing or outcome not known | V74: Number of contracts | W74: Completion rates to date | X74: Attrition rates to date | Y74: Continuing or outcome not known | Z74: Number of contracts | AA74: Completion rates to date | AB74: Attrition rates to date | AC74: Continuing or outcome not known | AD74: Number of contracts
C75: % | D75: % | E75: % | F75: ('000) | G75: % | H75: % | I75: % | J75: ('000) | K75: % | L75: % | M75: % | N75: ('000) | O75: % | P75: % | Q75: % | R75: ('000) | S75: % | T75: % | U75: % | V75: ('000) | W75: % | X75: % | Y75: % | Z75: ('000) | AA75: % | AB75: % | AC75: % | AD75: ('000)
B76: Technicians and trades workers
B77: 31 Engineering, ICT and science technicians | C77: 62.7 | D77: 27.1 | E77: 10.2 | F77: 0.059 | G77: 62.8 | H77: 23.1 | I77: 14.1 | J77: 0.078 | K77: 54.5 | L77: 20.8 | M77: 24.7 | N77: 0.077 | O77: 63 | P77: 21.4 | Q77: 15.6 | R77: 0.108 | S77: 36.3 | T77: 48.3 | U77: 15.4 | V77: 0.296 | W77: 38.7 | X77: 36.9 | Y77: 24.4 | Z77: 0.507 | AA77: 20 | AB77: 30.9 | AC77: 49.1 | AD77: 0.715
B78: 32 Automotive and engineering trades workers | C78: 56.2 | D78: 40 | E78: 3.8 | F78: 0.974 | G78: 55.2 | H78: 40.1 | I78: 4.7 | J78: 1.308 | K78: 49.5 | L78: 45 | M78: 5.5 | N78: 1.282 | O78: 48.2 | P78: 44 | Q78: 7.8 | R78: 1.34 | S78: 19.2 | T78: 42 | U78: 38.8 | V78: 1.314 | W78: 7.8 | X78: 37.1 | Y78: 55.2 | Z78: 1.648 | AA78: 2.9 | AB78: 26.3 | AC78: 70.8 | AD78: 1.838
B79: 33 Construction trades workers | C79: 55.2 | D79: 41.9 | E79: 2.9 | F79: 1.087 | G79: 56.9 | H79: 39.9 | I79: 3.2 | J79: 1.277 | K79: 54.4 | L79: 41.8 | M79: 3.8 | N79: 1.244 | O79: 51.9 | P79: 40.2 | Q79: 7.9 | R79: 1.12 | S79: 15 | T79: 42.4 | U79: 42.6 | V79: 1.433 | W79: 7.9 | X79: 39 | Y79: 53.1 | Z79: 1.801 | AA79: 3 | AB79: 30.8 | AC79: 66.2 | AD79: 1.825
B80: 34 Electrotechnology and telecommunications trades workers | C80: 68.4 | D80: 27.5 | E80: 4 | F80: 0.69 | G80: 69.8 | H80: 28 | I80: 2.2 | J80: 0.828 | K80: 69.1 | L80: 27.8 | M80: 3.1 | N80: 0.922 | O80: 62.8 | P80: 29.9 | Q80: 7.3 | R80: 0.943 | S80: 21.4 | T80: 31.7 | U80: 46.8 | V80: 1.054 | W80: 14.3 | X80: 28.5 | Y80: 57.3 | Z80: 1.421 | AA80: 5.3 | AB80: 22.3 | AC80: 72.4 | AD80: 1.552
B81: 35 Food trades workers | C81: 28.8 | D81: 59.8 | E81: 11.4 | F81: 0.545 | G81: 30 | H81: 59.8 | I81: 10.2 | J81: 0.55 | K81: 31 | L81: 57.6 | M81: 11.5 | N81: 0.476 | O81: 30.2 | P81: 54.2 | Q81: 15.5 | R81: 0.432 | S81: 31.6 | T81: 49.2 | U81: 19.2 | V81: 0.541 | W81: 13.6 | X81: 49.6 | Y81: 36.8 | Z81: 0.607 | AA81: 5.1 | AB81: 38.8 | AC81: 56.1 | AD81: 0.532
B82: 36 Skilled animal and horticultural workers | C82: 53.5 | D82: 38.1 | E82: 8.4 | F82: 0.215 | G82: 49.3 | H82: 39 | I82: 11.6 | J82: 0.223 | K82: 51.4 | L82: 36.7 | M82: 11.9 | N82: 0.21 | O82: 46.9 | P82: 42.8 | Q82: 10.2 | R82: 0.199 | S82: 33.5 | T82: 43.4 | U82: 23.1 | V82: 0.322 | W82: 23.1 | X82: 37.2 | Y82: 39.7 | Z82: 0.465 | AA82: 6.2 | AB82: 29.9 | AC82: 63.9 | AD82: 0.362
B83: 39 Other technicians and trades workers | C83: 44 | D83: 50.8 | E83: 5.3 | F83: 0.455 | G83: 43.7 | H83: 51.3 | I83: 5 | J83: 0.46 | K83: 43.4 | L83: 51 | M83: 5.6 | N83: 0.473 | O83: 45.7 | P83: 46.6 | Q83: 7.7 | R83: 0.492 | S83: 28.1 | T83: 45 | U83: 26.9 | V83: 0.703 | W83: 15.2 | X83: 45.2 | Y83: 39.6 | Z83: 0.885 | AA83: 12.8 | AB83: 31.7 | AC83: 55.4 | AD83: 0.847
B84: 391 Hairdressers | C84: 39.2 | D84: 55 | E84: 5.8 | F84: 0.309 | G84: 38.8 | H84: 57.1 | I84: 4.1 | J84: 0.315 | K84: 36.8 | L84: 59.3 | M84: 3.9 | N84: 0.307 | O84: 37.4 | P84: 56.5 | Q84: 6.1 | R84: 0.317 | S84: 24.9 | T84: 56.4 | U84: 18.8 | V84: 0.37 | W84: 11.7 | X84: 56.6 | Y84: 31.7 | Z84: 0.484 | AA84: 8.3 | AB84: 38.7 | AC84: 52.9 | AD84: 0.423
B85: 392 Printing trades workers | C85: 71.4 | D85: 28.6 | E85: 0 | F85: 0.021 | G85: 63.2 | H85: 26.3 | I85: 10.5 | J85: 0.019 | K85: 66.7 | L85: 29.4 | M85: 4 | N85: 0.024 | O85: 47.2 | P85: 30.8 | Q85: 22 | R85: 0.013 | S85: 2.5 | T85: 25.8 | U85: 71.7 | V85: 0.043 | W85: 0 | X85: 44.8 | Y85: 55.2 | Z85: 0.037 | AA85: 2.4 | AB85: 23.8 | AC85: 73.8 | AD85: 0.042
B86: 393 Textile, clothing and footwear trades workers | C86: 0 | D86: 100 | E86: 0 | F86: 0.002 | G86: 0 | H86: 50 | I86: 50 | J86: 0.002 | K86: 50 | L86: 50 | M86: 0 | N86: 0.002 | O86: - | P86: - | Q86: - | R86: - | S86: 0 | T86: 100 | U86: 0 | V86: 0.001 | W86: 0 | X86: 50.4 | Y86: 49.6 | Z86: 0.004 | AA86: 0 | AB86: 51.5 | AC86: 48.5 | AD86: 0.004
B87: 394 Wood trades workers | C87: 50.5 | D87: 44.7 | E87: 4.9 | F87: 0.103 | G87: 52.7 | H87: 40.9 | I87: 6.4 | J87: 0.11 | K87: 56 | L87: 35 | M87: 9 | N87: 0.12 | O87: 53 | P87: 39.2 | Q87: 7.8 | R87: 0.092 | S87: 16.5 | T87: 39 | U87: 44.5 | V87: 0.135 | W87: 2.3 | X87: 36.5 | Y87: 61.2 | Z87: 0.182 | AA87: 0 | AB87: 34.2 | AC87: 65.8 | AD87: 0.141
B88: 399 Miscellaneous technicians and trades workers | C88: 60 | D88: 35 | E88: 5 | F88: 0.02 | G88: 64.3 | H88: 35.7 | I88: 0 | J88: 0.014 | K88: 40 | L88: 45 | M88: 15 | N88: 0.02 | O88: 73.4 | P88: 14.3 | Q88: 12.3 | R88: 0.07 | S88: 53.2 | T88: 28.1 | U88: 18.7 | V88: 0.154 | W88: 41.3 | X88: 23 | Y88: 35.7 | Z88: 0.178 | AA88: 30.6 | AB88: 18.8 | AC88: 50.7 | AD88: 0.237
B89: Total trade occupations | C89: 52.9 | D89: 42 | E89: 5.1 | F89: 4.025 | G89: 54 | H89: 41 | I89: 5 | J89: 4.724 | K89: 52.3 | L89: 41.9 | M89: 5.8 | N89: 4.684 | O89: 50.4 | P89: 40.9 | Q89: 8.7 | R89: 4.634 | S89: 22.6 | T89: 41.7 | U89: 35.8 | V89: 5.663 | W89: 13.5 | X89: 37.9 | Y89: 48.6 | Z89: 7.334 | AA89: 6.4 | AB89: 28.6 | AC89: 65 | AD89: 7.671
B90: Total non-trade occupations | C90: 59.3 | D90: 35.4 | E90: 5.3 | F90: 5.516 | G90: 57.8 | H90: 32.9 | I90: 9.3 | J90: 4.862 | K90: 57.5 | L90: 33.4 | M90: 9.1 | N90: 4.197 | O90: 50.2 | P90: 35.2 | Q90: 14.6 | R90: 5.307 | S90: 45.8 | T90: 37 | U90: 17.2 | V90: 6.515 | W90: 38 | X90: 37.5 | Y90: 24.5 | Z90: 9.099 | AA90: 30.2 | AB90: 32.3 | AC90: 37.5 | AD90: 10.007
B91: All occupations | C91: 56.6 | D91: 38.2 | E91: 5.3 | F91: 9.541 | G91: 55.9 | H91: 36.9 | I91: 7.2 | J91: 9.586 | K91: 54.8 | L91: 37.9 | M91: 7.3 | N91: 8.881 | O91: 50.3 | P91: 37.9 | Q91: 11.8 | R91: 9.941 | S91: 35 | T91: 39.2 | U91: 25.8 | V91: 12.178 | W91: 27.1 | X91: 37.7 | Y91: 35.2 | Z91: 16.433 | AA91: 19.9 | AB91: 30.7 | AC91: 49.4 | AD91: 17.678
B92: Explanatory notes
B93: Note: A dash (-) indicates a true zero figure, with no contracts reported in these categories.
B95: =Index!$C10 & " SA : " & Index!B10 -> Table 3 SA : Contract completion and attrition rates to date in non-trade occupations, for contracts commencing in 2016 to 2022
B97: Occupation (ANZSCO) group | C97: 2016 | G97: 2017 | K97: 2018 | O97: 2019 | S97: 2020 | W97: 2021 | AA97: 2022
C98: Completion rates to date | D98: Attrition rates to date | E98: Continuing or outcome not known | F98: Number of contracts | G98: Completion rates to date | H98: Attrition rates to date | I98: Continuing or outcome not known | J98: Number of contracts | K98: Completion rates to date | L98: Attrition rates to date | M98: Continuing or outcome not known | N98: Number of contracts | O98: Completion rates to date | P98: Attrition rates to date | Q98: Continuing or outcome not known | R98: Number of contracts | S98: Completion rates to date | T98: Attrition rates to date | U98: Continuing or outcome not known | V98: Number of contracts | W98: Completion rates to date | X98: Attrition rates to date | Y98: Continuing or outcome not known | Z98: Number of contracts | AA98: Completion rates to date | AB98: Attrition rates to date | AC98: Continuing or outcome not known | AD98: Number of contracts
C99: % | D99: % | E99: % | F99: ('000) | G99: % | H99: % | I99: % | J99: ('000) | K99: % | L99: % | M99: % | N99: ('000) | O99: % | P99: % | Q99: % | R99: ('000) | S99: % | T99: % | U99: % | V99: ('000) | W99: % | X99: % | Y99: % | Z99: ('000) | AA99: % | AB99: % | AC99: % | AD99: ('000)
B100: Managers | C100: 33.7 | D100: 45.7 | E100: 20.7 | F100: 0.092 | G100: 36.4 | H100: 30.3 | I100: 33.3 | J100: 0.033 | K100: 40 | L100: 46.7 | M100: 13.3 | N100: 0.015 | O100: 52.4 | P100: 28.6 | Q100: 18.9 | R100: 0.147 | S100: 37.1 | T100: 45 | U100: 17.9 | V100: 0.395 | W100: 31.6 | X100: 29.8 | Y100: 38.6 | Z100: 0.384 | AA100: 33.9 | AB100: 16.7 | AC100: 49.4 | AD100: 0.419
B101: 11 Chief executives, general managers and legislators | C101: - | D101: - | E101: - | F101: - | G101: 50 | H101: 50 | I101: 0 | J101: 0.004 | K101: 50 | L101: 0 | M101: 50 | N101: 0.002 | O101: 46.4 | P101: 28.9 | Q101: 24.7 | R101: 0.097 | S101: 40.7 | T101: 42.8 | U101: 16.5 | V101: 0.281 | W101: 34.1 | X101: 25.3 | Y101: 40.6 | Z101: 0.326 | AA101: 35.7 | AB101: 16.5 | AC101: 47.8 | AD101: 0.384
B102: 12 Farmers and farm managers | C102: 29.6 | D102: 48.1 | E102: 22.2 | F102: 0.081 | G102: 31.8 | H102: 27.3 | I102: 40.9 | J102: 0.022 | K102: 0 | L102: 100 | M102: 0 | N102: 0.001 | O102: 60 | P102: 20 | Q102: 20 | R102: 0.005 | S102: 4.8 | T102: 44.6 | U102: 50.6 | V102: 0.021 | W102: 0 | X102: 79.2 | Y102: 20.8 | Z102: 0.004 | AA102: 0 | AB102: 30.8 | AC102: 69.2 | AD102: 0.007
B103: 13 Specialist managers | C103: 77.8 | D103: 11.1 | E103: 11.1 | F103: 0.009 | G103: 42.9 | H103: 28.6 | I103: 28.6 | J103: 0.007 | K103: 41.7 | L103: 50 | M103: 8.3 | N103: 0.012 | O103: 40.5 | P103: 50.8 | Q103: 8.8 | R103: 0.01 | S103: 39.2 | T103: 52.9 | U103: 7.9 | V103: 0.074 | W103: 14.9 | X103: 41.5 | Y103: 43.6 | Z103: 0.035 | AA103: 20 | AB103: 13 | AC103: 67 | AD103: 0.025
B104: 14 Hospitality, retail and service managers | C104: 0 | D104: 100 | E104: 0 | F104: 0.002 | G104: - | H104: - | I104: - | J104: - | K104: - | L104: - | M104: - | N104: - | O104: 71.4 | P104: 22.9 | Q104: 5.7 | R104: 0.035 | S104: 10.5 | T104: 47.8 | U104: 41.7 | V104: 0.019 | W104: 26.3 | X104: 74.3 | Y104: 0 | Z104: 0.019 | AA104: 0 | AB104: 35.9 | AC104: 64.1 | AD104: 0.003
B105: Professionals | C105: 59.5 | D105: 27 | E105: 13.5 | F105: 0.037 | G105: 80 | H105: 13.3 | I105: 6.7 | J105: 0.015 | K105: 53.3 | L105: 26.7 | M105: 20 | N105: 0.015 | O105: 49.3 | P105: 23.2 | Q105: 27.5 | R105: 0.069 | S105: 58.3 | T105: 24.4 | U105: 17.4 | V105: 0.153 | W105: 33.1 | X105: 37.6 | Y105: 29.3 | Z105: 0.257 | AA105: 14.3 | AB105: 34.2 | AC105: 51.4 | AD105: 0.455
...

Sheet WA
B1: Completion and attrition rates for apprentices and trainees 2023: data tables - to date
B2: Western Australia
N3: Back to Index
B4: =Index!$C8 & " WA : " & Index!B8 -> Table 1 WA : Individual completion rates to date, based on a recommencement adjustment factor, and contract completion rates to date for trade and non-trade occupations commencing in 2017 to 2019
B6: Occupation (ANZSCO) group | C6: 2017 | F6: 2018 | I6: 2019
C7: Average annual adjustment factor | D7: Contract completion rate | E7: Individual completion rate | F7: Average annual adjustment factor | G7: Contract completion rate | H7: Individual completion rate | I7: Average annual adjustment factor | J7: Contract completion rate | K7: Individual completion rate
C8: Ratio | D8: % | E8: % | F8: Ratio | G8: % | H8: % | I8: Ratio | J8: % | K8: %
B9: Managers | C9: 1.04 | D9: 35.2 | E9: 36.6 | F9: 1.04 | G9: 44.2 | H9: 45.8 | I9: 1.04 | J9: 37.5 | K9: 38.9
B10: 11 Chief executives, general managers and legislators | C10: 1.05 | D10: 28.6 | E10: 30.1 | F10: 1.05 | G10: 50.9 | H10: 53.6 | I10: 1.04 | J10: 21.1 | K10: 21.9
B11: 12 Farmers and farm managers | C11: 1.03 | D11: 77.3 | E11: 79.3 | F11: 1.03 | G11: 55 | H11: 56.5 | I11: 1.04 | J11: 53.8 | K11: 56.2
B12: 13 Specialist managers | C12: 1.03 | D12: 42.3 | E12: 43.4 | F12: 1.02 | G12: 46 | H12: 46.9 | I12: 1.02 | J12: 53.8 | K12: 55.2
B13: 14 Hospitality, retail and service managers | C13: 1.03 | D13: 34.3 | E13: 35.4 | F13: 1.03 | G13: 36.1 | H13: 37.2 | I13: 1.03 | J13: 29.2 | K13: 30.2
B14: Professionals | C14: 1.03 | D14: 57.6 | E14: 59.6 | F14: 1.04 | G14: 59.7 | H14: 62.1 | I14: 1.04 | J14: 30 | K14: 31.1
B15: 21 Arts and media professionals | C15: - | D15: - | E15: - | F15: - | G15: - | H15: - | I15: - | J15: - | K15: -
B16: 22 Business, human resource and marketing professionals | C16: 1.03 | D16: 79.1 | E16: 81.2 | F16: 1.02 | G16: 57.1 | H16: 58.5 | I16: 1.02 | J16: 0 | K16: 0
B17: 23 Design, engineering, science and transport professionals | C17: 1.1 | D17: 85.7 | E17: 93.9 | F17: 1.05 | G17: 90.9 | H17: 95 | I17: 1.04 | J17: 0 | K17: 0
B18: 24 Education professionals | C18: - | D18: - | E18: - | F18: - | G18: - | H18: - | I18: - | J18: - | K18: -
B19: 25 Health professionals | C19: - | D19: - | E19: - | F19: - | G19: - | H19: - | I19: - | J19: - | K19: -
B20: 26 ICT professionals | C20: 1 | D20: 40 | E20: 40 | F20: 1 | G20: 50 | H20: 50 | I20: 1 | J20: 28.6 | K20: 28.6
B21: 27 Legal, social and welfare professionals | C21: 1.03 | D21: 33.3 | E21: 34.5 | F21: 1.05 | G21: 54.7 | H21: 57.3 | I21: 1.04 | J21: 31.3 | K21: 32.7
B22: Technicians and trades workers | C22: 1.17 | D22: 56.3 | E22: 66 | F22: 1.17 | G22: 56.8 | H22: 66.1 | I22: 1.17 | J22: 52.3 | K22: 61.1
B23: 31 Engineering, ICT and science technicians | C23: 1.03 | D23: 50 | E23: 51.4 | F23: 1.03 | G23: 54.4 | H23: 55.9 | I23: 1.03 | J23: 49 | K23: 50.4
B24: 32 Automotive and engineering trades workers | C24: 1.11 | D24: 63.7 | E24: 70.9 | F24: 1.12 | G24: 61.5 | H24: 68.7 | I24: 1.13 | J24: 56.2 | K24: 63.3
B25: 33 Construction trades workers | C25: 1.26 | D25: 51.7 | E25: 65.1 | F25: 1.23 | G25: 52.4 | H25: 64.7 | I25: 1.23 | J25: 49.7 | K25: 61.1
B26: 34 Electrotechnology and telecommunications trades workers | C26: 1.2 | D26: 64.9 | E26: 78.1 | F26: 1.19 | G26: 61.5 | H26: 73.1 | I26: 1.2 | J26: 55.7 | K26: 66.8
B27: 35 Food trades workers | C27: 1.26 | D27: 39 | E27: 49.3 | F27: 1.24 | G27: 40.4 | H27: 50.1 | I27: 1.22 | J27: 43 | K27: 52.4
B28: 36 Skilled animal and horticultural workers | C28: 1.05 | D28: 57.9 | E28: 60.8 | F28: 1.05 | G28: 62.6 | H28: 65.6 | I28: 1.05 | J28: 59.8 | K28: 62.6
B29: 39 Other technicians and trades workers | C29: 1.26 | D29: 45.7 | E29: 57.6 | F29: 1.29 | G29: 48.6 | H29: 62.6 | I29: 1.3 | J29: 41.9 | K29: 54.3
B30: 391 Hairdressers | C30: 1.46 | D30: 40.6 | E30: 59.3 | F30: 1.46 | G30: 40.7 | H30: 59.3 | I30: 1.48 | J30: 35.7 | K30: 52.7
B31: 392 Printing trades workers | C31: 1.02 | D31: 30 | E31: 30.6 | F31: 1.03 | G31: 50 | H31: 51.5 | I31: 1.04 | J31: 52.1 | K31: 54.4
... B46: 55 Numerical clerks | C46: 1.01 | D46: 61.3 | E46: 61.8 | F46: 1.01 | G46: 65.9 | H46: 66.4 | I46: 1.01 | J46: 60 | K46: 60.7
B47: 56 Clerical and office support workers | C47: - | D47: - | E47: - | F47: - | G47: - | H47: - | I47: - | J47: - | K47: -
B48: 59 Other clerical and administrative workers | C48: 1.01 | D48: 50.3 | E48: 51 | F48: 1.01 | G48: 34.1 | H48: 34.5 | I48: 1.01 | J48: 43.7 | K48: 44.3
B49: Sales workers | C49: 1.01 | D49: 57.7 | E49: 58.6 | F49: 1.01 | G49: 62.9 | H49: 63.9 | I49: 1.02 | J49: 58.1 | K49: 59
B50: 61 Sales representatives and agents | C50: 1.01 | D50: 57.1 | E50: 57.6 | F50: 1 | G50: 65.8 | H50: 66 | I50: 1.01 | J50: 50 | K50: 50.5
B51: 62 Sales assistants and salespersons | C51: 1.02 | D51: 57.8 | E51: 58.6 | F51: 1.02 | G51: 62.8 | H51: 63.8 | I51: 1.02 | J51: 58.2 | K51: 59.1
B52: 63 Sales support workers | C52: - | D52: - | E52: - | F52: - | G52: - | H52: - | I52: - | J52: - | K52: -
B53: Machinery operators and drivers | C53: 1.03 | D53: 51 | E53: 52.6 | F53: 1.03 | G53: 53.4 | H53: 55 | I53: 1.03 | J53: 55.1 | K53: 56.7
B54: 71 Machine and stationary plant operators | C54: 1.03 | D54: 54.6 | E54: 56 | F54: 1.03 | G54: 61.8 | H54: 63.5 | I54: 1.03 | J54: 59.3 | K54: 60.9
B55: 72 Mobile plant operators | C55: 1.07 | D55: 32.9 | E55: 35.3 | F55: 1.05 | G55: 32.9 | H55: 34.6 | I55: 1.04 | J55: 37.3 | K55: 38.6
B56: 73 Road and rail drivers | C56: 1.02 | D56: 40.6 | E56: 41.6 | F56: 1.03 | G56: 38.1 | H56: 39.3 | I56: 1.03 | J56: 43.2 | K56: 44.5
B57: 74 Storepersons | C57: 1.02 | D57: 58.8 | E57: 60 | F57: 1.01 | G57: 45.5 | H57: 46.2 | I57: 1.01 | J57: 50.6 | K57: 51.3
B58: Labourers | C58: 1.03 | D58: 51.9 | E58: 53.3 | F58: 1.03 | G58: 46.8 | H58: 48.1 | I58: 1.03 | J58: 49.4 | K58: 50.7
B59: 81 Cleaners and laundry workers | C59: 1.02 | D59: 48.5 | E59: 49.3 | F59: 1.01 | G59: 56.3 | H59: 56.9 | I59: 1.01 | J59: 58.6 | K59: 59.1
B60: 82 Construction and mining labourers | C60: 1.03 | D60: 39.8 | E60: 41 | F60: 1.03 | G60: 40.4 | H60: 41.7 | I60: 1.03 | J60: 38.9 | K60: 40.1
B61: 83 Factory process workers | C61: 1.02 | D61: 65.4 | E61: 66.8 | F61: 1.02 | G61: 47.9 | H61: 48.7 | I61: 1.01 | J61: 60 | K61: 60.9
B62: 84 Farm, forestry and garden workers | C62: 1.03 | D62: 62.4 | E62: 64.1 | F62: 1.03 | G62: 60.6 | H62: 62.1 | I62: 1.03 | J62: 68.4 | K62: 70.6
B63: 85 Food preparation assistants | C63: 1.05 | D63: 49.7 | E63: 52.2 | F63: 1.04 | G63: 47.5 | H63: 49.3 | I63: 1.03 | J63: 45.2 | K63: 46.4
B64: 89 Other labourers | C64: 1.03 | D64: 49.4 | E64: 50.7 | F64: 1.02 | G64: 39.8 | H64: 40.7 | I64: 1.02 | J64: 47.1 | K64: 48.1
... B67: All occupations | C67: 1.09 | D67: 54.2 | E67: 58.8 | F67: 1.09 | G67: 55 | H67: 59.7 | I67: 1.09 | J67: 51.3 | K67: 56
B68: Explanatory notes
B69: Note: A dash (-) indicates a true zero figure, with no contracts reported in these categories.
B71: =Index!$C9 & " WA : " & Index!B9 -> Table 2 WA : Contract completion and attrition rates to date in trade occupations, for contracts commencing in 2016 to 2022
B73: Occupation (ANZSCO) group | C73: 2016 | G73: 2017 | K73: 2018 | O73: 2019 | S73: 2020 | W73: 2021 | AA73: 2022
C74: Completion rates to date | D74: Attrition rates to date | E74: Continuing or outcome not known | F74: Number of contracts | G74: Completion rates to date | H74: Attrition rates to date | I74: Continuing or outcome not known | J74: Number of contracts | K74: Completion rates to date | L74: Attrition rates to date | M74: Continuing or outcome not known | N74: Number of contracts | O74: Completion rates to date | P74: Attrition rates to date | Q74: Continuing or outcome not known | R74: Number of contracts | S74: Completion rates to date | T74: Attrition rates to date | U74: Continuing or outcome not known | V74: Number of contracts | W74: Completion rates to date | X74: Attrition rates to date | Y74: Continuing or outcome not known | Z74: Number of contracts | AA74: Completion rates to date | AB74: Attrition rates to date | AC74: Continuing or outcome not known | AD74: Number of contracts
C75: % | D75: % | E75: % | F75: ('000) | G75: % | H75: % | I75: % | J75: ('000) | K75: % | L75: % | M75: % | N75: ('000) | O75: % | P75: % | Q75: % | R75: ('000) | S75: % | T75: % | U75: % | V75: ('000) | W75: % | X75: % | Y75: % | Z75: ('000) | AA75: % | AB75: % | AC75: % | AD75: ('000)
B76: Technicians and trades workers
B77: 31 Engineering, ICT and science technicians | C77: 51.9 | D77: 40.2 | E77: 7.9 | F77: 0.428 | G77: 50 | H77: 41.7 | I77: 8.3 | J77: 0.324 | K77: 54.4 | L77: 38.9 | M77: 6.7 | N77: 0.285 | O77: 49 | P77: 39.8 | Q77: 11.2 | R77: 0.347 | S77: 42.5 | T77: 43.3 | U77: 14.2 | V77: 0.598 | W77: 36.5 | X77: 46.9 | Y77: 16.6 | Z77: 0.746 | AA77: 24.7 | AB77: 35.7 | AC77: 39.7 | AD77: 1.144
B78: 32 Automotive and engineering trades workers | C78: 64 | D78: 34.5 | E78: 1.5 | F78: 2.125 | G78: 63.7 | H78: 34.2 | I78: 2.1 | J78: 2.581 | K78: 61.5 | L78: 36.1 | M78: 2.4 | N78: 3.017 | O78: 56.2 | P78: 40.5 | Q78: 3.3 | R78: 3.119 | S78: 32.5 | T78: 36.9 | U78: 30.5 | V78: 3.62 | W78: 12.9 | X78: 37.2 | Y78: 49.9 | Z78: 4.929 | AA78: 7.9 | AB78: 27.9 | AC78: 64.3 | AD78: 4.987
B79: 33 Construction trades workers | C79: 48.9 | D79: 48.2 | E79: 2.9 | F79: 1.618 | G79: 51.7 | H79: 45.5 | I79: 2.8 | J79: 1.349 | K79: 52.4 | L79: 44.5 | M79: 3.1 | N79: 1.173 | O79: 49.7 | P79: 47.2 | Q79: 3.1 | R79: 1.176 | S79: 24.5 | T79: 46 | U79: 29.5 | V79: 1.603 | W79: 7.9 | X79: 48.6 | Y79: 43.4 | Z79: 2.547 | AA79: 3.5 | AB79: 37.8 | AC79: 58.7 | AD79: 2.288
B80: 34 Electrotechnology and telecommunications trades workers | C80: 64.1 | D80: 32.1 | E80: 3.9 | F80: 1.519 | G80: 64.9 | H80: 31.5 | I80: 3.6 | J80: 1.536 | K80: 61.5 | L80: 34.5 | M80: 4 | N80: 1.442 | O80: 55.7 | P80: 35.4 | Q80: 8.9 | R80: 1.499 | S80: 26.1 | T80: 33.3 | U80: 40.6 | V80: 1.863 | W80: 9.9 | X80: 32.8 | Y80: 57.3 | Z80: 2.721 | AA80: 6.1 | AB80: 24 | AC80: 69.9 | AD80: 3.087
B81: 35 Food trades workers | C81: 35.6 | D81: 56.6 | E81: 7.8 | F81: 0.629 | G81: 39 | H81: 55.4 | I81: 5.6 | J81: 0.52 | K81: 40.4 | L81: 54.7 | M81: 5 | N81: 0.545 | O81: 43 | P81: 51.1 | Q81: 5.9 | R81: 0.54 | S81: 33.1 | T81: 51.9 | U81: 15.1 | V81: 0.669 | W81: 20.7 | X81: 56.9 | Y81: 22.3 | Z81: 0.852 | AA81: 11.7 | AB81: 42.8 | AC81: 45.5 | AD81: 0.808
B82: 36 Skilled animal and horticultural workers | C82: 62.1 | D82: 30.5 | E82: 7.4 | F82: 0.203 | G82: 57.9 | H82: 32.7 | I82: 9.4 | J82: 0.202 | K82: 62.6 | L82: 29.1 | M82: 8.4 | N82: 0.227 | O82: 59.8 | P82: 33.8 | Q82: 6.4 | R82: 0.204 | S82: 50.3 | T82: 37.4 | U82: 12.3 | V82: 0.318 | W82: 34.9 | X82: 41.6 | Y82: 23.5 | Z82: 0.37 | AA82: 19.4 | AB82: 39.2 | AC82: 41.4 | AD82: 0.418
B83: 39 Other technicians and trades workers | C83: 45.5 | D83: 48.3 | E83: 6.2 | F83: 1.431 | G83: 45.7 | H83: 47.1 | I83: 7.2 | J83: 1.454 | K83: 48.6 | L83: 48.3 | M83: 3.2 | N83: 0.949 | O83: 41.9 | P83: 53.8 | Q83: 4.3 | R83: 0.922 | S83: 34.2 | T83: 53.4 | U83: 12.4 | V83: 1.047 | W83: 15.2 | X83: 52.2 | Y83: 32.6 | Z83: 1.399 | AA83: 7.3 | AB83: 39.9 | AC83: 52.9 | AD83: 1.246
B84: 391 Hairdressers | C84: 43.7 | D84: 53.1 | E84: 3.2 | F84: 0.588 | G84: 40.6 | H84: 56 | I84: 3.4 | J84: 0.532 | K84: 40.7 | L84: 56.6 | M84: 2.7 | N84: 0.562 | O84: 35.7 | P84: 59.2 | Q84: 5.1 | R84: 0.512 | S84: 32.4 | T84: 60.6 | U84: 7 | V84: 0.677 | W84: 12 | X84: 59.4 | Y84: 28.6 | Z84: 0.876 | AA84: 5.4 | AB84: 45.7 | AC84: 49 | AD84: 0.762
B85: 392 Printing trades workers | C85: 35 | D85: 65 | E85: 0 | F85: 0.02 | G85: 30 | H85: 70 | I85: 0 | J85: 0.01 | K85: 50 | L85: 44.4 | M85: 5.6 | N85: 0.018 | O85: 52.1 | P85: 32 | Q85: 15.9 | R85: 0.025 | S85: 47.8 | T85: 23.8 | U85: 28.4 | V85: 0.021 | W85: 7.4 | X85: 55.6 | Y85: 37 | Z85: 0.027 | AA85: 0 | AB85: 41.7 | AC85: 58.3 | AD85: 0.012
B86: 393 Textile, clothing and footwear trades workers | C86: 50 | D86: 50 | E86: 0 | F86: 0.002 | G86: 50 | H86: 0 | I86: 50 | J86: 0.002 | K86: 66.7 | L86: 33.3 | M86: 0 | N86: 0.003 | O86: 44.4 | P86: 33.3 | Q86: 22.2 | R86: 0.009 | S86: 0 | T86: 69.2 | U86: 30.8 | V86: 0.013 | W86: 5.9 | X86: 29.4 | Y86: 64.7 | Z86: 0.017 | AA86: 11.1 | AB86: 44.4 | AC86: 44.4 | AD86: 0.009
B87: 394 Wood trades workers | C87: 49 | D87: 49.7 | E87: 1.3 | F87: 0.151 | G87: 56.4 | H87: 41.6 | I87: 2 | J87: 0.149 | K87: 46.8 | L87: 51.8 | M87: 1.4 | N87: 0.139 | O87: 56.4 | P87: 41.4 | Q87: 2.1 | R87: 0.14 | S87: 29.8 | T87: 49.4 | U87: 20.8 | V87: 0.172 | W87: 11.1 | X87: 46 | Y87: 42.9 | Z87: 0.235 | AA87: 4.8 | AB87: 30 | AC87: 65.2 | AD87: 0.23
B88: 399 Miscellaneous technicians and trades workers | C88: 46.6 | D88: 43.3 | E88: 10.1 | F88: 0.67 | G88: 47.3 | H88: 41.8 | I88: 10.9 | J88: 0.761 | K88: 68.7 | L88: 26 | M88: 5.3 | N88: 0.227 | O88: 45.3 | P88: 52.5 | Q88: 2.1 | R88: 0.236 | S88: 47 | T88: 30.5 | U88: 22.5 | V88: 0.164 | W88: 32 | X88: 34 | Y88: 34 | Z88: 0.244 | AA88: 16 | AB88: 30.5 | AC88: 53.6 | AD88: 0.233
... B91: All occupations | C91: 52 | D91: 40.7 | E91: 7.2 | F91: 21.509 | G91: 54.2 | H91: 39.6 | I91: 6.2 | J91: 21.126 | K91: 55 | L91: 40.2 | M91: 4.8 | N91: 18.342 | O91: 51.3 | P91: 43.9 | Q91: 4.9 | R91: 18.02 | S91: 39.1 | T91: 43.9 | U91: 17.1 | V91: 21.498 | W91: 25.7 | X91: 48.2 | Y91: 26.1 | Z91: 30.335 | AA91: 18.5 | AB91: 40.9 | AC91: 40.6 | AD91: 31.811
B92: Explanatory notes
B93: Note: A dash (-) indicates a true zero figure, with no contracts reported in these categories.
B95: =Index!$C10 & " WA : " & Index!B10 -> Table 3 WA : Contract completion and attrition rates to date in non-trade occupations, for contracts commencing in 2016 to 2022
B97: Occupation (ANZSCO) group | C97: 2016 | G97: 2017 | K97: 2018 | O97: 2019 | S97: 2020 | W97: 2021 | AA97: 2022
C98: Completion rates to date | D98: Attrition rates to date | E98: Continuing or outcome not known | F98: Number of contracts | G98: Completion rates to date | H98: Attrition rates to date | I98: Continuing or outcome not known | J98: Number of contracts | K98: Completion rates to date | L98: Attrition rates to date | M98: Continuing or outcome not known | N98: Number of contracts | O98: Completion rates to date | P98: Attrition rates to date | Q98: Continuing or outcome not known | R98: Number of contracts | S98: Completion rates to date | T98: Attrition rates to date | U98: Continuing or outcome not known | V98: Number of contracts | W98: Completion rates to date | X98: Attrition rates to date | Y98: Continuing or outcome not known | Z98: Number of contracts | AA98: Completion rates to date | AB98: Attrition rates to date | AC98: Continuing or outcome not known | AD98: Number of contracts
C99: % | D99: % | E99: % | F99: ('000) | G99: % | H99: % | I99: % | J99: ('000) | K99: % | L99: % | M99: % | N99: ('000) | O99: % | P99: % | Q99: % | R99: ('000) | S99: % | T99: % | U99: % | V99: ('000) | W99: % | X99: % | Y99: % | Z99: ('000) | AA99: % | AB99: % | AC99: % | AD99: ('000)
B100: Managers | C100: 40.3 | D100: 42.3 | E100: 17.4 | F100: 1.335 | G100: 35.2 | H100: 52.1 | I100: 12.7 | J100: 0.505 | K100: 44.2 | L100: 45.2 | M100: 10.6 | N100: 0.208 | O100: 37.5 | P100: 47.1 | Q100: 15.4 | R100: 0.136 | S100: 30.3 | T100: 54.6 | U100: 15.1 | V100: 0.284 | W100: 24.1 | X100: 50.6 | Y100: 25.3 | Z100: 0.174 | AA100: 15 | AB100: 53.7 | AC100: 31.3 | AD100: 0.134
B101: 11 Chief executives, general managers and legislators | C101: 37.1 | D101: 43 | E101: 20 | F101: 0.796 | G101: 28.6 | H101: 55.7 | I101: 15.6 | J101: 0.192 | K101: 50.9 | L101: 43.6 | M101: 5.5 | N101: 0.055 | O101: 21.1 | P101: 57.9 | Q101: 21.1 | R101: 0.019 | S101: 20.1 | T101: 61 | U101: 18.9 | V101: 0.164 | W101: 6.9 | X101: 61.4 | Y101: 31.7 | Z101: 0.101 | AA101: 5.4 | AB101: 46.4 | AC101: 48.2 | AD101: 0.056
B102: 12 Farmers and farm managers | C102: 64 | D102: 25.3 | E102: 10.7 | F102: 0.075 | G102: 77.3 | H102: 13.6 | I102: 9.1 | J102: 0.022 | K102: 55 | L102: 40 | M102: 5 | N102: 0.02 | O102: 53.8 | P102: 23.1 | Q102: 23.1 | R102: 0.013 | S102: 100 | T102: 0 | U102: 0 | V102: 0.001 | W102: 61.9 | X102: 33.3 | Y102: 4.8 | Z102: 0.021 | AA102: 65.2 | AB102: 30 | AC102: 4.8 | AD102: 0.02
B103: 13 Specialist managers | C103: 55.7 | D103: 30.9 | E103: 13.4 | F103: 0.097 | G103: 42.3 | H103: 39.7 | I103: 17.9 | J103: 0.078 | K103: 46 | L103: 36 | M103: 18 | N103: 0.05 | O103: 53.8 | P103: 35.9 | Q103: 10.3 | R103: 0.039 | S103: 42.5 | T103: 47.9 | U103: 9.6 | V103: 0.073 | W103: 54.1 | X103: 29.7 | Y103: 16.2 | Z103: 0.037 | AA103: 18.3 | AB103: 54.5 | AC103: 27.2 | AD103: 0.011
B104: 14 Hospitality, retail and service managers | C104: 38.4 | D104: 47.4 | E104: 14.2 | F104: 0.367 | G104: 34.3 | H104: 57.3 | I104: 8.5 | J104: 0.213 | K104: 36.1 | L104: 53 | M104: 10.8 | N104: 0.083 | O104: 29.2 | P104: 55.4 | Q104: 15.4 | R104: 0.065 | S104: 45.7 | T104: 43.5 | U104: 10.8 | V104: 0.046 | W104: 13.4 | X104: 53.3 | Y104: 33.3 | Z104: 0.015 | AA104: 4.3 | AB104: 72.3 | AC104: 23.4 | AD104: 0.047
B105: Professionals | C105: 47.8 | D105: 43.5 | E105: 8.7 | F105: 0.069 | G105: 57.6 | H105: 29.3 | I105: 13.1 | J105: 0.099 | K105: 59.7 | L105: 31.2 | M105: 9.1 | N105: 0.077 | O105: 30 | P105: 58.9 | Q105: 11.1 | R105: 0.09 | S105: 43.1 | T105: 51.5 | U105: 5.4 | V105: 0.13 | W105: 31.3 | X105: 50 | Y105: 18.7 | Z105: 0.198 | AA105: 32.6 | AB105: 45.6 | AC105: 21.8 | AD105: 0.366
B106: 21 Arts and media professionals | C106: - | D106: - | E106: - | F106: - | G106: - | H106: - | I106: - | J106: - | K106: - | L106: - | M106: - | N106: - | O106: - | P106: - | Q106: - | R106: - | S106: - | T106: - | U106: - | V106: - | W106: - | X106: - | Y106: - | Z106: - | AA106: - | AB106: - | AC106: - | AD106: -
B107: 22 Business, human resource and marketing professionals | C107: 57.6 | D107: 30.3 | E107: 12.1 | F107: 0.033 | G107: 79.1 | H107: 14 | I107: 7 | J107: 0.043 | K107: 57.1 | L107: 42.9 | M107: 0 | N107: 0.007 | O107: 0 | P107: 100 | Q107: 0 | R107: 0.002 | S107: 29.4 | T107: 41.2 | U107: 29.4 | V107: 0.017 | W107: 23 | X107: 56.2 | Y107: 20.8 | Z107: 0.048 | AA107: 27.8 | AB107: 44.5 | AC107: 27.7 | AD107: 0.101
B108: 23 Design, engineering, science and transport professionals | C108: 33.3 | D108: 66.7 | E108: 0 | F108: 0.024 | G108: 85.7 | H108: 0 | I108: 14.3 | J108: 0.007 | K108: 90.9 | L108: 9.1 | M108: 0 | N108: 0.011 | O108: 0 | P108: 100 | Q108: 0 | R108: 0.001 | S108: 100.1 | T108: 0 | U108: 0 | V108: 0.007 | W108: 65 | X108: 20 | Y108: 15 | Z108: 0.02 | AA108: 41.6 | AB108: 18.9 | AC108: 39.5 | AD108: 0.053
B109: 24 Education professionals | C109: - | D109: - | E109: - | F109: - | G109: - | H109: - | I109: - | J109: - | K109: - | L109: - | M109: - | N109: - | O109: - | P109: - | Q109: - | R109: - | S109: - | T109: - | U109: - | V109: - | W109: - | X109: - | Y109: - | Z109: - | AA109: - | AB109: - | AC109: - | AD109: -
B110: 25 Health professionals | C110: - | D110: - | E110: - | F110: - | G110: - | H110: - | I110: - | J110: - | K110: - | L110: - | M110: - | N110: - | O110: - | P110: - | Q110: - | R110: - | S110: - | T110: - | U110: - | V110: - | W110: - | X110: - | Y110: - | Z110: - | AA110: - | AB110: - | AC110: - | AD110: -
B111: 26 ICT professionals | C111: 50 | D111: 50 | E111: 0 | F111: 0.006 | G111: 40 | H111: 40 | I111: 20 | J111: 0.01 | K111: 50 | L111: 16.7 | M111: 33.3 | N111: 0.006 | O111: 28.6 | P111: 42.9 | Q111: 28.6 | R111: 0.007 | S111: 35.3 | T111: 64.7 | U111: 0 | V111: 0.017 | W111: 16.7 | X111: 83.3 | Y111: 0 | Z111: 0.006 | AA111: - | AB111: - | AC111: - | AD111: -
B112: 27 Legal, social and welfare professionals | C112: 50 | D112: 16.7 | E112: 33.3 | F112: 0.006 | G112: 33.3 | H112: 48.7 | I112: 17.9 | J112: 0.039 | K112: 54.7 | L112: 35.8 | M112: 9.4 | N112: 0.053 | O112: 31.3 | P112: 58.8 | Q112: 10 | R112: 0.08 | S112: 42.7 | T112: 55 | U112: 2.3 | V112: 0.089 | W112: 29.8 | X112: 50.8 | Y112: 19.4 | Z112: 0.124 | AA112: 32.7 | AB112: 52.8 | AC112: 14.5 | AD112: 0.212
B113: Community and personal service workers | C113: 52.5 | D113: 43.3 | E113: 4.2 | F113: 4.363 | G113: 58.6 | H113: 37.3 | I113: 4.1 | J113: 4.083 | K113: 56.8 | L113: 39.7 | M113: 3.4 | N113: 3.596 | O113: 50.3 | P113: 45.6 | Q113: 4.1 | R113: 3.243 | S113: 47 | T113: 47.8 | U113: 5.1 | V113: 3.282 | W113: 37.8 | X113: 52.5 | Y113: 9.7 | Z113: 5.174 | AA113: 22.7 | AB113: 49.8 | AC113: 27.5 | AD113: 6.017
B114: 41 Health and welfare support workers | C114: 42.7 | D114: 44.7 | E114: 12.6 | F114: 0.246 | G114: 61.7 | H114: 31.3 | I114: 7 | J114: 0.201 | K114: 63.6 | L114: 30.1 | M114: 6.2 | N114: 0.176 | O114: 56 | P114: 37.1 | Q114: 7 | R114: 0.143 | S114: 44 | T114: 45.1 | U114: 10.9 | V114: 0.175 | W114: 39.8 | X114: 45 | Y114: 15.2 | Z114: 0.269 | AA114: 29.3 | AB114: 37.5 | AC114: 33.2 | AD114: 0.312
B115: 42 Carers and aides | C115: 53.3 | D115: 42.7 | E115: 4 | F115: 1.068 | G115: 61.1 | H115: 36.5 | I115: 2.4 | J115: 1.009 | K115: 61 | L115: 36.2 | M115: 2.8 | N115: 0.933 | O115: 55.4 | P115: 40.6 | Q115: 3.9 | R115: 1.243 | S115: 45.1 | T115: 48.9 | U115: 6 | V115: 1.557 | W115: 35.8 | X115: 50.9 | Y115: 13.3 | Z115: 2.252 | AA115: 15.6 | AB115: 46.1 | AC115: 38.3 | AD115: 2.838
B116: 43 Hospitality workers | C116: 47.3 | D116: 50.4 | E116: 2.3 | F116: 2.061 | G116: 55 | H116: 42.5 | I116: 2.6 | J116: 1.719 | K116: 47.8 | L116: 48.2 | M116: 4 | N116: 1.534 | O116: 39.1 | P116: 55.6 | Q116: 5.3 | R116: 0.962 | S116: 38.3 | T116: 58.2 | U116: 3.6 | V116: 0.868 | W116: 31 | X116: 64 | Y116: 5 | Z116: 1.868 | AA116: 19.9 | AB116: 64.4 | AC116: 15.7 | AD116: 2.013
B117: 44 Protective service workers | C117: 68 | D117: 18.9 | E117: 13.1 | F117: 0.206 | G117: 65.6 | H117: 16.7 | I117: 17.7 | J117: 0.282 | K117: 65.7 | L117: 27.7 | M117: 6.6 | N117: 0.137 | O117: 57.6 | P117: 37.9 | Q117: 4.5 | R117: 0.132 | S117: 76.7 | T117: 14.2 | U117: 9.2 | V117: 0.12 | W117: 49.3 | X117: 33.8 | Y117: 16.9 | Z117: 0.136 | AA117: 48.3 | AB117: 29 | AC117: 22.7 | AD117: 0.193
B118: 45 Sports and personal service workers | C118: 64.3 | D118: 31.1 | E118: 4.6 | F118: 0.782 | G118: 59.7 | H118: 36 | I118: 4.2 | J118: 0.872 | K118: 66.1 | L118: 31.9 | M118: 2.1 | N118: 0.816 | O118: 53.7 | P118: 43.9 | Q118: 2.4 | R118: 0.763 | S118: 60.5 | T118: 36.8 | U118: 2.7 | V118: 0.562 | W118: 60.9 | X118: 31.7 | Y118: 7.4 | Z118: 0.649 | AA118: 50.9 | AB118: 33.7 | AC118: 15.4 | AD118: 0.661
B119: Clerical and administrative workers | C119: 48.3 | D119: 36.4 | E119: 15.3 | F119: 2.495 | G119: 47.4 | H119: 41.6 | I119: 11 | J119: 2.577 | K119: 49.4 | L119: 42.1 | M119: 8.4 | N119: 1.693 | O119: 45.5 | P119: 49.8 | Q119: 4.7 | R119: 2.281 | S119: 37.4 | T119: 48.6 | U119: 14 | V119: 2.577 | W119: 26.1 | X119: 58.7 | Y119: 15.2 | Z119: 3.872 | AA119: 21.1 | AB119: 53.1 | AC119: 25.7 | AD119: 3.546
B120: 51 Office managers and program administrators | C120: 40.5 | D120: 37.5 | E120: 22 | F120: 0.824 | G120: 39.2 | H120: 44.3 | I120: 16.4 | J120: 0.864 | K120: 34.8 | L120: 52.7 | M120: 12.5 | N120: 0.224 | O120: 42.1 | P120: 46.7 | Q120: 11.2 | R120: 0.242 | S120: 35.2 | T120: 46.7 | U120: 18.2 | V120: 0.859 | W120: 21 | X120: 55.9 | Y120: 23.2 | Z120: 0.902 | AA120: 14.7 | AB120: 45.4 | AC120: 39.9 | AD120: 0.5
B121: 52 Personal assistants and secretaries | C121: 100 | D121: 0 | E121: 0 | F121: 0.002 | G121: 100 | H121: 0 | I121: 0 | J121: 0.001 | K121: 50 | L121: 50 | M121: 0 | N121: 0.002 | O121: 0 | P121: 100 | Q121: 0 | R121: 0.001 | S121: 0 | T121: 100 | U121: 0 | V121: 0.001 | W121: 100 | X121: 0 | Y121: 0 | Z121: 0.001 | AA121: 66.8 | AB121: 33.3 | AC121: 0 | AD121: 0.003
B122: 53 General clerical workers | C122: 58.8 | D122: 29.7 | E122: 11.5 | F122: 0.799 | G122: 60.1 | H122: 33.8 | I122: 6 | J122: 0.813 | K122: 61 | L122: 30.1 | M122: 8.9 | N122: 0.718 | O122: 59.6 | P122: 34.6 | Q122: 5.9 | R122: 0.628 | S122: 45.2 | T122: 42.5 | U122: 12.3 | V122: 0.843 | W122: 29.2 | X122: 57.1 | Y122: 13.7 | Z122: 1.917 | AA122: 24.2 | AB122: 55.3 | AC122: 20.5 | AD122: 2.226
B123: 54 Inquiry clerks and receptionists | C123: 31.5 | D123: 55.9 | E123: 12.6 | F123: 0.39 | G123: 35.8 | H123: 53.2 | I123: 11 | J123: 0.562 | K123: 35.7 | L123: 58.2 | M123: 6.1 | N123: 0.479 | O123: 36.1 | P123: 62.5 | Q123: 1.4 | R123: 1.093 | S123: 32.8 | T123: 59.1 | U123: 8.1 | V123: 0.47 | W123: 22.6 | X123: 76.2 | Y123: 1.2 | Z123: 0.345 | AA123: - | AB123: - | AC123: - | AD123: -
...

Sheet Tas
B1: Completion and attrition rates for apprentices and trainees 2023: data tables - to date
B2: Tasmania
N3: Back to Index
B4: =Index!$C8 & " Tas : " & Index!B8 -> Table 1 Tas : Individual completion rates to date, based on a recommencement adjustment factor, and contract completion rates to date for trade and non-trade occupations commencing in 2017 to 2019
B6: Occupation (ANZSCO) group | C6: 2017 | F6: 2018 | I6: 2019
C7: Average annual adjustment factor | D7: Contract completion rate | E7: Individual completion rate | F7: Average annual adjustment factor | G7: Contract completion rate | H7: Individual completion rate | I7: Average annual adjustment factor | J7: Contract completion rate | K7: Individual completion rate
C8: Ratio | D8: % | E8: % | F8: Ratio | G8: % | H8: % | I8: Ratio | J8: % | K8: %
B9: Managers | C9: 1.02 | D9: 48.1 | E9: 49 | F9: 1.02 | G9: 49.2 | H9: 50.4 | I9: 1.02 | J9: 57.3 | K9: 58.6
B10: 11 Chief executives, general managers and legislators | C10: 1.02 | D10: 54.3 | E10: 55.3 | F10: 1.03 | G10: 51.2 | H10: 52.6 | I10: 1.03 | J10: 57.6 | K10: 59.2
B11: 12 Farmers and farm managers | C11: 1.05 | D11: 27.3 | E11: 28.7 | F11: 1.03 | G11: 44.4 | H11: 45.8 | I11: 1 | J11: 33.4 | K11: 33.4
B12: 13 Specialist managers | C12: 1 | D12: 66.7 | E12: 66.7 | F12: 1 | G12: 46.2 | H12: 46.2 | I12: 1 | J12: 68.1 | K12: 68.1
B13: 14 Hospitality, retail and service managers | C13: 1 | D13: 60 | E13: 60 | F13: - | G13: - | H13: - | I13: 1 | J13: 11.1 | K13: 11.1
B14: Professionals | C14: 1.02 | D14: 53.3 | E14: 54.4 | F14: 1.03 | G14: 85 | H14: 87.4 | I14: 1.03 | J14: 70.6 | K14: 72.4
B15: 21 Arts and media professionals | C15: - | D15: - | E15: - | F15: - | G15: - | H15: - | I15: - | J15: - | K15: -
B16: 22 Business, human resource and marketing professionals | C16: 1.11 | D16: 100 | E16: 111.1 | F16: - | G16: - | H16: - | I16: - | J16: - | K16: -
B17: 23 Design, engineering, science and transport professionals | C17: - | D17: - | E17: - | F17: 1.07 | G17: 87.5 | H17: 93.8 | I17: 1.09 | J17: 70.6 | K17: 76.9
B18: 24 Education professionals | C18: - | D18: - | E18: - | F18: - | G18: - | H18: - | I18: - | J18: - | K18: -
B19: 25 Health professionals | C19: - | D19: - | E19: - | F19: - | G19: - | H19: - | I19: - | J19: - | K19: -
B20: 26 ICT professionals | C20: - | D20: - | E20: - | F20: 1 | G20: 0 | H20: 0 | I20: - | J20: - | K20: -
B21: 27 Legal, social and welfare professionals | C21: 1 | D21: 50 | E21: 50 | F21: 1.01 | G21: 100 | H21: 101 | I21: - | J21: - | K21: -
B22: Technicians and trades workers | C22: 1.22 | D22: 54.1 | E22: 65.8 | F22: 1.21 | G22: 52.2 | H22: 63.3 | I22: 1.22 | J22: 50.2 | K22: 61.5
B23: 31 Engineering, ICT and science technicians | C23: 1.03 | D23: 70.1 | E23: 72.2 | F23: 1.03 | G23: 59.6 | H23: 61.2 | I23: 1.03 | J23: 58 | K23: 59.8
B24: 32 Automotive and engineering trades workers | C24: 1.17 | D24: 57.4 | E24: 67.3 | F24: 1.2 | G24: 55.3 | H24: 66.1 | I24: 1.2 | J24: 49.7 | K24: 59.8
B25: 33 Construction trades workers | C25: 1.21 | D25: 60.5 | E25: 73.4 | F25: 1.24 | G25: 56.2 | H25: 69.4 | I25: 1.27 | J25: 53.2 | K25: 67.6
B26: 34 Electrotechnology and telecommunications trades workers | C26: 1.2 | D26: 68.4 | E26: 82 | F26: 1.17 | G26: 62.7 | H26: 73.6 | I26: 1.18 | J26: 61 | K26: 72.3
B27: 35 Food trades workers | C27: 1.55 | D27: 29.1 | E27: 45.1 | F27: 1.46 | G27: 25.6 | H27: 37.3 | I27: 1.42 | J27: 27.4 | K27: 38.7
B28: 36 Skilled animal and horticultural workers | C28: 1.08 | D28: 51.9 | E28: 56.1 | F28: 1.09 | G28: 47.8 | H28: 51.9 | I28: 1.09 | J28: 52.4 | K28: 57.3
B29: 39 Other technicians and trades workers | C29: 1.17 | D29: 60.8 | E29: 70.9 | F29: 1.19 | G29: 61.1 | H29: 72.7 | I29: 1.21 | J29: 53 | K29: 64.3
B30: 391 Hairdressers | C30: 1.43 | D30: 27.9 | E30: 40 | F30: 1.47 | G30: 34.2 | H30: 50.3 | I30: 1.51 | J30: 28.9 | K30: 43.7
B31: 392 Printing trades workers | C31: 1.05 | D31: 75 | E31: 78.4 | F31: 1.08 | G31: 75 | H31: 81.3 | I31: 1.1 | J31: 100 | K31: 110
B32: 393 Textile, clothing and footwear trades workers | C32: 1.06 | D32: 50 | E32: 53.1 | F32: 1.05 | G32: 50 | H32: 52.6 | I32: 1.06 | J32: 67 | K32: 70.9
B33: 394 Wood trades workers | C33: 1.17 | D33: 55.8 | E33: 65.2 | F33: 1.15 | G33: 59.6 | H33: 68.8 | I33: 1.16 | J33: 55.7 | K33: 64.5
... B46: 55 Numerical clerks | C46: 1.01 | D46: 75 | E46: 76.1 | F46: 1.01 | G46: 83.3 | H46: 83.8 | I46: 1.01 | J46: 56.1 | K46: 56.7
B47: 56 Clerical and office support workers | C47: - | D47: - | E47: - | F47: - | G47: - | H47: - | I47: - | J47: - | K47: -
B48: 59 Other clerical and administrative workers | C48: 1.04 | D48: 54.8 | E48: 56.9 | F48: 1.02 | G48: 61.9 | H48: 63.3 | I48: 1.02 | J48: 37.5 | K48: 38.2
B49: Sales workers | C49: 1.02 | D49: 67.1 | E49: 68.6 | F49: 1.03 | G49: 65.5 | H49: 67.5 | I49: 1.04 | J49: 60.6 | K49: 63.1
B50: 61 Sales representatives and agents | C50: 1.02 | D50: 53.1 | E50: 54.2 | F50: 1.03 | G50: 48.4 | H50: 49.8 | I50: 1.08 | J50: 63.4 | K50: 68.2
B51: 62 Sales assistants and salespersons | C51: 1.02 | D51: 67.6 | E51: 69.2 | F51: 1.03 | G51: 66.5 | H51: 68.5 | I51: 1.03 | J51: 60.1 | K51: 62.1
B52: 63 Sales support workers | C52: - | D52: - | E52: - | F52: - | G52: - | H52: - | I52: - | J52: - | K52: -
B53: Machinery operators and drivers | C53: 1.04 | D53: 60.9 | E53: 63.6 | F53: 1.04 | G53: 53 | H53: 55.3 | I53: 1.05 | J53: 50.2 | K53: 52.8
B54: 71 Machine and stationary plant operators | C54: 1.04 | D54: 67.1 | E54: 70 | F54: 1.03 | G54: 66.9 | H54: 69.1 | I54: 1.04 | J54: 36.8 | K54: 38.3
B55: 72 Mobile plant operators | C55: 1.07 | D55: 57.8 | E55: 61.7 | F55: 1.07 | G55: 43.2 | H55: 46.1 | I55: 1.09 | J55: 61.4 | K55: 66.8
B56: 73 Road and rail drivers | C56: 1.02 | D56: 64.5 | E56: 65.9 | F56: 1.02 | G56: 41 | H56: 42 | I56: 1.02 | J56: 51.3 | K56: 52.5
B57: 74 Storepersons | C57: 1.01 | D57: 50.9 | E57: 51.5 | F57: 1.02 | G57: 64.1 | H57: 65.1 | I57: 1.02 | J57: 50 | K57: 51.1
B58: Labourers | C58: 1.03 | D58: 47.2 | E58: 48.6 | F58: 1.03 | G58: 56.6 | H58: 58.3 | I58: 1.03 | J58: 54.8 | K58: 56.6
B59: 81 Cleaners and laundry workers | C59: 1.08 | D59: 55 | E59: 59.5 | F59: 1.05 | G59: 62.5 | H59: 65.6 | I59: 1.02 | J59: 50 | K59: 51.1
B60: 82 Construction and mining labourers | C60: 1.03 | D60: 31.3 | E60: 32.3 | F60: 1.05 | G60: 14.6 | H60: 15.4 | I60: 1.07 | J60: 32.8 | K60: 35.2
B61: 83 Factory process workers | C61: 1.01 | D61: 55 | E61: 55.6 | F61: 1.01 | G61: 69.1 | H61: 69.5 | I61: 1.01 | J61: 73.9 | K61: 74.8
B62: 84 Farm, forestry and garden workers | C62: 1.04 | D62: 46.6 | E62: 48.5 | F62: 1.04 | G62: 65.1 | H62: 67.8 | I62: 1.04 | J62: 56.4 | K62: 58.6
B63: 85 Food preparation assistants | C63: 1.03 | D63: 36.6 | E63: 37.5 | F63: 1 | G63: 24.3 | H63: 24.3 | I63: 1.01 | J63: 17.9 | K63: 18
B64: 89 Other labourers | C64: 1.01 | D64: 65.5 | E64: 66.1 | F64: 1.01 | G64: 42.5 | H64: 42.9 | I64: 1.01 | J64: 67.3 | K64: 67.9
... B67: All occupations | C67: 1.1 | D67: 57.9 | E67: 63.8 | F67: 1.1 | G67: 57.5 | H67: 63.4 | I67: 1.11 | J67: 55 | K67: 61.1
B68: Explanatory notes
B69: Note: A dash (-) indicates a true zero figure, with no contracts reported in these categories.
B71: =Index!$C9 & " Tas : " & Index!B9 -> Table 2 Tas : Contract completion and attrition rates to date in trade occupations, for contracts commencing in 2016 to 2022
B73: Occupation (ANZSCO) group | C73: 2016 | G73: 2017 | K73: 2018 | O73: 2019 | S73: 2020 | W73: 2021 | AA73: 2022
C74: Completion rates to date | D74: Attrition rates to date | E74: Continuing or outcome not known | F74: Number of contracts | G74: Completion rates to date | H74: Attrition rates to date | I74: Continuing or outcome not known | J74: Number of contracts | K74: Completion rates to date | L74: Attrition rates to date | M74: Continuing or outcome not known | N74: Number of contracts | O74: Completion rates to date | P74: Attrition rates to date | Q74: Continuing or outcome not known | R74: Number of contracts | S74: Completion rates to date | T74: Attrition rates to date | U74: Continuing or outcome not known | V74: Number of contracts | W74: Completion rates to date | X74: Attrition rates to date | Y74: Continuing or outcome not known | Z74: Number of contracts | AA74: Completion rates to date | AB74: Attrition rates to date | AC74: Continuing or outcome not known | AD74: Number of contracts
C75: % | D75: % | E75: % | F75: ('000) | G75: % | H75: % | I75: % | J75: ('000) | K75: % | L75: % | M75: % | N75: ('000) | O75: % | P75: % | Q75: % | R75: ('000) | S75: % | T75: % | U75: % | V75: ('000) | W75: % | X75: % | Y75: % | Z75: ('000) | AA75: % | AB75: % | AC75: % | AD75: ('000)
B76: Technicians and trades workers
B77: 31 Engineering, ICT and science technicians | C77: 72.1 | D77: 26.5 | E77: 1.5 | F77: 0.068 | G77: 70.1 | H77: 27.3 | I77: 2.6 | J77: 0.077 | K77: 59.6 | L77: 35.1 | M77: 5.3 | N77: 0.094 | O77: 58 | P77: 36.6 | Q77: 5.4 | R77: 0.112 | S77: 69.3 | T77: 23.2 | U77: 7.5 | V77: 0.104 | W77: 55.2 | X77: 31.2 | Y77: 13.6 | Z77: 0.285 | AA77: 25.9 | AB77: 32.3 | AC77: 41.8 | AD77: 0.277
B78: 32 Automotive and engineering trades workers | C78: 61.2 | D78: 37 | E78: 1.8 | F78: 0.338 | G78: 57.4 | H78: 41.2 | I78: 1.4 | J78: 0.415 | K78: 55.3 | L78: 42.8 | M78: 1.9 | N78: 0.505 | O78: 49.7 | P78: 45 | Q78: 5.3 | R78: 0.472 | S78: 23.9 | T78: 47.7 | U78: 28.4 | V78: 0.476 | W78: 12.9 | X78: 43.4 | Y78: 43.7 | Z78: 0.686 | AA78: 5.4 | AB78: 34.4 | AC78: 60.2 | AD78: 0.75
B79: 33 Construction trades workers | C79: 60.1 | D79: 39.9 | E79: 0 | F79: 0.614 | G79: 60.5 | H79: 39.2 | I79: 0.3 | J79: 0.612 | K79: 56.2 | L79: 42.9 | M79: 0.9 | N79: 0.748 | O79: 53.2 | P79: 45.4 | Q79: 1.4 | R79: 0.879 | S79: 22.4 | T79: 44.7 | U79: 32.9 | V79: 0.9 | W79: 12.8 | X79: 45.6 | Y79: 41.6 | Z79: 1.224 | AA79: 4.7 | AB79: 38.1 | AC79: 57.2 | AD79: 1.142
B80: 34 Electrotechnology and telecommunications trades workers | C80: 62.9 | D80: 36.7 | E80: 0.4 | F80: 0.245 | G80: 68.4 | H80: 31.1 | I80: 0.5 | J80: 0.206 | K80: 62.7 | L80: 34.9 | M80: 2.4 | N80: 0.249 | O80: 61 | P80: 37.7 | Q80: 1.2 | R80: 0.258 | S80: 28.8 | T80: 36.5 | U80: 34.7 | V80: 0.27 | W80: 15.9 | X80: 30.9 | Y80: 53.2 | Z80: 0.463 | AA80: 9.5 | AB80: 26.9 | AC80: 63.5 | AD80: 0.479
B81: 35 Food trades workers | C81: 26.3 | D81: 72.1 | E81: 1.6 | F81: 0.499 | G81: 29.1 | H81: 69.8 | I81: 1.1 | J81: 0.451 | K81: 25.6 | L81: 71.8 | M81: 2.6 | N81: 0.383 | O81: 27.4 | P81: 68.6 | Q81: 4 | R81: 0.308 | S81: 16.1 | T81: 69.9 | U81: 14 | V81: 0.325 | W81: 11.6 | X81: 70.7 | Y81: 17.7 | Z81: 0.312 | AA81: 8.1 | AB81: 45.9 | AC81: 46 | AD81: 0.338
B82: 36 Skilled animal and horticultural workers | C82: 54 | D82: 46 | E82: 0 | F82: 0.063 | G82: 51.9 | H82: 46.9 | I82: 1.2 | J82: 0.079 | K82: 47.8 | L82: 48.7 | M82: 3.5 | N82: 0.113 | O82: 52.4 | P82: 43 | Q82: 4.6 | R82: 0.084 | S82: 46.4 | T82: 41 | U82: 12.5 | V82: 0.11 | W82: 34.4 | X82: 48.7 | Y82: 16.9 | Z82: 0.193 | AA82: 12.8 | AB82: 40.9 | AC82: 46.3 | AD82: 0.181
B83: 39 Other technicians and trades workers | C83: 47.2 | D83: 51.8 | E83: 0.9 | F83: 0.218 | G83: 60.8 | H83: 38.9 | I83: 0.3 | J83: 0.311 | K83: 61.1 | L83: 36.1 | M83: 2.8 | N83: 0.311 | O83: 53 | P83: 43.4 | Q83: 3.6 | R83: 0.289 | S83: 41.5 | T83: 47.3 | U83: 11.2 | V83: 0.389 | W83: 33.1 | X83: 40.6 | Y83: 26.3 | Z83: 0.415 | AA83: 13.3 | AB83: 42.5 | AC83: 44.2 | AD83: 0.34
B84: 391 Hairdressers | C84: 33.6 | D84: 65.5 | E84: 0.9 | F84: 0.11 | G84: 27.9 | H84: 72.1 | I84: 0 | J84: 0.086 | K84: 34.2 | L84: 61.8 | M84: 4 | N84: 0.117 | O84: 28.9 | P84: 66.4 | Q84: 4.8 | R84: 0.118 | S84: 24.1 | T84: 65.6 | U84: 10.3 | V84: 0.129 | W84: 9.8 | X84: 62 | Y84: 28.2 | Z84: 0.144 | AA84: 8.8 | AB84: 50.6 | AC84: 40.6 | AD84: 0.161
B85: 392 Printing trades workers | C85: 50 | D85: 50 | E85: 0 | F85: 0.006 | G85: 75 | H85: 25 | I85: 0 | J85: 0.004 | K85: 75 | L85: 25 | M85: 0 | N85: 0.004 | O85: 100 | P85: 0 | Q85: 0 | R85: 0.003 | S85: 0 | T85: 100.1 | U85: 0 | V85: 0.004 | W85: 12.5 | X85: 51.3 | Y85: 36.2 | Z85: 0.008 | AA85: 0 | AB85: 46.7 | AC85: 53.3 | AD85: 0.02
B86: 393 Textile, clothing and footwear trades workers | C86: 42.9 | D86: 57.1 | E86: 0 | F86: 0.007 | G86: 50 | H86: 50 | I86: 0 | J86: 0.002 | K86: 50 | L86: 50 | M86: 0 | N86: 0.002 | O86: 67 | P86: 33.3 | Q86: 0 | R86: 0.003 | S86: 0 | T86: 100.1 | U86: 0 | V86: 0.004 | W86: 17 | X86: 16.7 | Y86: 66.3 | Z86: 0.006 | AA86: 0 | AB86: 42 | AC86: 58 | AD86: 0.005
B87: 394 Wood trades workers | C87: 47.5 | D87: 52.5 | E87: 0 | F87: 0.04 | G87: 55.8 | H87: 44.2 | I87: 0 | J87: 0.043 | K87: 59.6 | L87: 40.4 | M87: 0 | N87: 0.057 | O87: 55.7 | P87: 42.2 | Q87: 2.1 | R87: 0.045 | S87: 32.5 | T87: 44.5 | U87: 22.9 | V87: 0.059 | W87: 12.5 | X87: 36.8 | Y87: 50.7 | Z87: 0.081 | AA87: 1.3 | AB87: 38.8 | AC87: 59.9 | AD87: 0.075
B88: 399 Miscellaneous technicians and trades workers | C88: 74.5 | D88: 23.6 | E88: 1.8 | F88: 0.055 | G88: 77.8 | H88: 21.6 | I88: 0.6 | J88: 0.176 | K88: 85.5 | L88: 11.5 | M88: 3 | N88: 0.131 | O88: 74.2 | P88: 22.5 | Q88: 3.3 | R88: 0.12 | S88: 57.5 | T88: 33.8 | U88: 8.7 | V88: 0.193 | W88: 63.1 | X88: 25.2 | Y88: 11.7 | Z88: 0.176 | AA88: 38.1 | AB88: 28.5 | AC88: 33.5 | AD88: 0.079
... B91: All occupations | C91: 56.9 | D91: 41.6 | E91: 1.5 | F91: 5.425 | G91: 57.9 | H91: 39.2 | I91: 2.9 | J91: 5.391 | K91: 57.5 | L91: 39.7 | M91: 2.8 | N91: 5.471 | O91: 55 | P91: 39.9 | Q91: 5.1 | R91: 5.93 | S91: 44.1 | T91: 42.3 | U91: 13.6 | V91: 5.924 | W91: 35.8 | X91: 43.2 | Y91: 21.1 | Z91: 8.197 | AA91: 22 | AB91: 39.3 | AC91: 38.8 | AD91: 8.25
B92: Explanatory notes
B93: Note: A dash (-) indicates a true zero figure, with no contracts reported in these categories.
B95: =Index!$C10 & " Tas : " & Index!B10 -> Table 3 Tas : Contract completion and attrition rates to date in non-trade occupations, for contracts commencing in 2016 to 2022
B97: Occupation (ANZSCO) group | C97: 2016 | G97: 2017 | K97: 2018 | O97: 2019 | S97: 2020 | W97: 2021 | AA97: 2022
C98: Completion rates to date | D98: Attrition rates to date | E98: Continuing or outcome not known | F98: Number of contracts | G98: Completion rates to date | H98: Attrition rates to date | I98: Continuing or outcome not known | J98: Number of contracts | K98: Completion rates to date | L98: Attrition rates to date | M98: Continuing or outcome not known | N98: Number of contracts | O98: Completion rates to date | P98: Attrition rates to date | Q98: Continuing or outcome not known | R98: Number of contracts | S98: Completion rates to date | T98: Attrition rates to date | U98: Continuing or outcome not known | V98: Number of contracts | W98: Completion rates to date | X98: Attrition rates to date | Y98: Continuing or outcome not known | Z98: Number of contracts | AA98: Completion rates to date | AB98: Attrition rates to date | AC98: Continuing or outcome not known | AD98: Number of contracts
C99: % | D99: % | E99: % | F99: ('000) | G99: % | H99: % | I99: % | J99: ('000) | K99: % | L99: % | M99: % | N99: ('000) | O99: % | P99: % | Q99: % | R99: ('000) | S99: % | T99: % | U99: % | V99: ('000) | W99: % | X99: % | Y99: % | Z99: ('000) | AA99: % | AB99: % | AC99: % | AD99: ('000)
B100: Managers | C100: 44.6 | D100: 50.5 | E100: 5 | F100: 0.101 | G100: 48.1 | H100: 44.5 | I100: 7.4 | J100: 0.135 | K100: 49.2 | L100: 41.5 | M100: 9.2 | N100: 0.065 | O100: 57.3 | P100: 31.2 | Q100: 11.5 | R100: 0.234 | S100: 48.7 | T100: 40 | U100: 11.3 | V100: 0.152 | W100: 46.2 | X100: 40.8 | Y100: 13 | Z100: 0.141 | AA100: 25.7 | AB100: 38 | AC100: 36.3 | AD100: 0.114
B101: 11 Chief executives, general managers and legislators | C101: 43.2 | D101: 50 | E101: 6.8 | F101: 0.044 | G101: 54.3 | H101: 40.4 | I101: 5.3 | J101: 0.094 | K101: 51.2 | L101: 39.5 | M101: 9.3 | N101: 0.043 | O101: 57.6 | P101: 33.8 | Q101: 8.6 | R101: 0.172 | S101: 52.5 | T101: 39.1 | U101: 8.4 | V101: 0.122 | W101: 47.6 | X101: 39.1 | Y101: 13.3 | Z101: 0.124 | AA101: 32.1 | AB101: 33.6 | AC101: 34.3 | AD101: 0.085
B102: 12 Farmers and farm managers | C102: 32.4 | D102: 64.7 | E102: 2.9 | F102: 0.034 | G102: 27.3 | H102: 57.6 | I102: 15.2 | J102: 0.033 | K102: 44.4 | L102: 44.4 | M102: 11.1 | N102: 0.009 | O102: 33.4 | P102: 66.7 | Q102: 0 | R102: 0.006 | S102: 33.3 | T102: 66.7 | U102: 0 | V102: 0.003 | W102: 20 | X102: 80.2 | Y102: 0 | Z102: 0.01 | AA102: 0 | AB102: 59.2 | AC102: 40.8 | AD102: 0.007
B103: 13 Specialist managers | C103: 50 | D103: 42.9 | E103: 7.1 | F103: 0.014 | G103: 66.7 | H103: 33.3 | I103: 0 | J103: 0.003 | K103: 46.2 | L103: 46.2 | M103: 7.7 | N103: 0.013 | O103: 68.1 | P103: 17.1 | Q103: 14.9 | R103: 0.047 | S103: 36.1 | T103: 36.3 | U103: 27.6 | V103: 0.025 | W103: 57.6 | X103: 14.3 | Y103: 28.1 | Z103: 0.007 | AA103: 0 | AB103: 27.9 | AC103: 72.1 | AD103: 0.008
B104: 14 Hospitality, retail and service managers | C104: 88.9 | D104: 11.1 | E104: 0 | F104: 0.009 | G104: 60 | H104: 40 | I104: 0 | J104: 0.005 | K104: - | L104: - | M104: - | N104: - | O104: 11.1 | P104: 33.3 | Q104: 55.6 | R104: 0.009 | S104: 0 | T104: 100 | U104: 0 | V104: 0.002 | W104: - | X104: - | Y104: - | Z104: - | AA104: 14.4 | AB104: 59.9 | AC104: 25.7 | AD104: 0.014
B105: Professionals | C105: 75 | D105: 25 | E105: 0 | F105: 0.004 | G105: 53.3 | H105: 33.4 | I105: 13.3 | J105: 0.015 | K105: 85 | L105: 15 | M105: 0 | N105: 0.02 | O105: 70.6 | P105: 23.5 | Q105: 5.9 | R105: 0.017 | S105: 71.1 | T105: 26.4 | U105: 2.5 | V105: 0.038 | W105: 43.1 | X105: 45.1 | Y105: 11.7 | Z105: 0.058 | AA105: 37.3 | AB105: 25.4 | AC105: 37.4 | AD105: 0.124
B106: 21 Arts and media professionals | C106: - | D106: - | E106: - | F106: - | G106: - | H106: - | I106: - | J106: - | K106: - | L106: - | M106: - | N106: - | O106: - | P106: - | Q106: - | R106: - | S106: - | T106: - | U106: - | V106: - | W106: - | X106: - | Y106: - | Z106: - | AA106: - | AB106: - | AC106: - | AD106: -
B107: 22 Business, human resource and marketing professionals | C107: - | D107: - | E107: - | F107: - | G107: 100 | H107: 0 | I107: 0 | J107: 0.001 | K107: - | L107: - | M107: - | N107: - | O107: - | P107: - | Q107: - | R107: - | S107: - | T107: - | U107: - | V107: - | W107: 22.3 | X107: 45.4 | Y107: 32.3 | Z107: 0.009 | AA107: 16.8 | AB107: 29.7 | AC107: 53.5 | AD107: 0.018
B108: 23 Design, engineering, science and transport professionals | C108: 50 | D108: 50 | E108: 0 | F108: 0.002 | G108: - | H108: - | I108: - | J108: - | K108: 87.5 | L108: 12.5 | M108: 0 | N108: 0.016 | O108: 70.6 | P108: 23.5 | Q108: 5.9 | R108: 0.017 | S108: 84.6 | T108: 15.4 | U108: 0 | V108: 0.013 | W108: 58.4 | X108: 25 | Y108: 16.6 | Z108: 0.012 | AA108: 44 | AB108: 12.6 | AC108: 43.5 | AD108: 0.016
B109: 24 Education professionals | C109: - | D109: - | E109: - | F109: - | G109: - | H109: - | I109: - | J109: - | K109: - | L109: - | M109: - | N109: - | O109: - | P109: - | Q109: - | R109: - | S109: - | T109: - | U109: - | V109: - | W109: 68.4 | X109: 26.3 | Y109: 5.2 | Z109: 0.019 | AA109: 78.3 | AB109: 6.4 | AC109: 15.3 | AD109: 0.032
B110: 25 Health professionals | C110: - | D110: - | E110: - | F110: - | G110: - | H110: - | I110: - | J110: - | K110: - | L110: - | M110: - | N110: - | O110: - | P110: - | Q110: - | R110: - | S110: - | T110: - | U110: - | V110: - | W110: - | X110: - | Y110: - | Z110: - | AA110: - | AB110: - | AC110: - | AD110: -
B111: 26 ICT professionals | C111: 100 | D111: 0 | E111: 0 | F111: 0.002 | G111: - | H111: - | I111: - | J111: - | K111: 0 | L111: 100 | M111: 0 | N111: 0.001 | O111: - | P111: - | Q111: - | R111: - | S111: 50.2 | T111: 50.2 | U111: 0 | V111: 0.002 | W111: - | X111: - | Y111: - | Z111: - | AA111: - | AB111: - | AC111: - | AD111: -
B112: 27 Legal, social and welfare professionals | C112: - | D112: - | E112: - | F112: - | G112: 50 | H112: 35.7 | I112: 14.3 | J112: 0.014 | K112: 100 | L112: 0 | M112: 0 | N112: 0.003 | O112: - | P112: - | Q112: - | R112: - | S112: 65.2 | T112: 30.6 | U112: 4.2 | V112: 0.023 | W112: 16.7 | X112: 78.3 | Y112: 5 | Z112: 0.018 | AA112: 19.1 | AB112: 38 | AC112: 42.9 | AD112: 0.058
B113: Community and personal service workers | C113: 63.8 | D113: 33.3 | E113: 2.9 | F113: 0.925 | G113: 60.3 | H113: 32.6 | I113: 7.2 | J113: 0.697 | K113: 60.9 | L113: 36.3 | M113: 2.9 | N113: 0.731 | O113: 58.6 | P113: 36 | Q113: 5.4 | R113: 0.826 | S113: 51.6 | T113: 44 | U113: 4.4 | V113: 1.001 | W113: 48.5 | X113: 39.9 | Y113: 11.6 | Z113: 1.217 | AA113: 35.2 | AB113: 38.3 | AC113: 26.5 | AD113: 1.157
B114: 41 Health and welfare support workers | C114: 63.6 | D114: 28.6 | E114: 7.8 | F114: 0.206 | G114: 38.9 | H114: 45.1 | I114: 16 | J114: 0.162 | K114: 60.1 | L114: 34.3 | M114: 5.6 | N114: 0.143 | O114: 45.5 | P114: 48.3 | Q114: 6.2 | R114: 0.176 | S114: 50.5 | T114: 45.3 | U114: 4.2 | V114: 0.337 | W114: 43.6 | X114: 42 | Y114: 14.4 | Z114: 0.29 | AA114: 41.6 | AB114: 28.8 | AC114: 29.6 | AD114: 0.233
B115: 42 Carers and aides | C115: 66.4 | D115: 31.5 | E115: 2 | F115: 0.447 | G115: 70 | H115: 25.1 | I115: 4.9 | J115: 0.287 | K115: 66 | L115: 32.4 | M115: 1.6 | N115: 0.309 | O115: 67.6 | P115: 28.1 | Q115: 4.3 | R115: 0.374 | S115: 58.3 | T115: 35.7 | U115: 6 | V115: 0.381 | W115: 51.5 | X115: 35.5 | Y115: 13 | Z115: 0.566 | AA115: 34.1 | AB115: 36.5 | AC115: 29.4 | AD115: 0.538
B116: 43 Hospitality workers | C116: 42.8 | D116: 55.9 | E116: 1.4 | F116: 0.145 | G116: 51 | H116: 45.2 | I116: 3.8 | J116: 0.104 | K116: 38.6 | L116: 60.2 | M116: 1.1 | N116: 0.088 | O116: 35.5 | P116: 63.4 | Q116: 1.1 | R116: 0.093 | S116: 31 | T116: 66.3 | U116: 2.7 | V116: 0.171 | W116: 25.4 | X116: 68.5 | Y116: 6.1 | Z116: 0.154 | AA116: 11.1 | AB116: 66.5 | AC116: 22.4 | AD116: 0.173
B117: 44 Protective service workers | C117: 97.5 | D117: 2.5 | E117: 0 | F117: 0.04 | G117: 81 | H117: 7.2 | I117: 11.9 | J117: 0.042 | K117: 68.2 | L117: 22.7 | M117: 9.1 | N117: 0.066 | O117: 71.3 | P117: 11.9 | Q117: 16.8 | R117: 0.101 | S117: 74.1 | T117: 20.8 | U117: 5.1 | V117: 0.054 | W117: 74.3 | X117: 13.5 | Y117: 12.3 | Z117: 0.097 | AA117: 61.7 | AB117: 19.4 | AC117: 18.9 | AD117: 0.096
B118: 45 Sports and personal service workers | C118: 70.1 | D118: 29.9 | E118: 0 | F118: 0.087 | G118: 67.6 | H118: 31.4 | I118: 1 | J118: 0.102 | K118: 60.8 | L118: 38.4 | M118: 0.8 | N118: 0.125 | O118: 56.1 | P118: 43.9 | Q118: 0 | R118: 0.082 | S118: 53.5 | T118: 46.7 | U118: 0 | V118: 0.058 | W118: 55.6 | X118: 40.2 | Y118: 4.3 | Z118: 0.11 | AA118: 41.2 | AB118: 39.7 | AC118: 19.1 | AD118: 0.117
B119: Clerical and administrative workers | C119: 59.5 | D119: 38.7 | E119: 1.8 | F119: 0.672 | G119: 62.5 | H119: 33.6 | I119: 3.9 | J119: 0.736 | K119: 69.3 | L119: 28.1 | M119: 2.6 | N119: 0.719 | O119: 62.6 | P119: 31.8 | Q119: 5.6 | R119: 0.998 | S119: 65.6 | T119: 28.5 | U119: 5.9 | V119: 1.114 | W119: 57 | X119: 35.1 | Y119: 7.9 | Z119: 1.355 | AA119: 40.5 | AB119: 32.5 | AC119: 27.1 | AD119: 1.363
B120: 51 Office managers and program administrators | C120: 54.9 | D120: 41.2 | E120: 3.9 | F120: 0.153 | G120: 61.2 | H120: 31.6 | I120: 7.2 | J120: 0.307 | K120: 74.9 | L120: 20.7 | M120: 4.4 | N120: 0.338 | O120: 63.4 | P120: 28.3 | Q120: 8.4 | R120: 0.584 | S120: 67.5 | T120: 26.6 | U120: 5.9 | V120: 0.646 | W120: 62.9 | X120: 28.2 | Y120: 8.9 | Z120: 0.787 | AA120: 44.8 | AB120: 28.5 | AC120: 26.7 | AD120: 0.749
B121: 52 Personal assistants and secretaries | C121: 100 | D121: 0 | E121: 0 | F121: 0.002 | G121: 71.4 | H121: 28.6 | I121: 0 | J121: 0.007 | K121: 66.7 | L121: 33.3 | M121: 0 | N121: 0.006 | O121: 62.5 | P121: 37.5 | Q121: 0 | R121: 0.008 | S121: 83.3 | T121: 16.7 | U121: 0 | V121: 0.006 | W121: 75 | X121: 12.5 | Y121: 12.5 | Z121: 0.008 | AA121: 64.1 | AB121: 27.4 | AC121: 8.5 | AD121: 0.011
...

Sheet NT
B1: Completion and attrition rates for apprentices and trainees 2023: data tables - to date
B2: Northern Territory
N3: Back to Index
B4: =Index!$C8 & " NT : " & Index!B8 -> Table 1 NT : Individual completion rates to date, based on a recommencement adjustment factor, and contract completion rates to date for trade and non-trade occupations commencing in 2017 to 2019
B6: Occupation (ANZSCO) group | C6: 2017 | F6: 2018 | I6: 2019
C7: Average annual adjustment factor | D7: Contract completion rate | E7: Individual completion rate | F7: Average annual adjustment factor | G7: Contract completion rate | H7: Individual completion rate | I7: Average annual adjustment factor | J7: Contract completion rate | K7: Individual completion rate
C8: Ratio | D8: % | E8: % | F8: Ratio | G8: % | H8: % | I8: Ratio | J8: % | K8: %
B9: Managers | C9: 1.03 | D9: 65 | E9: 66.9 | F9: 1.02 | G9: 25 | H9: 25.4 | I9: 1.02 | J9: 50 | K9: 50.8
B10: 11 Chief executives, general managers and legislators | C10: - | D10: - | E10: - | F10: - | G10: - | H10: - | I10: - | J10: - | K10: -
B11: 12 Farmers and farm managers | C11: 1.05 | D11: 63.9 | E11: 67.2 | F11: 1.03 | G11: 25 | H11: 25.7 | I11: 1.03 | J11: 38.5 | K11: 39.7
B12: 13 Specialist managers | C12: 1.03 | D12: 75 | E12: 77.6 | F12: 1.04 | G12: 25 | H12: 26 | I12: 1.02 | J12: 27.3 | K12: 27.9
B13: 14 Hospitality, retail and service managers | C13: - | D13: - | E13: - | F13: - | G13: - | H13: - | I13: 1 | J13: 75 | K13: 75
B14: Professionals | C14: 1 | D14: 100 | E14: 100 | F14: 1.01 | G14: 63.4 | H14: 63.9 | I14: 1.02 | J14: 90.9 | K14: 92.6
B15: 21 Arts and media professionals | C15: - | D15: - | E15: - | F15: - | G15: - | H15: - | I15: - | J15: - | K15: -
B16: 22 Business, human resource and marketing professionals | C16: 1 | D16: 100 | E16: 100 | F16: - | G16: - | H16: - | I16: - | J16: - | K16: -
B17: 23 Design, engineering, science and transport professionals | C17: 1 | D17: 100 | E17: 100 | F17: - | G17: - | H17: - | I17: - | J17: - | K17: -
B18: 24 Education professionals | C18: - | D18: - | E18: - | F18: - | G18: - | H18: - | I18: 1.01 | J18: 83.3 | K18: 84.4
B19: 25 Health professionals | C19: - | D19: - | E19: - | F19: - | G19: - | H19: - | I19: - | J19: - | K19: -
B20: 26 ICT professionals | C20: - | D20: - | E20: - | F20: - | G20: - | H20: - | I20: - | J20: - | K20: -
B21: 27 Legal, social and welfare professionals | C21: 1 | D21: 100 | E21: 100 | F21: 1.02 | G21: 63.4 | H21: 64.4 | I21: 1.05 | J21: 100 | K21: 104.8
B22: Technicians and trades workers | C22: 1.2 | D22: 46.5 | E22: 55.7 | F22: 1.2 | G22: 51 | H22: 61.3 | I22: 1.22 | J22: 43.1 | K22: 52.4
B23: 31 Engineering, ICT and science technicians | C23: 1.02 | D23: 56.9 | E23: 58.2 | F23: 1.02 | G23: 66.1 | H23: 67.6 | I23: 1.03 | J23: 43.9 | K23: 45.4
B24: 32 Automotive and engineering trades workers | C24: 1.16 | D24: 46.6 | E24: 54 | F24: 1.16 | G24: 52.4 | H24: 60.7 | I24: 1.18 | J24: 44.6 | K24: 52.6
B25: 33 Construction trades workers | C25: 1.27 | D25: 36.1 | E25: 46 | F25: 1.31 | G25: 46.3 | H25: 60.6 | I25: 1.32 | J25: 33.6 | K25: 44.4
B26: 34 Electrotechnology and telecommunications trades workers | C26: 1.24 | D26: 58.4 | E26: 72.6 | F26: 1.24 | G26: 51.7 | H26: 63.9 | I26: 1.23 | J26: 54 | K26: 66.2
B27: 35 Food trades workers | C27: 1.27 | D27: 33.3 | E27: 42.3 | F27: 1.23 | G27: 42.3 | H27: 51.9 | I27: 1.27 | J27: 28.6 | K27: 36.2
B28: 36 Skilled animal and horticultural workers | C28: 1.03 | D28: 53.3 | E28: 54.9 | F28: 1.02 | G28: 46.9 | H28: 48 | I28: 1.03 | J28: 44.8 | K28: 46
B29: 39 Other technicians and trades workers | C29: 1.21 | D29: 27.7 | E29: 33.4 | F29: 1.21 | G29: 51.5 | H29: 62.5 | I29: 1.22 | J29: 28.6 | K29: 34.8
B30: 391 Hairdressers | C30: 1.38 | D30: 23.7 | E30: 32.7 | F30: 1.38 | G30: 31.7 | H30: 43.9 | I30: 1.36 | J30: 14.3 | K30: 19.4
B31: 392 Printing trades workers | C31: 1 | D31: 100 | E31: 100 | F31: 1 | G31: 100 | H31: 100 | I31: 1 | J31: 0 | K31: 0
B32: 393 Textile, clothing and footwear trades workers | C32: - | D32: - | E32: - | F32: - | G32: - | H32: - | I32: 1 | J32: 100 | K32: 100
B33: 394 Wood trades workers | C33: 1.11 | D33: 50 | E33: 55.6 | F33: 1.14 | G33: 50 | H33: 56.9 | I33: 1.15 | J33: 47.5 | K33: 54.4
B34: 399 Miscellaneous technicians and trades workers | C34: 1.02 | D34: 25 | E34: 25.6 | F34: 1.03 | G34: 68.1 | H34: 70.2 | I34: 1.03 | J34: 61.4 | K34: 63.1
B35: Community and personal service workers | C35: 1.04 | D35: 53.4 | E35: 55.4 | F35: 1.04 | G35: 47.7 | H35: 49.6 | I35: 1.04 | J35: 45.8 | K35: 47.7
B36: 41 Health and welfare support workers | C36: 1.01 | D36: 63 | E36: 63.9 | F36: 1.02 | G36: 25.8 | H36: 26.3 | I36: 1.02 | J36: 36.7 | K36: 37.6
B37: 42 Carers and aides | C37: 1.08 | D37: 38 | E37: 40.9 | F37: 1.07 | G37: 40.6 | H37: 43.5 | I37: 1.07 | J37: 45.6 | K37: 48.7
B38: 43 Hospitality workers | C38: 1.02 | D38: 52.9 | E38: 53.9 | F38: 1.03 | G38: 57.8 | H38: 59.5 | I38: 1.04 | J38: 57 | K38: 59.4
B39: 44 Protective service workers | C39: 1 | D39: 93.8 | E39: 93.8 | F39: 1 | G39: 100 | H39: 100 | I39: 1 | J39: 91.7 | K39: 91.7
B40: 45 Sports and personal service workers | C40: 1.01 | D40: 70.5 | E40: 71.1 | F40: 1.01 | G40: 71.7 | H40: 72.4 | I40: 1.01 | J40: 48.8 | K40: 49.6
B41: Clerical and administrative workers | C41: 1.02 | D41: 44.8 | E41: 45.5 | F41: 1.01 | G41: 40.4 | H41: 41 | I41: 1.02 | J41: 43.6 | K41: 44.5
B42: 51 Office managers and program administrators | C42: 1 | D42: 33.3 | E42: 33.3 | F42: 1 | G42: 41.2 | H42: 41.2 | I42: 1 | J42: 54.1 | K42: 54.3
B43: 52 Personal assistants and secretaries | C43: - | D43: - | E43: - | F43: - | G43: - | H43: - | I43: - | J43: - | K43: -
B44: 53 General clerical workers | C44: 1.02 | D44: 48 | E44: 49.1 | F44: 1.02 | G44: 42 | H44: 43 | I44: 1.03 | J44: 43.1 | K44: 44.4
B45: 54 Inquiry clerks and receptionists | C45: 1.03 | D45: 66.7 | E45: 68.8 | F45: 1.04 | G45: 25 | H45: 26 | I45: 1.06 | J45: 27.3 | K45: 28.8
B46: 55 Numerical clerks | C46: 1.01 | D46: 44.4 | E46: 45 | F46: 1 | G46: 27.3 | H46: 27.3 | I46: 1 | J46: 41.7 | K46: 41.7
B47: 56 Clerical and office support workers | C47: - | D47: - | E47: - | F47: - | G47: - | H47: - | I47: - | J47: - | K47: -
B48: 59 Other clerical and administrative workers | C48: 1.02 | D48: 40 | E48: 40.7 | F48: 1 | G48: 50 | H48: 50 | I48: 1.01 | J48: 0 | K48: 0
B49: Sales workers | C49: 1.04 | D49: 45.9 | E49: 47.8 | F49: 1.04 | G49: 41.6 | H49: 43.4 | I49: 1.04 | J49: 37.8 | K49: 39.3
B50: 61 Sales representatives and agents | C50: 1.02 | D50: 63.6 | E50: 64.8 | F50: 1.02 | G50: 47.8 | H50: 48.7 | I50: 1.02 | J50: 26.3 | K50: 26.8
B51: 62 Sales assistants and salespersons | C51: 1.05 | D51: 43.4 | E51: 45.4 | F51: 1.05 | G51: 40.2 | H51: 42.1 | I51: 1.05 | J51: 39.9 | K51: 41.7
B52: 63 Sales support workers | C52: - | D52: - | E52: - | F52: - | G52: - | H52: - | I52: - | J52: - | K52: -
B53: Machinery operators and drivers | C53: 1.02 | D53: 48.3 | E53: 49.1 | F53: 1.02 | G53: 48.3 | H53: 49.1 | I53: 1.02 | J53: 49.7 | K53: 50.6
B54: 71 Machine and stationary plant operators | C54: 1.04 | D54: 38.9 | E54: 40.4 | F54: 1.02 | G54: 45.8 | H54: 46.8 | I54: 1.04 | J54: 38.9 | K54: 40.3
B55: 72 Mobile plant operators | C55: 1.02 | D55: 39.3 | E55: 39.9 | F55: 1.01 | G55: 53.1 | H55: 53.9 | I55: 1.02 | J55: 54.8 | K55: 55.9
B56: 73 Road and rail drivers | C56: 1 | D56: 76.9 | E56: 76.9 | F56: 1 | G56: 0 | H56: 0 | I56: 1 | J56: 80 | K56: 80
B57: 74 Storepersons | C57: 1.01 | D57: 49.1 | E57: 49.7 | F57: 1.02 | G57: 38.1 | H57: 38.8 | I57: 1 | J57: 34.4 | K57: 34.4
B58: Labourers | C58: 1.03 | D58: 51.7 | E58: 53.3 | F58: 1.03 | G58: 51.6 | H58: 52.9 | I58: 1.02 | J58: 54 | K58: 55.3
B59: 81 Cleaners and laundry workers | C59: 1.02 | D59: 42.9 | E59: 43.8 | F59: 1.03 | G59: 12.5 | H59: 12.9 | I59: 1.04 | J59: 26.7 | K59: 27.8
B60: 82 Construction and mining labourers | C60: 1.07 | D60: 25 | E60: 26.7 | F60: 1.08 | G60: 40.6 | H60: 43.8 | I60: 1.05 | J60: 24.2 | K60: 25.5
B61: 83 Factory process workers | C61: 1.09 | D61: 62.9 | E61: 68.6 | F61: - | G61: - | H61: - | I61: - | J61: - | K61: -
B62: 84 Farm, forestry and garden workers | C62: 1.02 | D62: 58.4 | E62: 59.5 | F62: 1.02 | G62: 55.7 | H62: 56.6 | I62: 1.02 | J62: 62 | K62: 63.1
B63: 85 Food preparation assistants | C63: 1.11 | D63: 25 | E63: 27.8 | F63: 1 | G63: 0 | H63: 0 | I63: 1 | J63: 0 | K63: 0
B64: 89 Other labourers | C64: 1.07 | D64: 33.3 | E64: 35.6 | F64: 1.06 | G64: 47.6 | H64: 50.3 | I64: 1.07 | J64: 58.9 | K64: 63
B65: Total non-trade occupations | C65: 1.03 | D65: 50.6 | E65: 52.2 | F65: 1.03 | G65: 46.5 | H65: 47.9 | I65: 1.03 | J65: 46.4 | K65: 47.9
B66: Total trade occupations | C66: 1.2 | D66: 46.5 | E66: 55.7 | F66: 1.2 | G66: 51 | H66: 61.3 | I66: 1.22 | J66: 43.1 | K66: 52.4
B67: All occupations | C67: 1.09 | D67: 49 | E67: 53.4 | F67: 1.09 | G67: 48.2 | H67: 52.7 | I67: 1.1 | J67: 45.2 | K67: 49.8
B68: Explanatory notes
B69: Note: A dash (-) indicates a true zero figure, with no contracts reported in these categories.
B71: =Index!$C9 & " NT : " & Index!B9 -> Table 2 NT : Contract completion and attrition rates to date in trade occupations, for contracts commencing in 2016 to 2022
B73: Occupation (ANZSCO) group | C73: 2016 | G73: 2017 | K73: 2018 | O73: 2019 | S73: 2020 | W73: 2021 | AA73: 2022
C74: Completion rates to date | D74: Attrition rates to date | E74: Continuing or outcome not known | F74: Number of contracts | G74: Completion rates to date | H74: Attrition rates to date | I74: Continuing or outcome not known | J74: Number of contracts | K74: Completion rates to date | L74: Attrition rates to date | M74: Continuing or outcome not known | N74: Number of contracts | O74: Completion rates to date | P74: Attrition rates to date | Q74: Continuing or outcome not known | R74: Number of contracts | S74: Completion rates to date | T74: Attrition rates to date | U74: Continuing or outcome not known | V74: Number of contracts | W74: Completion rates to date | X74: Attrition rates to date | Y74: Continuing or outcome not known | Z74: Number of contracts | AA74: Completion rates to date | AB74: Attrition rates to date | AC74: Continuing or outcome not known | AD74: Number of contracts
C75: % | D75: % | E75: % | F75: ('000) | G75: % | H75: % | I75: % | J75: ('000) | K75: % | L75: % | M75: % | N75: ('000) | O75: % | P75: % | Q75: % | R75: ('000) | S75: % | T75: % | U75: % | V75: ('000) | W75: % | X75: % | Y75: % | Z75: ('000) | AA75: % | AB75: % | AC75: % | AD75: ('000)
B76: Technicians and trades workers
B77: 31 Engineering, ICT and science technicians | C77: 62.2 | D77: 37.8 | E77: 0 | F77: 0.045 | G77: 56.9 | H77: 39.7 | I77: 3.4 | J77: 0.058 | K77: 66.1 | L77: 34 | M77: 0 | N77: 0.062 | O77: 43.9 | P77: 56.1 | Q77: 0 | R77: 0.041 | S77: 52 | T77: 48 | U77: 0 | V77: 0.05 | W77: 19.8 | X77: 72.2 | Y77: 8 | Z77: 0.066 | AA77: 27.9 | AB77: 44.3 | AC77: 27.8 | AD77: 0.062
B78: 32 Automotive and engineering trades workers | C78: 48.3 | D78: 51.7 | E78: 0 | F78: 0.261 | G78: 46.6 | H78: 52.7 | I78: 0.8 | J78: 0.245 | K78: 52.4 | L78: 45.4 | M78: 2.2 | N78: 0.256 | O78: 44.6 | P78: 51.6 | Q78: 3.9 | R78: 0.248 | S78: 30.8 | T78: 49.4 | U78: 19.8 | V78: 0.247 | W78: 15.5 | X78: 47.7 | Y78: 36.7 | Z78: 0.315 | AA78: 8.2 | AB78: 39.2 | AC78: 52.6 | AD78: 0.357
B79: 33 Construction trades workers | C79: 42 | D79: 58.1 | E79: 0 | F79: 0.169 | G79: 36.1 | H79: 62.5 | I79: 1.4 | J79: 0.144 | K79: 46.3 | L79: 53.2 | M79: 0.5 | N79: 0.162 | O79: 33.6 | P79: 61 | Q79: 5.4 | R79: 0.182 | S79: 28.3 | T79: 50.8 | U79: 20.9 | V79: 0.205 | W79: 12.7 | X79: 59.9 | Y79: 27.5 | Z79: 0.24 | AA79: 6.9 | AB79: 38.1 | AC79: 55 | AD79: 0.251
B80: 34 Electrotechnology and telecommunications trades workers | C80: 56.4 | D80: 43.6 | E80: 0 | F80: 0.227 | G80: 58.4 | H80: 41.1 | I80: 0.5 | J80: 0.219 | K80: 51.7 | L80: 47.9 | M80: 0.4 | N80: 0.213 | O80: 54 | P80: 41.5 | Q80: 4.5 | R80: 0.246 | S80: 39.7 | T80: 36.8 | U80: 23.5 | V80: 0.224 | W80: 12.5 | X80: 41 | Y80: 46.5 | Z80: 0.251 | AA80: 11.6 | AB80: 26.4 | AC80: 62 | AD80: 0.342
B81: 35 Food trades workers | C81: 25.7 | D81: 74.3 | E81: 0 | F81: 0.07 | G81: 33.3 | H81: 66.7 | I81: 0 | J81: 0.075 | K81: 42.3 | L81: 56.4 | M81: 1.4 | N81: 0.071 | O81: 28.6 | P81: 65.7 | Q81: 5.7 | R81: 0.035 | S81: 37.8 | T81: 53.6 | U81: 8.6 | V81: 0.035 | W81: 21.2 | X81: 54.8 | Y81: 24 | Z81: 0.052 | AA81: 4.1 | AB81: 52.8 | AC81: 43.1 | AD81: 0.049
B82: 36 Skilled animal and horticultural workers | C82: 41.2 | D82: 58.8 | E82: 0 | F82: 0.017 | G82: 53.3 | H82: 40 | I82: 6.7 | J82: 0.015 | K82: 46.9 | L82: 53.1 | M82: 0 | N82: 0.032 | O82: 44.8 | P82: 55.2 | Q82: 0 | R82: 0.029 | S82: 56.8 | T82: 40.5 | U82: 2.7 | V82: 0.037 | W82: 8 | X82: 80.3 | Y82: 11.7 | Z82: 0.025 | AA82: 20.8 | AB82: 60.4 | AC82: 18.7 | AD82: 0.01
B83: 39 Other technicians and trades workers | C83: 39.3 | D83: 60.7 | E83: 0 | F83: 0.089 | G83: 27.7 | H83: 72.3 | I83: 0 | J83: 0.047 | K83: 51.5 | L83: 48 | M83: 0.5 | N83: 0.099 | O83: 28.6 | P83: 65 | Q83: 6.4 | R83: 0.06 | S83: 30.1 | T83: 56 | U83: 13.9 | V83: 0.067 | W83: 13.8 | X83: 63.3 | Y83: 22.9 | Z83: 0.103 | AA83: 4 | AB83: 50.1 | AC83: 45.9 | AD83: 0.077
B84: 391 Hairdressers | C84: 35.9 | D84: 64.1 | E84: 0 | F84: 0.039 | G84: 23.7 | H84: 76.3 | I84: 0 | J84: 0.038 | K84: 31.7 | L84: 65.9 | M84: 2.4 | N84: 0.041 | O84: 14.3 | P84: 77.2 | Q84: 8.5 | R84: 0.035 | S84: 21.4 | T84: 70.9 | U84: 7.7 | V84: 0.033 | W84: 3.6 | X84: 71.5 | Y84: 24.9 | Z84: 0.056 | AA84: 2.3 | AB84: 54.4 | AC84: 43.3 | AD84: 0.044
B85: 392 Printing trades workers | C85: 75 | D85: 25 | E85: 0 | F85: 0.004 | G85: 100 | H85: 0 | I85: 0 | J85: 0.001 | K85: 100 | L85: 0 | M85: 0 | N85: 0.001 | O85: 0 | P85: 100 | Q85: 0 | R85: 0.002 | S85: 0 | T85: 100 | U85: 0 | V85: 0.001 | W85: 0 | X85: 50.6 | Y85: 49.4 | Z85: 0.004 | AA85: - | AB85: - | AC85: - | AD85: -
B86: 393 Textile, clothing and footwear trades workers | C86: - | D86: - | E86: - | F86: - | G86: - | H86: - | I86: - | J86: - | K86: - | L86: - | M86: - | N86: - | O86: 100 | P86: 0 | Q86: 0 | R86: 0.001 | S86: 0 | T86: 0 | U86: 100 | V86: 0.001 | W86: - | X86: - | Y86: - | Z86: - | AA86: 0 | AB86: 51.2 | AC86: 48.8 | AD86: 0.002
B87: 394 Wood trades workers | C87: 26.7 | D87: 73.3 | E87: 0 | F87: 0.015 | G87: 50 | H87: 50 | I87: 0 | J87: 0.004 | K87: 50 | L87: 50 | M87: 0 | N87: 0.01 | O87: 47.5 | P87: 47.1 | Q87: 5.5 | R87: 0.017 | S87: 29.6 | T87: 47.8 | U87: 22.6 | V87: 0.017 | W87: 0 | X87: 73 | Y87: 27 | Z87: 0.022 | AA87: 6.4 | AB87: 21.7 | AC87: 71.8 | AD87: 0.016
B88: 399 Miscellaneous technicians and trades workers | C88: 45.2 | D88: 54.8 | E88: 0 | F88: 0.031 | G88: 25 | H88: 75 | I88: 0 | J88: 0.004 | K88: 68.1 | L88: 32.9 | M88: 0 | N88: 0.047 | O88: 61.4 | P88: 40 | Q88: 0 | R88: 0.005 | S88: 53.7 | T88: 33.5 | U88: 12.8 | V88: 0.015 | W88: 58.3 | X88: 33.7 | Y88: 8 | Z88: 0.021 | AA88: 6.7 | AB88: 67.8 | AC88: 25.5 | AD88: 0.015
B89: Total trade occupations | C89: 47 | D89: 53 | E89: 0 | F89: 0.878 | G89: 46.5 | H89: 52.6 | I89: 1 | J89: 0.803 | K89: 51 | L89: 48 | M89: 1 | N89: 0.895 | O89: 43.1 | P89: 52.6 | Q89: 4.3 | R89: 0.841 | S89: 35.1 | T89: 46.7 | U89: 18.2 | V89: 0.865 | W89: 14.4 | X89: 53.1 | Y89: 32.6 | Z89: 1.052 | AA89: 9.7 | AB89: 36.9 | AC89: 53.4 | AD89: 1.148
B90: Total non-trade occupations | C90: 46.8 | D90: 53.1 | E90: 0.1 | F90: 1.386 | G90: 50.6 | H90: 49.3 | I90: 0.1 | J90: 1.238 | K90: 46.5 | L90: 53 | M90: 0.5 | N90: 1.494 | O90: 46.4 | P90: 52.5 | Q90: 1.1 | R90: 1.529 | S90: 47.4 | T90: 49.4 | U90: 3.2 | V90: 1.3 | W90: 39.4 | X90: 51.7 | Y90: 8.9 | Z90: 1.431 | AA90: 33.5 | AB90: 45.4 | AC90: 21.1 | AD90: 1.36
B91: All occupations | C91: 46.9 | D91: 53.1 | E91: 0 | F91: 2.264 | G91: 49 | H91: 50.6 | I91: 0.4 | J91: 2.041 | K91: 48.2 | L91: 51.1 | M91: 0.7 | N91: 2.389 | O91: 45.2 | P91: 52.5 | Q91: 2.2 | R91: 2.37 | S91: 42.5 | T91: 48.3 | U91: 9.2 | V91: 2.165 | W91: 28.8 | X91: 52.3 | Y91: 18.9 | Z91: 2.483 | AA91: 22.6 | AB91: 41.6 | AC91: 35.8 | AD91: 2.51
B92: Explanatory notes
B93: Note: A dash (-) indicates a true zero figure, with no contracts reported in these categories.
B95: =Index!$C10 & " NT : " & Index!B10 -> Table 3 NT : Contract completion and attrition rates to date in non-trade occupations, for contracts commencing in 2016 to 2022
B97: Occupation (ANZSCO) group | C97: 2016 | G97: 2017 | K97: 2018 | O97: 2019 | S97: 2020 | W97: 2021 | AA97: 2022
C98: Completion rates to date | D98: Attrition rates to date | E98: Continuing or outcome not known | F98: Number of contracts | G98: Completion rates to date | H98: Attrition rates to date | I98: Continuing or outcome not known | J98: Number of contracts | K98: Completion rates to date | L98: Attrition rates to date | M98: Continuing or outcome not known | N98: Number of contracts | O98: Completion rates to date | P98: Attrition rates to date | Q98: Continuing or outcome not known | R98: Number of contracts | S98: Completion rates to date | T98: Attrition rates to date | U98: Continuing or outcome not known | V98: Number of contracts | W98: Completion rates to date | X98: Attrition rates to date | Y98: Continuing or outcome not known | Z98: Number of contracts | AA98: Completion rates to date | AB98: Attrition rates to date | AC98: Continuing or outcome not known | AD98: Number of contracts
C99: % | D99: % | E99: % | F99: ('000) | G99: % | H99: % | I99: % | J99: ('000) | K99: % | L99: % | M99: % | N99: ('000) | O99: % | P99: % | Q99: % | R99: ('000) | S99: % | T99: % | U99: % | V99: ('000) | W99: % | X99: % | Y99: % | Z99: ('000) | AA99: % | AB99: % | AC99: % | AD99: ('000)
B100: Managers | C100: 48.8 | D100: 51.2 | E100: 0 | F100: 0.086 | G100: 65 | H100: 35 | I100: 0 | J100: 0.04 | K100: 25 | L100: 75 | M100: 0 | N100: 0.024 | O100: 50 | P100: 50 | Q100: 0 | R100: 0.04 | S100: 33 | T100: 59 | U100: 8 | V100: 0.106 | W100: 27 | X100: 60.6 | Y100: 12.3 | Z100: 0.037 | AA100: 26 | AB100: 62.7 | AC100: 11.3 | AD100: 0.035
B101: 11 Chief executives, general managers and legislators | C101: - | D101: - | E101: - | F101: - | G101: - | H101: - | I101: - | J101: - | K101: - | L101: - | M101: - | N101: - | O101: - | P101: - | Q101: - | R101: - | S101: 0 | T101: 74.1 | U101: 25.9 | V101: 0.033 | W101: 5.6 | X101: 77.3 | Y101: 17.1 | Z101: 0.018 | AA101: 10.7 | AB101: 61.5 | AC101: 27.8 | AD101: 0.01
B102: 12 Farmers and farm managers | C102: 49.3 | D102: 50.7 | E102: 0 | F102: 0.069 | G102: 63.9 | H102: 36.1 | I102: 0 | J102: 0.036 | K102: 25 | L102: 75 | M102: 0 | N102: 0.02 | O102: 38.5 | P102: 61.5 | Q102: 0 | R102: 0.013 | S102: 53.8 | T102: 46.3 | U102: 0 | V102: 0.039 | W102: 53.3 | X102: 41.2 | Y102: 5.5 | Z102: 0.015 | AA102: 36.4 | AB102: 57.4 | AC102: 6.2 | AD102: 0.022
B103: 13 Specialist managers | C103: 47.1 | D103: 52.9 | E103: 0 | F103: 0.017 | G103: 75 | H103: 25 | I103: 0 | J103: 0.004 | K103: 25 | L103: 75 | M103: 0 | N103: 0.004 | O103: 27.3 | P103: 72.7 | Q103: 0 | R103: 0.011 | S103: 60 | T103: 40 | U103: 0 | V103: 0.01 | W103: 0 | X103: 134.9 | Y103: 0 | Z103: 0.001 | AA103: 0 | AB103: 104.7 | AC103: 0 | AD103: 0.001
B104: 14 Hospitality, retail and service managers | C104: - | D104: - | E104: - | F104: - | G104: - | H104: - | I104: - | J104: - | K104: - | L104: - | M104: - | N104: - | O104: 75 | P104: 25 | Q104: 0 | R104: 0.016 | S104: 33.3 | T104: 66.8 | U104: 0 | V104: 0.024 | W104: 33.3 | X104: 33.3 | Y104: 33.3 | Z104: 0.003 | AA104: 0 | AB104: 106.5 | AC104: 0 | AD104: 0.002
B105: Professionals | C105: 73.2 | D105: 26.8 | E105: 0 | F105: 0.041 | G105: 100 | H105: 0 | I105: 0 | J105: 0.006 | K105: 63.4 | L105: 36.6 | M105: 0 | N105: 0.041 | O105: 90.9 | P105: 9.1 | Q105: 0 | R105: 0.011 | S105: 68.8 | T105: 31.3 | U105: 0 | V105: 0.016 | W105: 36.9 | X105: 56.8 | Y105: 6.3 | Z105: 0.038 | AA105: 32.3 | AB105: 37.3 | AC105: 30.5 | AD105: 0.019
...

Sheet ACT
B1: Completion and attrition rates for apprentices and trainees 2023: data tables - to date
B2: Australian Capital Territory
N3: Back to Index
B4: =Index!$C8 & " ACT : " & Index!B8 -> Table 1 ACT : Individual completion rates to date, based on a recommencement adjustment factor, and contract completion rates to date for trade and non-trade occupations commencing in 2017 to 2019
B6: Occupation (ANZSCO) group | C6: 2017 | F6: 2018 | I6: 2019
C7: Average annual adjustment factor | D7: Contract completion rate | E7: Individual completion rate | F7: Average annual adjustment factor | G7: Contract completion rate | H7: Individual completion rate | I7: Average annual adjustment factor | J7: Contract completion rate | K7: Individual completion rate
C8: Ratio | D8: % | E8: % | F8: Ratio | G8: % | H8: % | I8: Ratio | J8: % | K8: %
B9: Managers | C9: 1 | D9: 63.3 | E9: 63.3 | F9: 1 | G9: 62.6 | H9: 62.6 | I9: 1 | J9: 78.8 | K9: 78.8
B10: 11 Chief executives, general managers and legislators | C10: 1 | D10: 45 | E10: 45 | F10: 1 | G10: 49.3 | H10: 49.3 | I10: 1 | J10: 50.9 | K10: 50.9
B11: 12 Farmers and farm managers | C11: - | D11: - | E11: - | F11: - | G11: - | H11: - | I11: - | J11: - | K11: -
B12: 13 Specialist managers | C12: 1 | D12: 47.1 | E12: 47.1 | F12: 1 | G12: 42.9 | H12: 42.9 | I12: 1 | J12: 33.3 | K12: 33.3
B13: 14 Hospitality, retail and service managers | C13: 1 | D13: 88.2 | E13: 88.2 | F13: 1 | G13: 81.9 | H13: 81.9 | I13: 1 | J13: 88.5 | K13: 88.5
B14: Professionals | C14: 1 | D14: 55.4 | E14: 55.4 | F14: 1 | G14: 68.7 | H14: 68.7 | I14: 1 | J14: 58.3 | K14: 58.3
B15: 21 Arts and media professionals | C15: - | D15: - | E15: - | F15: - | G15: - | H15: - | I15: - | J15: - | K15: -
B16: 22 Business, human resource and marketing professionals | C16: 1 | D16: 0 | E16: 0 | F16: - | G16: - | H16: - | I16: 1 | J16: 100 | K16: 100
B17: 23 Design, engineering, science and transport professionals | C17: - | D17: - | E17: - | F17: - | G17: - | H17: - | I17: - | J17: - | K17: -
B18: 24 Education professionals | C18: 1 | D18: 64.3 | E18: 64.3 | F18: 1 | G18: 70.1 | H18: 70.1 | I18: 1 | J18: 64.2 | K18: 64.2
B19: 25 Health professionals | C19: - | D19: - | E19: - | F19: - | G19: - | H19: - | I19: - | J19: - | K19: -
B20: 26 ICT professionals | C20: 1 | D20: 66.7 | E20: 66.7 | F20: 1 | G20: 77.8 | H20: 77.8 | I20: 1 | J20: 71.4 | K20: 71.4
B21: 27 Legal, social and welfare professionals | C21: 1 | D21: 11.1 | E21: 11.1 | F21: 1 | G21: 0 | H21: 0 | I21: 1 | J21: 0 | K21: 0
B22: Technicians and trades workers | C22: 1 | D22: 37.3 | E22: 37.3 | F22: 1 | G22: 37.5 | H22: 37.5 | I22: 1 | J22: 39.2 | K22: 39.2
B23: 31 Engineering, ICT and science technicians | C23: 1 | D23: 70 | E23: 70 | F23: 1 | G23: 47.6 | H23: 47.6 | I23: 1 | J23: 61.6 | K23: 61.6
B24: 32 Automotive and engineering trades workers | C24: 1 | D24: 38 | E24: 38 | F24: 1 | G24: 34.8 | H24: 34.8 | I24: 1 | J24: 35.7 | K24: 35.7
B25: 33 Construction trades workers | C25: 1 | D25: 35.7 | E25: 35.7 | F25: 1 | G25: 40.6 | H25: 40.6 | I25: 1 | J25: 39.3 | K25: 39.3
B26: 34 Electrotechnology and telecommunications trades workers | C26: 1 | D26: 42.1 | E26: 42.1 | F26: 1 | G26: 45.6 | H26: 45.6 | I26: 1 | J26: 42.5 | K26: 42.5
B27: 35 Food trades workers | C27: 1 | D27: 21.7 | E27: 21.7 | F27: 1 | G27: 22.8 | H27: 22.8 | I27: 1 | J27: 26.3 | K27: 26.3
B28: 36 Skilled animal and horticultural workers | C28: 1 | D28: 33.3 | E28: 33.3 | F28: 1 | G28: 39.4 | H28: 39.4 | I28: 1 | J28: 42.7 | K28: 42.7
B29: 39 Other technicians and trades workers | C29: 1 | D29: 35.9 | E29: 35.9 | F29: 1 | G29: 20.5 | H29: 20.5 | I29: 1 | J29: 33.3 | K29: 33.3
B30: 391 Hairdressers | C30: 1 | D30: 33.2 | E30: 33.2 | F30: 1 | G30: 14.3 | H30: 14.3 | I30: 1 | J30: 27.5 | K30: 27.5
B31: 392 Printing trades workers | C31: - | D31: - | E31: - | F31: - | G31: - | H31: - | I31: - | J31: - | K31: -
B32: 393 Textile, clothing and footwear trades workers | C32: - | D32: - | E32: - | F32: - | G32: - | H32: - | I32: - | J32: - | K32: -
B33: 394 Wood trades workers | C33: 1 | D33: 46.5 | E33: 46.5 | F33: 1 | G33: 34 | H33: 34 | I33: 1 | J33: 43.5 | K33: 43.5
B34: 399 Miscellaneous technicians and trades workers | C34: 1 | D34: 44.4 | E34: 44.4 | F34: 1 | G34: 50 | H34: 50 | I34: 1 | J34: 66.7 | K34: 66.7
B35: Community and personal service workers | C35: 1 | D35: 48.3 | E35: 48.3 | F35: 1 | G35: 47.7 | H35: 47.7 | I35: 1 | J35: 44.5 | K35: 44.5
B36: 41 Health and welfare support workers | C36: 1 | D36: 61.3 | E36: 61.3 | F36: 1 | G36: 53.8 | H36: 53.8 | I36: 1 | J36: 35.8 | K36: 35.8
B37: 42 Carers and aides | C37: 1 | D37: 54.7 | E37: 54.7 | F37: 1 | G37: 52.6 | H37: 52.6 | I37: 1 | J37: 46.7 | K37: 46.7
B38: 43 Hospitality workers | C38: 1 | D38: 35.9 | E38: 35.9 | F38: 1 | G38: 34.6 | H38: 34.6 | I38: 1 | J38: 44.2 | K38: 44.2
B39: 44 Protective service workers | C39: 1 | D39: 93.8 | E39: 93.8 | F39: 1 | G39: 94.4 | H39: 94.4 | I39: 1 | J39: 100 | K39: 100
B40: 45 Sports and personal service workers | C40: 1 | D40: 46.9 | E40: 46.9 | F40: 1 | G40: 53.7 | H40: 53.7 | I40: 1 | J40: 24.1 | K40: 24.1
B41: Clerical and administrative workers | C41: 1 | D41: 57.6 | E41: 57.6 | F41: 1 | G41: 68.6 | H41: 68.6 | I41: 1 | J41: 73.1 | K41: 73.1
B42: 51 Office managers and program administrators | C42: 1 | D42: 53.8 | E42: 53.8 | F42: 1 | G42: 76.7 | H42: 76.7 | I42: 1 | J42: 74.2 | K42: 74.2
